Workbook

Sheet COVER
C3: TheWealthMeta EPF Account Balance Projections
C4: Updated February 2026 by Capitalist Stoic

Sheet Table of Contents
A1: TheWealthMeta EPF Savings Target Projections
A2: Table of contents with clickable links to navigate around the model
B4: COVER
B5: Table of Contents | D5: Menu with clickable links to easily navigate between worksheets
B7: OUTPUTS
B8: Summary | D8: Summary of EPF Projections by age cohorts
B10: CALCULATIONS
B11: EPF forward projections | D11: Calculation of average EPF account balances by age cohorts (only Account 1)
B12: Salary projections | D12: Median monthly salary projections based on DOSM data
B13: RIA projected targets | D13: Estimated future RIA savings targets based on inflation rate increases
B15: DATA PREP
B16: EPF Cohorts | D16: Integration of EPF and DOSM data into common cohort categories
B18: RAW DATA
B19: RIA framework | D19: Charts of key personal finance information
B20: EPF Rates | D20: RIA Savings Targets (Source: https://www.kwsp.gov.my/en/w/epf-releases-belanjawanku-2024/2025-and-retirement-income-adequacy-framework)
B21: EPF Demographics | D21: EPF contribution rates (Source: https://www.kwsp.gov.my/documents/d/guest/6-kwsp24_e-performance)
B22: DOSM Wages Report | D22: Median monthly wages (Source: https://www.dosm.gov.my/uploads/release-content/file_20260127120125.pdf)
B25: Left to do
B26: Final checks / errors
B27: Clean out metadata, lock file contents

Sheet >> OUTPUTS
C3: OUTPUTS
C4: Click here to return to Table of Contents

Sheet Summary
A1: TheWealthMeta EPF Savings Target Projections
A2: Summary of EPF Projections by age cohorts
B4: CONTROL PANEL
B5: Salary increase | F5: =F6+1% -> 0.04 | H5: Assume 1% increase above inflation
B6: Inflation | F6: 0.03 | H6: Inflation is relatively low at ~2% (https://www.dosm.gov.my/portal-main/release-content/consumer-price-index-march-2024), but let's be conservative
B7: EPF returns | F7: =AVERAGE('EPF Rates'!C21:AK21) -> 0.061754286 | H7: Current historical average
B8: EPF contribution < RM5k p.m. salary | F8: =F9+1% -> 0.24 | H8: From EPF Rates Sheet
B9: EPF contribution > RM5k p.m. salary | F9: ='EPF Rates'!AK18 -> 0.23 | H9: From EPF Rates Sheet
B10: EPF Account 1 | F10: ='EPF Rates'!D5 -> 0.75 | H10: From EPF Rates Sheet
B12: COHORT STARTING POINT
B14: Cohort Name | F14: 22 | G14: 27 | H14: 32 | I14: 37 | J14: 42 | K14: 47 | L14: 52
B15: Age range (based on EPF) | F15: ='EPF Demographics'!B6 -> 16-25 | G15: ='EPF Demographics'!B7 -> 26-30 | H15: ='EPF Demographics'!B8 -> 31-35 | I15: ='EPF Demographics'!B9 -> 36-40 | J15: ='EPF Demographics'!B10 -> 41-45 | K15: ='EPF Demographics'!B11 -> 46-50 | L15: ='EPF Demographics'!B12 -> 51-55
B16: Age range (based on DOSM) | F16: ='DOSM Wages Report'!B8 -> 20-24 | G16: ='DOSM Wages Report'!B9 -> 25-29 | H16: ='DOSM Wages Report'!B10 -> 30-34 | I16: ='DOSM Wages Report'!B11 -> 35-39 | J16: ='DOSM Wages Report'!B12 -> 40-44 | K16: ='DOSM Wages Report'!B13 -> 45-49 | L16: ='DOSM Wages Report'!B14 -> 50-54
B17: EPF Members | F17: =_xlfn.XLOOKUP(F15,'EPF Demographics'!$B$5:$B$17,'EPF Demographics'!$E$5:$E$17,,0,) -> 1726917 | G17: =_xlfn.XLOOKUP(G15,'EPF Demographics'!$B$5:$B$17,'EPF Demographics'!$E$5:$E$17,,0,) -> 1620115 | H17: =_xlfn.XLOOKUP(H15,'EPF Demographics'!$B$5:$B$17,'EPF Demographics'!$E$5:$E$17,,0,) -> 1310555 | I17: =_xlfn.XLOOKUP(I15,'EPF Demographics'!$B$5:$B$17,'EPF Demographics'!$E$5:$E$17,,0,) -> 1103616 | J17: =_xlfn.XLOOKUP(J15,'EPF Demographics'!$B$5:$B$17,'EPF Demographics'!$E$5:$E$17,,0,) -> 885250 | K17: =_xlfn.XLOOKUP(K15,'EPF Demographics'!$B$5:$B$17,'EPF Demographics'!$E$5:$E$17,,0,) -> 745783 | L17: =_xlfn.XLOOKUP(L15,'EPF Demographics'!$B$5:$B$17,'EPF Demographics'!$E$5:$E$17,,0,) -> 606168
B18: EPF Savings (Total RM'm) | F18: =_xlfn.XLOOKUP(F15,'EPF Demographics'!$B$5:$B$17,'EPF Demographics'!$H$5:$H$17,,0,)/1000000 -> 16447.278 | G18: =_xlfn.XLOOKUP(G15,'EPF Demographics'!$B$5:$B$17,'EPF Demographics'!$H$5:$H$17,,0,)/1000000 -> 45611.115 | H18: =_xlfn.XLOOKUP(H15,'EPF Demographics'!$B$5:$B$17,'EPF Demographics'!$H$5:$H$17,,0,)/1000000 -> 80224.051 | I18: =_xlfn.XLOOKUP(I15,'EPF Demographics'!$B$5:$B$17,'EPF Demographics'!$H$5:$H$17,,0,)/1000000 -> 124692.93 | J18: =_xlfn.XLOOKUP(J15,'EPF Demographics'!$B$5:$B$17,'EPF Demographics'!$H$5:$H$17,,0,)/1000000 -> 154194.13 | K18: =_xlfn.XLOOKUP(K15,'EPF Demographics'!$B$5:$B$17,'EPF Demographics'!$H$5:$H$17,,0,)/1000000 -> 179367.76 | L18: =_xlfn.XLOOKUP(L15,'EPF Demographics'!$B$5:$B$17,'EPF Demographics'!$H$5:$H$17,,0,)/1000000 -> 168119.36
B19: EPF Savings per Member (RM) | F19: =F18/F17*1000000 -> 9524.07 | G19: =G18/G17*1000000 -> 28153.011 | H19: =H18/H17*1000000 -> 61213.799 | I19: =I18/I17*1000000 -> 112985.79 | J19: =J18/J17*1000000 -> 174181.45 | K19: =K18/K17*1000000 -> 240509.32 | L19: =L18/L17*1000000 -> 277347.8
B20: Years to age 54 | F20: =54-F14 -> 32 | G20: =54-G14 -> 27 | H20: =54-H14 -> 22 | I20: =54-I14 -> 17 | J20: =54-J14 -> 12 | K20: =54-K14 -> 7 | L20: =54-L14 -> 2
B21: Years to age 60 | F21: =60-F14 -> 38 | G21: =60-G14 -> 33 | H21: =60-H14 -> 28 | I21: =60-I14 -> 23 | J21: =60-J14 -> 18 | K21: =60-K14 -> 13 | L21: =60-L14 -> 8
B23: COHORT FINAL STATES AT AGE 54 & 60
B25: EPF Balances when cohort reaches age 55
B26: Projected Balance at 55 | F26: =_xlfn.XLOOKUP(54,'EPF forward projections'!$D92:$AP92,'EPF forward projections'!$D100:$AP100,,0,) -> 1274195.8 | G26: =_xlfn.XLOOKUP(54,'EPF forward projections'!$D79:$AP79,'EPF forward projections'!$D87:$AP87,,0,) -> 1006080.1 | H26: =_xlfn.XLOOKUP(54,'EPF forward projections'!$D66:$AP66,'EPF forward projections'!$D74:$AP74,,0,) -> 817598.98 | I26: =_xlfn.XLOOKUP(54,'EPF forward projections'!$D53:$AP53,'EPF forward projections'!$D61:$AP61,,0,) -> 693945.3 | J26: =_xlfn.XLOOKUP(54,'EPF forward projections'!$D40:$AP40,'EPF forward projections'!$D48:$AP48,,0,) -> 585665.09 | K26: =_xlfn.XLOOKUP(54,'EPF forward projections'!$D27:$AP27,'EPF forward projections'!$D35:$AP35,,0,) -> 488633.04 | L26: =_xlfn.XLOOKUP(54,'EPF forward projections'!$D14:$AP14,'EPF forward projections'!$D22:$AP22,,0,) -> 360667.61
B27: RIA Basic Savings target (inflation adjusted) | F27: =_xlfn.XLOOKUP(54,'EPF forward projections'!$D92:$AP92,'EPF forward projections'!$D101:$AP101,,0,) -> 615297.05 | G27: =_xlfn.XLOOKUP(54,'EPF forward projections'!$D79:$AP79,'EPF forward projections'!$D88:$AP88,,0,) -> 530760.64 | H27: =_xlfn.XLOOKUP(54,'EPF forward projections'!$D66:$AP66,'EPF forward projections'!$D75:$AP75,,0,) -> 457838.79 | I27: =_xlfn.XLOOKUP(54,'EPF forward projections'!$D53:$AP53,'EPF forward projections'!$D62:$AP62,,0,) -> 394935.77 | J27: =_xlfn.XLOOKUP(54,'EPF forward projections'!$D40:$AP40,'EPF forward projections'!$D49:$AP49,,0,) -> 340675.06 | K27: =_xlfn.XLOOKUP(54,'EPF forward projections'!$D27:$AP27,'EPF forward projections'!$D36:$AP36,,0,) -> 293869.3 | L27: =_xlfn.XLOOKUP(54,'EPF forward projections'!$D14:$AP14,'EPF forward projections'!$D23:$AP23,,0,) -> -
B28: Above / Below savings rate | F28: =IFERROR(F26-F27,"-") -> 658898.73 | G28: =IFERROR(G26-G27,"-") -> 475319.48 | H28: =IFERROR(H26-H27,"-") -> 359760.18 | I28: =IFERROR(I26-I27,"-") -> 299009.54 | J28: =IFERROR(J26-J27,"-") -> 244990.03 | K28: =IFERROR(K26-K27,"-") -> 194763.74 | L28: =IFERROR(L26-L27,"-") -> -
B29: RIA Adequate Savings target (inflation adjusted) | F29: =_xlfn.XLOOKUP(54,'EPF forward projections'!$D92:$AP92,'EPF forward projections'!$D102:$AP102,,0,) -> 990694.9 | G29: =_xlfn.XLOOKUP(54,'EPF forward projections'!$D79:$AP79,'EPF forward projections'!$D89:$AP89,,0,) -> 854582.12 | H29: =_xlfn.XLOOKUP(54,'EPF forward projections'!$D66:$AP66,'EPF forward projections'!$D76:$AP76,,0,) -> 737170.04 | I29: =_xlfn.XLOOKUP(54,'EPF forward projections'!$D53:$AP53,'EPF forward projections'!$D63:$AP63,,0,) -> 635889.36 | J29: =_xlfn.XLOOKUP(54,'EPF forward projections'!$D40:$AP40,'EPF forward projections'!$D50:$AP50,,0,) -> 548523.74 | K29: =_xlfn.XLOOKUP(54,'EPF forward projections'!$D27:$AP27,'EPF forward projections'!$D37:$AP37,,0,) -> 473161.4 | L29: =_xlfn.XLOOKUP(54,'EPF forward projections'!$D14:$AP14,'EPF forward projections'!$D24:$AP24,,0,) -> -
B30: Above / Below savings rate | F30: =IFERROR(F26-F29,"-") -> 283500.89 | G30: =IFERROR(G26-G29,"-") -> 151498.01 | H30: =IFERROR(H26-H29,"-") -> 80428.934 | I30: =IFERROR(I26-I29,"-") -> 58055.948 | J30: =IFERROR(J26-J29,"-") -> 37141.345 | K30: =IFERROR(K26-K29,"-") -> 15471.642 | L30: =IFERROR(L26-L29,"-") -> -
B32: EPF Balances when cohort reaches age 60
B33: Projected Balance at 60 | F33: =_xlfn.XLOOKUP(60,'EPF forward projections'!$D92:$AP92,'EPF forward projections'!$D100:$AP100,,0,) -> 2044334.5 | G33: =_xlfn.XLOOKUP(60,'EPF forward projections'!$D79:$AP79,'EPF forward projections'!$D87:$AP87,,0,) -> 1621245.4 | H33: =_xlfn.XLOOKUP(60,'EPF forward projections'!$D66:$AP66,'EPF forward projections'!$D74:$AP74,,0,) -> 1319185.2 | I33: =_xlfn.XLOOKUP(60,'EPF forward projections'!$D53:$AP53,'EPF forward projections'!$D61:$AP61,,0,) -> 1115704.6 | J33: =_xlfn.XLOOKUP(60,'EPF forward projections'!$D40:$AP40,'EPF forward projections'!$D48:$AP48,,0,) -> 938937.05 | K33: =_xlfn.XLOOKUP(60,'EPF forward projections'!$D27:$AP27,'EPF forward projections'!$D35:$AP35,,0,) -> 782137.56 | L33: =_xlfn.XLOOKUP(60,'EPF forward projections'!$D14:$AP14,'EPF forward projections'!$D22:$AP22,,0,) -> 587121.61
B34: RIA Basic Savings target (inflation adjusted) | F34: =_xlfn.XLOOKUP(60,'EPF forward projections'!$D92:$AP92,'EPF forward projections'!$D101:$AP101,,0,) -> 1034410.7 | G34: =_xlfn.XLOOKUP(60,'EPF forward projections'!$D79:$AP79,'EPF forward projections'!$D88:$AP88,,0,) -> 892291.79 | H34: =_xlfn.XLOOKUP(60,'EPF forward projections'!$D66:$AP66,'EPF forward projections'!$D75:$AP75,,0,) -> 769698.74 | I34: =_xlfn.XLOOKUP(60,'EPF forward projections'!$D53:$AP53,'EPF forward projections'!$D62:$AP62,,0,) -> 663948.89 | J34: =_xlfn.XLOOKUP(60,'EPF forward projections'!$D40:$AP40,'EPF forward projections'!$D49:$AP49,,0,) -> 572728.15 | K34: =_xlfn.XLOOKUP(60,'EPF forward projections'!$D27:$AP27,'EPF forward projections'!$D36:$AP36,,0,) -> 494040.33 | L34: =_xlfn.XLOOKUP(60,'EPF forward projections'!$D14:$AP14,'EPF forward projections'!$D23:$AP23,,0,) -> 426163.53
B35: Above / Below savings rate | F35: =IFERROR(F33-F34,"-") -> 1009923.8 | G35: =IFERROR(G33-G34,"-") -> 728953.63 | H35: =IFERROR(H33-H34,"-") -> 549486.45 | I35: =IFERROR(I33-I34,"-") -> 451755.71 | J35: =IFERROR(J33-J34,"-") -> 366208.91 | K35: =IFERROR(K33-K34,"-") -> 288097.23 | L35: =IFERROR(L33-L34,"-") -> 160958.08
B36: RIA Adequate Savings target (inflation adjusted) | F36: =_xlfn.XLOOKUP(60,'EPF forward projections'!$D92:$AP92,'EPF forward projections'!$D102:$AP102,,0,) -> 1724017.9 | G36: =_xlfn.XLOOKUP(60,'EPF forward projections'!$D79:$AP79,'EPF forward projections'!$D89:$AP89,,0,) -> 1487153 | H36: =_xlfn.XLOOKUP(60,'EPF forward projections'!$D66:$AP66,'EPF forward projections'!$D76:$AP76,,0,) -> 1282831.2 | I36: =_xlfn.XLOOKUP(60,'EPF forward projections'!$D53:$AP53,'EPF forward projections'!$D63:$AP63,,0,) -> 1106581.5 | J36: =_xlfn.XLOOKUP(60,'EPF forward projections'!$D40:$AP40,'EPF forward projections'!$D50:$AP50,,0,) -> 954546.91 | K36: =_xlfn.XLOOKUP(60,'EPF forward projections'!$D27:$AP27,'EPF forward projections'!$D37:$AP37,,0,) -> 823400.55 | L36: =_xlfn.XLOOKUP(60,'EPF forward projections'!$D14:$AP14,'EPF forward projections'!$D24:$AP24,,0,) -> 710272.55
B37: Above / Below savings rate | F37: =IFERROR(F33-F36,"-") -> 320316.63 | G37: =IFERROR(G33-G36,"-") -> 134092.43 | H37: =IFERROR(H33-H36,"-") -> 36353.954 | I37: =IFERROR(I33-I36,"-") -> 9123.1168 | J37: =IFERROR(J33-J36,"-") -> -15609.859 | K37: =IFERROR(K33-K36,"-") -> -41262.991 | L37: =IFERROR(L33-L36,"-") -> -123150.94
B39: SENSITIVTY ANALYSIS - DIFFERENCE BETWEEN EPF BALANCE AND BASIC SAVINGS AT 60 | N39: SENSITIVTY ANALYSIS - DIFFERENCE BETWEEN EPF BALANCE AND ADEQUATE SAVINGS AT 60
B41: COHORT AGE 52 | D41: EPF returns | N41: COHORT AGE 52 | P41: EPF returns
C42: =L35 -> 160958.08 | D42: =E42-0.005 -> 0.04 | E42: =F42-0.005 -> 0.045 | F42: =G42-0.005 -> 0.05 | G42: 0.055 | H42: =G42+0.005 -> 0.06 | I42: =H42+0.005 -> 0.065 | J42: =I42+0.005 -> 0.07 | K42: =J42+0.005 -> 0.075 | L42: =K42+0.005 -> 0.08 | O42: =L37 -> -123150.94 | P42: =Q42-0.005 -> 0.04 | Q42: =R42-0.005 -> 0.045 | R42: =S42-0.005 -> 0.05 | S42: 0.055 | T42: =S42+0.005 -> 0.06 | U42: =T42+0.005 -> 0.065 | V42: =U42+0.005 -> 0.07 | W42: =V42+0.005 -> 0.075 | X42: =W42+0.005 -> 0.08
C43: =C44-1% -> 0.21 | D43: 61385.983 | E43: 80878.47 | F43: 101102.03 | G43: 122080.99 | H43: 143840.38 | I43: 166405.95 | J43: 189804.17 | K43: 214062.25 | L43: 239208.19 | O43: =O44-1% -> 0.21 | P43: -222723.04 | Q43: -203230.55 | R43: -183006.99 | S43: -162028.03 | T43: -140268.64 | U43: -117703.07 | V43: -94304.849 | W43: -70046.766 | X43: -44900.832
C44: =C45-1% -> 0.22 | D44: 65604.033 | E44: 85191.051 | F44: 105511.49 | G44: 126589.73 | H44: 148450.87 | I44: 171120.7 | J44: 194625.77 | K44: 218993.34 | L44: 244251.47 | O44: =O45-1% -> 0.22 | P44: -218504.99 | Q44: -198917.97 | R44: -178597.53 | S44: -157519.29 | T44: -135658.15 | U44: -112988.32 | V44: -89483.255 | W44: -65115.682 | X44: -39857.551
C45: 0.23 | D45: 69822.084 | E45: 89503.632 | F45: 109920.94 | G45: 131098.47 | H45: 153061.35 | I45: 175835.45 | J45: 199447.36 | K45: 223924.42 | L45: 249294.75 | O45: 0.23 | P45: -214286.94 | Q45: -194605.39 | R45: -174188.08 | S45: -153010.55 | T45: -131047.67 | U45: -108273.57 | V45: -84661.66 | W45: -60184.597 | X45: -34814.27
B46: Contribution | C46: =C45+1% -> 0.24 | D46: 74040.134 | E46: 93816.213 | F46: 114330.4 | G46: 135607.21 | H46: 157671.83 | I46: 180550.2 | J46: 204268.95 | K46: 228855.51 | L46: 254338.03 | N46: Contribution | O46: =O45+1% -> 0.24 | P46: -210068.89 | Q46: -190292.81 | R46: -169778.62 | S46: -148501.81 | T46: -126437.19 | U46: -103558.82 | V46: -79840.066 | W46: -55253.513 | X46: -29770.99
B47: rate | C47: =C46+1% -> 0.25 | D47: 78258.185 | E47: 98128.794 | F47: 118739.86 | G47: 140115.95 | H47: 162282.32 | I47: 185264.95 | J47: 209090.55 | K47: 233786.59 | L47: 259381.31 | N47: rate | O47: =O46+1% -> 0.25 | P47: -205850.84 | Q47: -185980.23 | R47: -165369.16 | S47: -143993.07 | T47: -121826.7 | U47: -98844.073 | V47: -75018.471 | W47: -50322.428 | X47: -24727.709
B48: >RM5k p.m. | C48: =C47+1% -> 0.26 | D48: 82476.235 | E48: 102441.37 | F48: 123149.32 | G48: 144624.69 | H48: 166892.8 | I48: 189979.7 | J48: 213912.14 | K48: 238717.68 | L48: 264424.59 | N48: >RM5k p.m. | O48: =O47+1% -> 0.26 | P48: -201632.78 | Q48: -181667.65 | R48: -160959.7 | S48: -139484.33 | T48: -117216.22 | U48: -94129.325 | V48: -70196.876 | W48: -45391.344 | X48: -19684.428
C49: =C48+1% -> 0.27 | D49: 86694.286 | E49: 106753.96 | F49: 127558.78 | G49: 149133.43 | H49: 171503.29 | I49: 194694.44 | J49: 218733.74 | K49: 243648.76 | L49: 269467.87 | O49: =O48+1% -> 0.27 | P49: -197414.73 | Q49: -177355.06 | R49: -156550.24 | S49: -134975.59 | T49: -112605.73 | U49: -89414.577 | V49: -65375.282 | W49: -40460.259 | X49: -14641.147
C50: =C49+1% -> 0.28 | D50: 90912.336 | E50: 111066.54 | F50: 131968.24 | G50: 153642.17 | H50: 176113.77 | I50: 199409.19 | J50: 223555.33 | K50: 248579.85 | L50: 274511.15 | O50: =O49+1% -> 0.28 | P50: -193196.68 | Q50: -173042.48 | R50: -152140.78 | S50: -130466.85 | T50: -107995.25 | U50: -84699.828 | V50: -60553.687 | W50: -35529.175 | X50: -9597.8658
C51: =C50+1% -> 0.29 | D51: 95130.387 | E51: 115379.12 | F51: 136377.7 | G51: 158150.91 | H51: 180724.25 | I51: 204123.94 | J51: 228376.93 | K51: 253510.93 | L51: 279554.44 | O51: =O50+1% -> 0.29 | P51: -188978.63 | Q51: -168729.9 | R51: -147731.32 | S51: -125958.11 | T51: -103384.77 | U51: -79985.08 | V51: -55732.093 | W51: -30598.091 | X51: -4554.5848
B53: COHORT AGE 47 | D53: EPF returns | N53: COHORT AGE 47 | P53: EPF returns
C54: =K35 -> 288097.23 | D54: =E54-0.005 -> 0.04 | E54: =F54-0.005 -> 0.045 | F54: =G54-0.005 -> 0.05 | G54: 0.055 | H54: =G54+0.005 -> 0.06 | I54: =H54+0.005 -> 0.065 | J54: =I54+0.005 -> 0.07 | K54: =J54+0.005 -> 0.075 | L54: =K54+0.005 -> 0.08 | O54: =K37 -> -41262.991 | P54: =Q54-0.005 -> 0.04 | Q54: =R54-0.005 -> 0.045 | R54: =S54-0.005 -> 0.05 | S54: 0.055 | T54: =S54+0.005 -> 0.06 | U54: =T54+0.005 -> 0.065 | V54: =U54+0.005 -> 0.07 | W54: =V54+0.005 -> 0.075 | X54: =W54+0.005 -> 0.08
C55: =C56-1% -> 0.21 | D55: 99390.092 | E55: 134643.65 | F55: 172018.78 | G55: 211636.3 | H55: 253623.41 | I55: 298113.94 | J55: 345248.73 | K55: 395175.92 | L55: 448051.3 | O55: =O56-1% -> 0.21 | P55: -229970.13 | Q55: -194716.57 | R55: -157341.45 | S55: -117723.92 | T55: -75736.811 | U55: -31246.277 | V55: 15888.512 | W55: 65815.697 | X55: 118691.08
C56: =C57-1% -> 0.22 | D56: 107611.95 | E56: 143156.23 | F56: 180834.2 | G56: 220767.2 | H56: 263082.95 | I56: 307915.87 | J56: 355407.37 | K56: 405706.19 | L56: 458968.78 | O56: =O57-1% -> 0.22 | P56: -221748.27 | Q56: -186203.99 | R56: -148526.02 | S56: -108593.02 | T56: -66277.268 | U56: -21444.349 | V56: 26047.147 | W56: 76345.972 | X56: 129608.56
C57: 0.23 | D57: 115833.81 | E57: 151668.81 | F57: 189649.62 | G57: 229898.1 | H57: 272542.5 | I57: 317717.8 | J57: 365566 | K57: 416236.47 | L57: 469886.27 | O57: 0.23 | P57: -213526.41 | Q57: -177691.41 | R57: -139710.6 | S57: -99462.126 | T57: -56817.724 | U57: -11642.422 | V57: 36205.781 | W57: 86876.247 | X57: 140526.05
B58: Contribution | C58: =C57+1% -> 0.24 | D58: 124055.67 | E58: 160181.4 | F58: 198465.05 | G58: 239028.99 | H58: 282002.04 | I58: 327519.73 | J58: 375724.64 | K58: 426766.74 | L58: 480803.75 | N58: Contribution | O58: =O57+1% -> 0.24 | P58: -205304.56 | Q58: -169178.82 | R58: -130895.18 | S58: -90331.229 | T58: -47358.18 | U58: -1840.4943 | V58: 46364.416 | W58: 97406.522 | X58: 151443.53
B59: rate | C59: =C58+1% -> 0.25 | D59: 132277.52 | E59: 168693.98 | F59: 207280.47 | G59: 248159.89 | H59: 291461.58 | I59: 337321.65 | J59: 385883.27 | K59: 437297.02 | L59: 491721.24 | N59: rate | O59: =O58+1% -> 0.25 | P59: -197082.7 | Q59: -160666.24 | R59: -122079.75 | S59: -81200.332 | T59: -37898.637 | U59: 7961.4333 | V59: 56523.05 | W59: 107936.8 | X59: 162361.01
B60: >RM5k p.m. | C60: =C59+1% -> 0.26 | D60: 140499.38 | E60: 177206.56 | F60: 216095.89 | G60: 257290.79 | H60: 300921.13 | I60: 347123.58 | J60: 396041.91 | K60: 447827.29 | L60: 502638.72 | N60: >RM5k p.m. | O60: =O59+1% -> 0.26 | P60: -188860.84 | Q60: -152153.66 | R60: -113264.33 | S60: -72069.436 | T60: -28439.093 | U60: 17763.361 | V60: 66681.685 | W60: 118467.07 | X60: 173278.5
C61: =C60+1% -> 0.27 | D61: 148721.24 | E61: 185719.15 | F61: 224911.32 | G61: 266421.68 | H61: 310380.67 | I61: 356925.51 | J61: 406200.54 | K61: 458357.57 | L61: 513556.21 | O61: =O60+1% -> 0.27 | P61: -180638.98 | Q61: -143641.07 | R61: -104448.9 | S61: -62938.539 | T61: -18979.549 | U61: 27565.288 | V61: 76840.319 | W61: 128997.35 | X61: 184195.98
C62: =C61+1% -> 0.28 | D62: 156943.1 | E62: 194231.73 | F62: 233726.74 | G62: 275552.58 | H62: 319840.22 | I62: 366727.44 | J62: 416359.17 | K62: 468887.84 | L62: 524473.69 | O62: =O61+1% -> 0.28 | P62: -172417.12 | Q62: -135128.49 | R62: -95633.481 | S62: -53807.642 | T62: -9520.0055 | U62: 37367.216 | V62: 86998.954 | W62: 139527.62 | X62: 195113.47
C63: =C62+1% -> 0.29 | D63: 165164.95 | E63: 202744.32 | F63: 242542.16 | G63: 284683.48 | H63: 329299.76 | I63: 376529.36 | J63: 426517.81 | K63: 479418.12 | L63: 535391.17 | O63: =O62+1% -> 0.29 | P63: -164195.27 | Q63: -126615.91 | R63: -86818.058 | S63: -44676.745 | T63: -60.461756 | U63: 47169.144 | V63: 97157.588 | W63: 150057.9 | X63: 206030.95
B65: COHORT AGE 42 | D65: EPF returns | N65: COHORT AGE 42 | P65: EPF returns
C66: =J35 -> 366208.91 | D66: =E66-0.005 -> 0.04 | E66: =F66-0.005 -> 0.045 | F66: =G66-0.005 -> 0.05 | G66: 0.055 | H66: =G66+0.005 -> 0.06 | I66: =H66+0.005 -> 0.065 | J66: =I66+0.005 -> 0.07 | K66: =J66+0.005 -> 0.075 | L66: =K66+0.005 -> 0.08 | O66: =J37 -> -15609.859 | P66: =Q66-0.005 -> 0.04 | Q66: =R66-0.005 -> 0.045 | R66: =S66-0.005 -> 0.05 | S66: 0.055 | T66: =S66+0.005 -> 0.06 | U66: =T66+0.005 -> 0.065 | V66: =U66+0.005 -> 0.07 | W66: =V66+0.005 -> 0.075 | X66: =W66+0.005 -> 0.08
C67: =C68-1% -> 0.21 | D67: 87063.093 | E67: 136320.15 | F67: 189565.59 | G67: 247117.61 | H67: 309318.69 | I67: 376537.32 | J67: 449169.92 | K67: 527642.79 | L67: 612414.22 | O67: =O68-1% -> 0.21 | P67: -294755.67 | Q67: -245498.62 | R67: -192253.17 | S67: -134701.15 | T67: -72500.079 | U67: -5281.4439 | V67: 67351.159 | W67: 145824.02 | X67: 230595.46
C68: =C69-1% -> 0.22 | D68: 100827.65 | E68: 150748.27 | F68: 204696.1 | G68: 262991.73 | H68: 325980.16 | I68: 394032.62 | J68: 467548.36 | K68: 546956.72 | L68: 632719.23 | O68: =O69-1% -> 0.22 | P68: -280991.11 | Q68: -231070.49 | R68: -177122.66 | S68: -118827.04 | T68: -55838.602 | U68: 12213.853 | V68: 85729.594 | W68: 165137.95 | X68: 250900.46
C69: 0.23 | D69: 114592.21 | E69: 165176.39 | F69: 219826.61 | G69: 278865.84 | H69: 342641.64 | I69: 411527.92 | J69: 485926.8 | K69: 566270.65 | L69: 653024.23 | O69: 0.23 | P69: -267226.55 | Q69: -216642.37 | R69: -161992.16 | S69: -102952.93 | T69: -39177.125 | U69: 29709.15 | V69: 104108.03 | W69: 184451.88 | X69: 271205.47
B70: Contribution | C70: =C69+1% -> 0.24 | D70: 128356.77 | E70: 179604.52 | F70: 234957.12 | G70: 294739.95 | H70: 359303.12 | I70: 429023.21 | J70: 504305.23 | K70: 585584.58 | L70: 673329.23 | N70: Contribution | O70: =O69+1% -> 0.24 | P70: -253461.99 | Q70: -202214.25 | R70: -146861.65 | S70: -87078.814 | T70: -22515.648 | U70: 47204.447 | V70: 122486.46 | W70: 203765.81 | X70: 291510.47
B71: rate | C71: =C70+1% -> 0.25 | D71: 142121.34 | E71: 194032.64 | F71: 250087.63 | G71: 310614.07 | H71: 375964.59 | I71: 446518.51 | J71: 522683.67 | K71: 604898.51 | L71: 693634.24 | N71: rate | O71: =O70+1% -> 0.25 | P71: -239697.43 | Q71: -187786.13 | R71: -131731.14 | S71: -71204.7 | T71: -5854.1715 | U71: 64699.744 | V71: 140864.9 | W71: 223079.74 | X71: 311815.47
B72: >RM5k p.m. | C72: =C71+1% -> 0.26 | D72: 155885.9 | E72: 208460.76 | F72: 265218.14 | G72: 326488.18 | H72: 392626.07 | I72: 464013.81 | J72: 541062.1 | K72: 624212.44 | L72: 713939.24 | N72: >RM5k p.m. | O72: =O71+1% -> 0.26 | P72: -225932.87 | Q72: -173358 | R72: -116600.63 | S72: -55330.587 | T72: 10807.306 | U72: 82195.041 | V72: 159243.34 | W72: 242393.67 | X72: 332120.48
C73: =C72+1% -> 0.27 | D73: 169650.46 | E73: 222888.88 | F73: 280348.64 | G73: 342362.29 | H73: 409287.55 | I73: 481509.1 | J73: 559440.54 | K73: 643526.37 | L73: 734244.25 | O73: =O72+1% -> 0.27 | P73: -212168.31 | Q73: -158929.88 | R73: -101470.12 | S73: -39456.474 | T73: 27468.783 | U73: 99690.338 | V73: 177621.77 | W73: 261707.6 | X73: 352425.48
C74: =C73+1% -> 0.28 | D74: 183415.02 | E74: 237317.01 | F74: 295479.15 | G74: 358236.4 | H74: 425949.02 | I74: 499004.4 | J74: 577818.97 | K74: 662840.3 | L74: 754549.25 | O74: =O73+1% -> 0.28 | P74: -198403.75 | Q74: -144501.76 | R74: -86339.612 | S74: -23582.361 | T74: 44130.259 | U74: 117185.63 | V74: 196000.21 | W74: 281021.53 | X74: 372730.48
C75: =C74+1% -> 0.29 | D75: 197179.58 | E75: 251745.13 | F75: 310609.66 | G75: 374110.52 | H75: 442610.5 | I75: 516499.7 | J75: 596197.41 | K75: 682154.23 | L75: 774854.25 | O75: =O74+1% -> 0.29 | P75: -184639.19 | Q75: -130073.64 | R75: -71209.104 | S75: -7708.2474 | T75: 60791.736 | U75: 134680.93 | V75: 214378.64 | W75: 300335.46 | X75: 393035.49
B77: COHORT AGE 37 | D77: EPF returns | N77: COHORT AGE 37 | P77: EPF returns
C78: =I35 -> 451755.71 | D78: =E78-0.005 -> 0.04 | E78: =F78-0.005 -> 0.045 | F78: =G78-0.005 -> 0.05 | G78: 0.055 | H78: =G78+0.005 -> 0.06 | I78: =H78+0.005 -> 0.065 | J78: =I78+0.005 -> 0.07 | K78: =J78+0.005 -> 0.075 | L78: =K78+0.005 -> 0.08 | O78: =I37 -> 9123.1168 | P78: =Q78-0.005 -> 0.04 | Q78: =R78-0.005 -> 0.045 | R78: =S78-0.005 -> 0.05 | S78: 0.055 | T78: =S78+0.005 -> 0.06 | U78: =T78+0.005 -> 0.065 | V78: =U78+0.005 -> 0.07 | W78: =V78+0.005 -> 0.075 | X78: =W78+0.005 -> 0.08
C79: =C80-1% -> 0.21 | D79: 74626.302 | E79: 137460.4 | F79: 206487.91 | G79: 282332.63 | H79: 365680.03 | I79: 457283.16 | J79: 557969.12 | K79: 668646 | L79: 790310.59 | O79: =O80-1% -> 0.21 | P79: -368006.29 | Q79: -305172.2 | R79: -236144.68 | S79: -160299.97 | T79: -76952.571 | U79: 14650.566 | V79: 115336.52 | W79: 226013.4 | X79: 347678
C80: =C81-1% -> 0.22 | D80: 95753.55 | E80: 159870.63 | F80: 230277.64 | G80: 307606.14 | H80: 392550.01 | I80: 485871.43 | J80: 588407.29 | K80: 701076.36 | L80: 824886.92 | O80: =O81-1% -> 0.22 | P80: -346879.05 | Q80: -282761.97 | R80: -212354.96 | S80: -135026.46 | T80: -50082.582 | U80: 43238.831 | V80: 145774.7 | W80: 258443.76 | X80: 382254.32
C81: 0.23 | D81: 116880.8 | E81: 182280.86 | F81: 254067.36 | G81: 332879.65 | H81: 419420 | I81: 514459.69 | J81: 618845.47 | K81: 733506.72 | L81: 859463.25 | O81: 0.23 | P81: -325751.8 | Q81: -260351.74 | R81: -188565.23 | S81: -109752.95 | T81: -23212.593 | U81: 71827.096 | V81: 176212.87 | W81: 290874.12 | X81: 416830.65
B82: Contribution | C82: =C81+1% -> 0.24 | D82: 138008.05 | E82: 204691.09 | F82: 277857.09 | G82: 358153.15 | H82: 446289.99 | I82: 543047.96 | J82: 649283.64 | K82: 765937.08 | L82: 894039.57 | N82: Contribution | O82: =O81+1% -> 0.24 | P82: -304624.55 | Q82: -237941.51 | R82: -164775.51 | S82: -84479.442 | T82: 3657.3963 | U82: 100415.36 | V82: 206651.05 | W82: 323304.48 | X82: 451406.98
B83: rate | C83: =C82+1% -> 0.25 | D83: 159135.29 | E83: 227101.32 | F83: 301646.81 | G83: 383426.66 | H83: 473159.98 | I83: 571636.22 | J83: 679721.82 | K83: 798367.44 | L83: 928615.9 | N83: rate | O83: =O82+1% -> 0.25 | P83: -283497.3 | Q83: -215531.28 | R83: -140985.78 | S83: -59205.934 | T83: 30527.385 | U83: 129003.63 | V83: 237089.22 | W83: 355734.84 | X83: 485983.3
B84: >RM5k p.m. | C84: =C83+1% -> 0.26 | D84: 180262.54 | E84: 249511.55 | F84: 325436.54 | G84: 408700.17 | H84: 500029.97 | I84: 600224.49 | J84: 710159.99 | K84: 830797.8 | L84: 963192.22 | N84: >RM5k p.m. | O84: =O83+1% -> 0.26 | P84: -262370.05 | Q84: -193121.05 | R84: -117196.06 | S84: -33932.426 | T84: 57397.374 | U84: 157591.89 | V84: 267527.4 | W84: 388165.2 | X84: 520559.63
C85: =C84+1% -> 0.27 | D85: 201389.79 | E85: 271921.78 | F85: 349226.26 | G85: 433973.68 | H85: 526899.96 | I85: 628812.75 | J85: 740598.17 | K85: 863228.16 | L85: 997768.55 | O85: =O84+1% -> 0.27 | P85: -241242.8 | Q85: -170710.82 | R85: -93406.332 | S85: -8658.9175 | T85: 84267.364 | U85: 186180.16 | V85: 297965.57 | W85: 420595.56 | X85: 555135.96
C86: =C85+1% -> 0.28 | D86: 222517.04 | E86: 294332.01 | F86: 373015.99 | G86: 459247.19 | H86: 553769.95 | I86: 657401.02 | J86: 771036.34 | K86: 895658.52 | L86: 1032344.9 | O86: =O85+1% -> 0.28 | P86: -220115.56 | Q86: -148300.59 | R86: -69616.607 | S86: 16614.591 | T86: 111137.35 | U86: 214768.42 | V86: 328403.75 | W86: 453025.92 | X86: 589712.28
C87: =C86+1% -> 0.29 | D87: 243644.29 | E87: 316742.24 | F87: 396805.71 | G87: 484520.69 | H87: 580639.94 | I87: 685989.28 | J87: 801474.52 | K87: 928088.88 | L87: 1066921.2 | O87: =O86+1% -> 0.29 | P87: -198988.31 | Q87: -125890.36 | R87: -45826.882 | S87: 41888.099 | T87: 138007.34 | U87: 243356.69 | V87: 358841.92 | W87: 485456.28 | X87: 624288.61
B89: COHORT AGE 32 | D89: EPF returns | N89: COHORT AGE 32 | P89: EPF returns
C90: =H35 -> 549486.45 | D90: =E90-0.005 -> 0.04 | E90: =F90-0.005 -> 0.045 | F90: =G90-0.005 -> 0.05 | G90: 0.055 | H90: =G90+0.005 -> 0.06 | I90: =H90+0.005 -> 0.065 | J90: =I90+0.005 -> 0.07 | K90: =J90+0.005 -> 0.075 | L90: =K90+0.005 -> 0.08 | O90: =H37 -> 36353.954 | P90: =Q90-0.005 -> 0.04 | Q90: =R90-0.005 -> 0.045 | R90: =S90-0.005 -> 0.05 | S90: 0.055 | T90: =S90+0.005 -> 0.06 | U90: =T90+0.005 -> 0.065 | V90: =U90+0.005 -> 0.07 | W90: =V90+0.005 -> 0.075 | X90: =W90+0.005 -> 0.08
C91: =C92-1% -> 0.21 | D91: 68787.117 | E91: 144599.83 | F91: 228848.84 | G91: 322529.39 | H91: 426755.09 | I91: 542771.67 | J91: 671972.47 | K91: 815915.61 | L91: 976343.1 | O91: =O92-1% -> 0.21 | P91: -444345.38 | Q91: -368532.66 | R91: -284283.66 | S91: -190603.1 | T91: -86377.403 | U91: 29639.176 | V91: 158839.98 | W91: 302783.11 | X91: 463210.61
C92: =C93-1% -> 0.22 | D92: 99295.742 | E92: 177319.42 | F92: 263981.32 | G92: 360296.73 | H92: 467401.27 | I92: 586564.97 | J92: 719207.92 | K92: 866917.73 | L92: 1031468.9 | O92: =O93-1% -> 0.22 | P92: -413836.75 | Q92: -335813.07 | R92: -249151.17 | S92: -152835.76 | T92: -45731.224 | U92: 73432.475 | V92: 206075.43 | W92: 353785.23 | X92: 518336.38
C93: 0.23 | D93: 129804.37 | E93: 210039.01 | F93: 299113.81 | G93: 398064.07 | H93: 508047.45 | I93: 630358.27 | J93: 766443.38 | K93: 917919.85 | L93: 1086594.6 | O93: 0.23 | P93: -383328.13 | Q93: -303093.49 | R93: -214018.68 | S93: -115068.43 | T93: -5085.0449 | U93: 117225.78 | V93: 253310.89 | W93: 404787.35 | X93: 573462.15
B94: Contribution | C94: =C93+1% -> 0.24 | D94: 160312.99 | E94: 242758.59 | F94: 334246.3 | G94: 435831.4 | H94: 548693.63 | I94: 674151.57 | J94: 813678.83 | K94: 968921.97 | L94: 1141720.4 | N94: Contribution | O94: =O93+1% -> 0.24 | P94: -352819.5 | Q94: -270373.9 | R94: -178886.2 | S94: -77301.089 | T94: 35561.134 | U94: 161019.07 | V94: 300546.34 | W94: 455789.48 | X94: 628587.92
B95: rate | C95: =C94+1% -> 0.25 | D95: 190821.62 | E95: 275478.18 | F95: 369378.78 | G95: 473598.74 | H95: 589339.81 | I95: 717944.87 | J95: 860914.29 | K95: 1019924.1 | L95: 1196846.2 | N95: rate | O95: =O94+1% -> 0.25 | P95: -322310.87 | Q95: -237654.32 | R95: -143753.71 | S95: -39533.752 | T95: 76207.313 | U95: 204812.37 | V95: 347781.79 | W95: 506791.6 | X95: 683713.69
B96: >RM5k p.m. | C96: =C95+1% -> 0.26 | D96: 221330.24 | E96: 308197.76 | F96: 404511.27 | G96: 511366.08 | H96: 629985.99 | I96: 761738.17 | J96: 908149.74 | K96: 1070926.2 | L96: 1251972 | N96: >RM5k p.m. | O96: =O95+1% -> 0.26 | P96: -291802.25 | Q96: -204934.73 | R96: -108621.22 | S96: -1766.4159 | T96: 116853.49 | U96: 248605.67 | V96: 395017.25 | W96: 557793.72 | X96: 738839.46
C97: =C96+1% -> 0.27 | D97: 251838.87 | E97: 340917.35 | F97: 439643.76 | G97: 549133.41 | H97: 670632.16 | I97: 805531.47 | J97: 955385.2 | K97: 1121928.3 | L97: 1307097.7 | O97: =O96+1% -> 0.27 | P97: -261293.62 | Q97: -172215.15 | R97: -73488.737 | S97: 36000.921 | T97: 157499.67 | U97: 292398.97 | V97: 442252.7 | W97: 608795.84 | X97: 793965.23
C98: =C97+1% -> 0.28 | D98: 282347.5 | E98: 373636.93 | F98: 474776.24 | G98: 586900.75 | H98: 711278.34 | I98: 849324.77 | J98: 1002620.7 | K98: 1172930.5 | L98: 1362223.5 | O98: =O97+1% -> 0.28 | P98: -230785 | Q98: -139495.56 | R98: -38356.251 | S98: 73768.257 | T98: 198145.85 | U98: 336192.27 | V98: 489488.16 | W98: 659797.96 | X98: 849091
C99: =C98+1% -> 0.29 | D99: 312856.12 | E99: 406356.52 | F99: 509908.73 | G99: 624668.09 | H99: 751924.52 | I99: 893118.07 | J99: 1049856.1 | K99: 1223932.6 | L99: 1417349.3 | O99: =O98+1% -> 0.29 | P99: -200276.37 | Q99: -106775.97 | R99: -3223.7642 | S99: 111535.59 | T99: 238792.03 | U99: 379985.57 | V99: 536723.61 | W99: 710800.08 | X99: 904216.77
B101: COHORT AGE 27 | D101: EPF returns | N101: COHORT AGE 27 | P101: EPF returns
C102: =G35 -> 728953.63 | D102: =E102-0.005 -> 0.04 | E102: =F102-0.005 -> 0.045 | F102: =G102-0.005 -> 0.05 | G102: 0.055 | H102: =G102+0.005 -> 0.06 | I102: =H102+0.005 -> 0.065 | J102: =I102+0.005 -> 0.07 | K102: =J102+0.005 -> 0.075 | L102: =K102+0.005 -> 0.08 | O102: =G37 -> 134092.43 | P102: =Q102-0.005 -> 0.04 | Q102: =R102-0.005 -> 0.045 | R102: =S102-0.005 -> 0.05 | S102: 0.055 | T102: =S102+0.005 -> 0.06 | U102: =T102+0.005 -> 0.065 | V102: =U102+0.005 -> 0.07 | W102: =V102+0.005 -> 0.075 | X102: =W102+0.005 -> 0.08
C103: =C104-1% -> 0.21 | D103: 108462.15 | E103: 202388.01 | F103: 307605.08 | G103: 425595.88 | H103: 558043.55 | I103: 706859.16 | J103: 874212.59 | K103: 1062567.6 | L103: 1274721.4 | O103: =O104-1% -> 0.21 | P103: -486399.05 | Q103: -392473.19 | R103: -287256.11 | S103: -169265.32 | T103: -36817.648 | U103: 111997.97 | V103: 279351.4 | W103: 467706.37 | X103: 679860.16
C104: =C105-1% -> 0.22 | D104: 150573.1 | E104: 248001.64 | F104: 357094.87 | G104: 479379.03 | H104: 616586.32 | I104: 770682.83 | J104: 943900.14 | K104: 1138771.2 | L104: 1358170.9 | O104: =O105-1% -> 0.22 | P104: -444288.1 | Q104: -346859.56 | R104: -237766.33 | S104: -115482.17 | T104: 21725.128 | U104: 175821.64 | V104: 349038.95 | W104: 543910 | X104: 763309.75
C105: 0.23 | D105: 192684.05 | E105: 293615.27 | F105: 406584.65 | G105: 533162.18 | H105: 675129.1 | I105: 834506.5 | J105: 1013587.7 | K105: 1214974.8 | L105: 1441620.5 | O105: 0.23 | P105: -402177.15 | Q105: -301245.93 | R105: -188276.54 | S105: -61699.016 | T105: 80267.903 | U105: 239645.31 | V105: 418726.49 | W105: 620113.63 | X105: 846759.33
B106: Contribution | C106: =C105+1% -> 0.24 | D106: 234795 | E106: 339228.9 | F106: 456074.44 | G106: 586945.33 | H106: 733671.87 | I106: 898330.17 | J106: 1083275.2 | K106: 1291178.5 | L106: 1525070.1 | N106: Contribution | O106: =O105+1% -> 0.24 | P106: -360066.2 | Q106: -255632.3 | R106: -138786.76 | S106: -7915.8647 | T106: 138810.68 | U106: 303468.98 | V106: 488414.04 | W106: 696317.26 | X106: 930208.92
B107: rate | C107: =C106+1% -> 0.25 | D107: 276905.95 | E107: 384842.53 | F107: 505564.23 | G107: 640728.48 | H107: 792214.65 | I107: 962153.85 | J107: 1152962.8 | K107: 1367382.1 | L107: 1608519.7 | N107: rate | O107: =O106+1% -> 0.25 | P107: -317955.24 | Q107: -210018.67 | R107: -89296.97 | S107: 45867.287 | T107: 197353.45 | U107: 367292.65 | V107: 558101.58 | W107: 772520.89 | X107: 1013658.5
B108: >RM5k p.m. | C108: =C107+1% -> 0.26 | D108: 319016.9 | E108: 430456.16 | F108: 555054.01 | G108: 694511.63 | H108: 850757.43 | I108: 1025977.5 | J108: 1222650.3 | K108: 1443585.7 | L108: 1691969.3 | N108: >RM5k p.m. | O108: =O107+1% -> 0.26 | P108: -275844.29 | Q108: -164405.04 | R108: -39807.184 | S108: 99650.438 | T108: 255896.23 | U108: 431116.32 | V108: 627789.13 | W108: 848724.52 | X108: 1097108.1
C109: =C108+1% -> 0.27 | D109: 361127.85 | E109: 476069.79 | F109: 604543.8 | G109: 748294.79 | H109: 909300.2 | I109: 1089801.2 | J109: 1292337.9 | K109: 1519789.3 | L109: 1775418.9 | O109: =O108+1% -> 0.27 | P109: -233733.34 | Q109: -118791.41 | R109: 9682.6014 | S109: 153433.59 | T109: 314439.01 | U109: 494939.99 | V109: 697476.68 | W109: 924928.15 | X109: 1180557.7
C110: =C109+1% -> 0.28 | D110: 403238.8 | E110: 521683.42 | F110: 654033.58 | G110: 802077.94 | H110: 967842.98 | I110: 1153624.9 | J110: 1362025.4 | K110: 1595993 | L110: 1858868.5 | O110: =O109+1% -> 0.28 | P110: -191622.39 | Q110: -73177.777 | R110: 59172.387 | S110: 207216.74 | T110: 372981.78 | U110: 558763.66 | V110: 767164.22 | W110: 1001131.8 | X110: 1264007.3
C111: =C110+1% -> 0.29 | D111: 445349.75 | E111: 567297.05 | F111: 703523.37 | G111: 855861.09 | H111: 1026385.8 | I111: 1217448.5 | J111: 1431713 | K111: 1672196.6 | L111: 1942318.1 | O111: =O110+1% -> 0.29 | P111: -149511.44 | Q111: -27564.147 | R111: 108662.17 | S111: 260999.89 | T111: 431524.56 | U111: 622587.33 | V111: 836851.77 | W111: 1077335.4 | X111: 1347456.9
B113: COHORT AGE 22 | D113: EPF returns | N113: COHORT AGE 22 | P113: EPF returns
C114: =F35 -> 1009923.8 | D114: =E114-0.005 -> 0.04 | E114: =F114-0.005 -> 0.045 | F114: =G114-0.005 -> 0.05 | G114: 0.055 | H114: =G114+0.005 -> 0.06 | I114: =H114+0.005 -> 0.065 | J114: =I114+0.005 -> 0.07 | K114: =J114+0.005 -> 0.075 | L114: =K114+0.005 -> 0.08 | O114: =F37 -> 320316.63 | P114: =Q114-0.005 -> 0.04 | Q114: =R114-0.005 -> 0.045 | R114: =S114-0.005 -> 0.05 | S114: 0.055 | T114: =S114+0.005 -> 0.06 | U114: =T114+0.005 -> 0.065 | V114: =U114+0.005 -> 0.07 | W114: =V114+0.005 -> 0.075 | X114: =W114+0.005 -> 0.08
...

Sheet >> CALCULATIONS
C3: CALCULATIONS
C4: Click here to return to Table of Contents

Sheet EPF forward projections
A1: TheWealthMeta EPF Savings Target Projections
A2: Calculation of average EPF account balances by age cohorts (Only account 1 is considered)
B4: FROM CONTROL PANEL
B5: EPF returns | C5: =Summary!F7 -> 0.061754286
B6: Contribution < RM5k p.m. salary | C6: =Summary!F8 -> 0.24
B7: Contribution > RM5k p.m. salary | C7: =Summary!F9 -> 0.23
B8: EPF Account 1 portion | C8: =Summary!F10 -> 0.75
B10: Calendar Year | D10: 2025 | E10: =D10+1 -> 2026 | F10: =E10+1 -> 2027 | G10: =F10+1 -> 2028 | H10: =G10+1 -> 2029 | I10: =H10+1 -> 2030 | J10: =I10+1 -> 2031 | K10: =J10+1 -> 2032 | L10: =K10+1 -> 2033 | ... AP10: =AO10+1 -> 2063
B11: Projection Year | D11: 1 | E11: =D11+1 -> 2 | F11: =E11+1 -> 3 | G11: =F11+1 -> 4 | H11: =G11+1 -> 5 | I11: =H11+1 -> 6 | J11: =I11+1 -> 7 | K11: =J11+1 -> 8 | L11: =K11+1 -> 9 | ... AP11: =AO11+1 -> 39
B13: COHORT | C13: 52
B14: Age | C14: # | D14: =C13 -> 52 | E14: =D14+1 -> 53 | F14: =E14+1 -> 54 | G14: =F14+1 -> 55 | H14: =G14+1 -> 56 | I14: =H14+1 -> 57 | J14: =I14+1 -> 58 | K14: =J14+1 -> 59 | L14: =K14+1 -> 60
B15: EPF Balance | C15: RM | D15: =_xlfn.XLOOKUP(D14,'EPF Cohorts'!$B$5:$B$11,'EPF Cohorts'!$G$5:$G$11) -> 277347.8 | E15: =D22 -> 303253.81 | F15: =E22 -> 330988.03 | G15: =F22 -> 360667.61 | H15: =G22 -> 392416.86 | I15: =H22 -> 426367.77 | J15: =I22 -> 462660.41 | K15: =J22 -> 501443.46 | L15: =K22 -> 542874.71
B16: Median Salary (annual) | C16: RM | D16: {=_xlfn.XLOOKUP(D14,'Salary projections'!$B$10:$B$48,_xlfn.XLOOKUP(D$10,'Salary projections'!$D$9:$AS$9,'Salary projections'!$D$10:$AS$48,,0),,0)*12} -> 47309.184 | E16: {=_xlfn.XLOOKUP(E14,'Salary projections'!$B$10:$B$48,_xlfn.XLOOKUP(E$10,'Salary projections'!$D$9:$AS$9,'Salary projections'!$D$10:$AS$48,,0),,0)*12} -> 48540.131 | F16: {=_xlfn.XLOOKUP(F14,'Salary projections'!$B$10:$B$48,_xlfn.XLOOKUP(F$10,'Salary projections'!$D$9:$AS$9,'Salary projections'!$D$10:$AS$48,,0),,0)*12} -> 49793.86 | G16: {=_xlfn.XLOOKUP(G14,'Salary projections'!$B$10:$B$48,_xlfn.XLOOKUP(G$10,'Salary projections'!$D$9:$AS$9,'Salary projections'!$D$10:$AS$48,,0),,0)*12} -> 51070.222 | H16: {=_xlfn.XLOOKUP(H14,'Salary projections'!$B$10:$B$48,_xlfn.XLOOKUP(H$10,'Salary projections'!$D$9:$AS$9,'Salary projections'!$D$10:$AS$48,,0),,0)*12} -> 52369.024 | I16: {=_xlfn.XLOOKUP(I14,'Salary projections'!$B$10:$B$48,_xlfn.XLOOKUP(I$10,'Salary projections'!$D$9:$AS$9,'Salary projections'!$D$10:$AS$48,,0),,0)*12} -> 53690.017 | J16: {=_xlfn.XLOOKUP(J14,'Salary projections'!$B$10:$B$48,_xlfn.XLOOKUP(J$10,'Salary projections'!$D$9:$AS$9,'Salary projections'!$D$10:$AS$48,,0),,0)*12} -> 55032.899 | K16: {=_xlfn.XLOOKUP(K14,'Salary projections'!$B$10:$B$48,_xlfn.XLOOKUP(K$10,'Salary projections'!$D$9:$AS$9,'Salary projections'!$D$10:$AS$48,,0),,0)*12} -> 56397.307 | L16: {=_xlfn.XLOOKUP(L14,'Salary projections'!$B$10:$B$48,_xlfn.XLOOKUP(L$10,'Salary projections'!$D$9:$AS$9,'Salary projections'!$D$10:$AS$48,,0),,0)*12} -> 57782.816
B17: EPF contribution | C17: % | D17: =IF((D16/12<5000),$C$6,$C$7) -> 0.24 | E17: =IF((E16/12<5000),$C$6,$C$7) -> 0.24 | F17: =IF((F16/12<5000),$C$6,$C$7) -> 0.24 | G17: =IF((G16/12<5000),$C$6,$C$7) -> 0.24 | H17: =IF((H16/12<5000),$C$6,$C$7) -> 0.24 | I17: =IF((I16/12<5000),$C$6,$C$7) -> 0.24 | J17: =IF((J16/12<5000),$C$6,$C$7) -> 0.24 | K17: =IF((K16/12<5000),$C$6,$C$7) -> 0.24 | L17: =IF((L16/12<5000),$C$6,$C$7) -> 0.24
B18: EPF contribution | C18: RM | D18: =D16*D17 -> 11354.204 | E18: =E16*E17 -> 11649.632 | F18: =F16*F17 -> 11950.526 | G18: =G16*G17 -> 12256.853 | H18: =H16*H17 -> 12568.566 | I18: =I16*I17 -> 12885.604 | J18: =J16*J17 -> 13207.896 | K18: =K16*K17 -> 13535.354 | L18: =L16*L17 -> 13867.876
B19: EPF Account 1 | C19: RM | D19: =D18*$C$8 -> 8515.6531 | E19: =E18*$C$8 -> 8737.2236 | F19: =F18*$C$8 -> 8962.8948 | G19: =G18*$C$8 -> 9192.64 | H19: =H18*$C$8 -> 9426.4242 | I19: =I18*$C$8 -> 9664.203 | J19: =J18*$C$8 -> 9905.9218 | K19: =K18*$C$8 -> 10151.515 | L19: =L18*$C$8 -> 10400.907
B20: EPF returns | C20: % | D20: =$C$5 -> 0.061754286 | E20: =$C$5 -> 0.061754286 | F20: =$C$5 -> 0.061754286 | G20: =$C$5 -> 0.061754286 | H20: =$C$5 -> 0.061754286 | I20: =$C$5 -> 0.061754286 | J20: =$C$5 -> 0.061754286 | K20: =$C$5 -> 0.061754286 | L20: =$C$5 -> 0.061754286
B21: EPF returns | C21: RM | D21: =(D15*D20)+((D19*D20)/2) -> 17390.354 | E21: =(E15*E20)+((E19*E20)/2) -> 18997.003 | F21: =(F15*F20)+((F19*F20)/2) -> 20716.678 | G21: =(G15*G20)+((G19*G20)/2) -> 22556.613 | H21: =(H15*H20)+((H19*H20)/2) -> 24524.484 | I21: =(I15*I20)+((I19*I20)/2) -> 26628.44 | J21: =(J15*J20)+((J19*J20)/2) -> 28877.13 | K21: =(K15*K20)+((K19*K20)/2) -> 31279.733 | L21: =(L15*L20)+((L19*L20)/2) -> 33845.99
B22: EPF balance | C22: RM | D22: =D21+D19+D15 -> 303253.81 | E22: =E21+E19+E15 -> 330988.03 | F22: =F21+F19+F15 -> 360667.61 | G22: =G21+G19+G15 -> 392416.86 | H22: =H21+H19+H15 -> 426367.77 | I22: =I21+I19+I15 -> 462660.41 | J22: =J21+J19+J15 -> 501443.46 | K22: =K21+K19+K15 -> 542874.71 | L22: =L21+L19+L15 -> 587121.61
B23: RIA Basic Savings Threshold | C23: RM | D23: {=_xlfn.IFNA(_xlfn.XLOOKUP(D14,'RIA projected targets'!$B$12:$B$54,_xlfn.XLOOKUP(D$10,'RIA projected targets'!$C$8:$AP$8,'RIA projected targets'!$C$12:$AP$54),,0,),"-")} -> - | E23: {=_xlfn.IFNA(_xlfn.XLOOKUP(E14,'RIA projected targets'!$B$12:$B$54,_xlfn.XLOOKUP(E$10,'RIA projected targets'!$C$8:$AP$8,'RIA projected targets'!$C$12:$AP$54),,0,),"-")} -> - | F23: {=_xlfn.IFNA(_xlfn.XLOOKUP(F14,'RIA projected targets'!$B$12:$B$54,_xlfn.XLOOKUP(F$10,'RIA projected targets'!$C$8:$AP$8,'RIA projected targets'!$C$12:$AP$54),,0,),"-")} -> - | G23: {=_xlfn.IFNA(_xlfn.XLOOKUP(G14,'RIA projected targets'!$B$12:$B$54,_xlfn.XLOOKUP(G$10,'RIA projected targets'!$C$8:$AP$8,'RIA projected targets'!$C$12:$AP$54),,0,),"-")} -> - | H23: {=_xlfn.IFNA(_xlfn.XLOOKUP(H14,'RIA projected targets'!$B$12:$B$54,_xlfn.XLOOKUP(H$10,'RIA projected targets'!$C$8:$AP$8,'RIA projected targets'!$C$12:$AP$54),,0,),"-")} -> - | I23: {=_xlfn.IFNA(_xlfn.XLOOKUP(I14,'RIA projected targets'!$B$12:$B$54,_xlfn.XLOOKUP(I$10,'RIA projected targets'!$C$8:$AP$8,'RIA projected targets'!$C$12:$AP$54),,0,),"-")} -> 330000 | J23: {=_xlfn.IFNA(_xlfn.XLOOKUP(J14,'RIA projected targets'!$B$12:$B$54,_xlfn.XLOOKUP(J$10,'RIA projected targets'!$C$8:$AP$8,'RIA projected targets'!$C$12:$AP$54),,0,),"-")} -> 359470 | K23: {=_xlfn.IFNA(_xlfn.XLOOKUP(K14,'RIA projected targets'!$B$12:$B$54,_xlfn.XLOOKUP(K$10,'RIA projected targets'!$C$8:$AP$8,'RIA projected targets'!$C$12:$AP$54),,0,),"-")} -> 391472.1 | L23: {=_xlfn.IFNA(_xlfn.XLOOKUP(L14,'RIA projected targets'!$B$12:$B$54,_xlfn.XLOOKUP(L$10,'RIA projected targets'!$C$8:$AP$8,'RIA projected targets'!$C$12:$AP$54),,0,),"-")} -> 426163.53
B24: RIA Adequate Savings Threshold | C24: RM | D24: {=_xlfn.IFNA(_xlfn.XLOOKUP(D14,'RIA projected targets'!$B$58:$B$100,_xlfn.XLOOKUP(D$10,'RIA projected targets'!$C$8:$AP$8,'RIA projected targets'!$C$58:$AP$100),,0,),"-")} -> - | E24: {=_xlfn.IFNA(_xlfn.XLOOKUP(E14,'RIA projected targets'!$B$58:$B$100,_xlfn.XLOOKUP(E$10,'RIA projected targets'!$C$8:$AP$8,'RIA projected targets'!$C$58:$AP$100),,0,),"-")} -> - | F24: {=_xlfn.IFNA(_xlfn.XLOOKUP(F14,'RIA projected targets'!$B$58:$B$100,_xlfn.XLOOKUP(F$10,'RIA projected targets'!$C$8:$AP$8,'RIA projected targets'!$C$58:$AP$100),,0,),"-")} -> - | G24: {=_xlfn.IFNA(_xlfn.XLOOKUP(G14,'RIA projected targets'!$B$58:$B$100,_xlfn.XLOOKUP(G$10,'RIA projected targets'!$C$8:$AP$8,'RIA projected targets'!$C$58:$AP$100),,0,),"-")} -> - | H24: {=_xlfn.IFNA(_xlfn.XLOOKUP(H14,'RIA projected targets'!$B$58:$B$100,_xlfn.XLOOKUP(H$10,'RIA projected targets'!$C$8:$AP$8,'RIA projected targets'!$C$58:$AP$100),,0,),"-")} -> - | I24: {=_xlfn.IFNA(_xlfn.XLOOKUP(I14,'RIA projected targets'!$B$58:$B$100,_xlfn.XLOOKUP(I$10,'RIA projected targets'!$C$8:$AP$8,'RIA projected targets'!$C$58:$AP$100),,0,),"-")} -> 541000 | J24: {=_xlfn.IFNA(_xlfn.XLOOKUP(J14,'RIA projected targets'!$B$58:$B$100,_xlfn.XLOOKUP(J$10,'RIA projected targets'!$C$8:$AP$8,'RIA projected targets'!$C$58:$AP$100),,0,),"-")} -> 593280 | K24: {=_xlfn.IFNA(_xlfn.XLOOKUP(K14,'RIA projected targets'!$B$58:$B$100,_xlfn.XLOOKUP(K$10,'RIA projected targets'!$C$8:$AP$8,'RIA projected targets'!$C$58:$AP$100),,0,),"-")} -> 649270.8 | L24: {=_xlfn.IFNA(_xlfn.XLOOKUP(L14,'RIA projected targets'!$B$58:$B$100,_xlfn.XLOOKUP(L$10,'RIA projected targets'!$C$8:$AP$8,'RIA projected targets'!$C$58:$AP$100),,0,),"-")} -> 710272.55
B26: COHORT | C26: 47
B27: Age | C27: # | D27: =C26 -> 47 | E27: =D27+1 -> 48 | F27: =E27+1 -> 49 | G27: =F27+1 -> 50 | H27: =G27+1 -> 51 | I27: =H27+1 -> 52 | J27: =I27+1 -> 53 | K27: =J27+1 -> 54 | L27: =K27+1 -> 55 | ... Q27: =P27+1 -> 60
B28: EPF Balance | C28: RM | D28: =_xlfn.XLOOKUP(D27,'EPF Cohorts'!$B$5:$B$11,'EPF Cohorts'!$G$5:$G$11) -> 240509.32 | E28: =D35 -> 264513.69 | F28: =E35 -> 290288.87 | G28: =F35 -> 317952.64 | H28: =G35 -> 347630.26 | I28: =H35 -> 379454.97 | J28: =I35 -> 413568.44 | K28: =J35 -> 450066.46 | L28: =K35 -> 488633.04 | ... Q28: =P35 -> 724872.12
B29: Median Salary (annual) | C29: RM | D29: {=_xlfn.XLOOKUP(D27,'Salary projections'!$B$10:$B$48,_xlfn.XLOOKUP(D$10,'Salary projections'!$D$9:$AS$9,'Salary projections'!$D$10:$AS$48,,0),,0)*12} -> 49320.96 | E29: {=_xlfn.XLOOKUP(E27,'Salary projections'!$B$10:$B$48,_xlfn.XLOOKUP(E$10,'Salary projections'!$D$9:$AS$9,'Salary projections'!$D$10:$AS$48,,0),,0)*12} -> 50875.349 | F29: {=_xlfn.XLOOKUP(F27,'Salary projections'!$B$10:$B$48,_xlfn.XLOOKUP(F$10,'Salary projections'!$D$9:$AS$9,'Salary projections'!$D$10:$AS$48,,0),,0)*12} -> 52475.176 | G29: {=_xlfn.XLOOKUP(G27,'Salary projections'!$B$10:$B$48,_xlfn.XLOOKUP(G$10,'Salary projections'!$D$9:$AS$9,'Salary projections'!$D$10:$AS$48,,0),,0)*12} -> 54121.588 | H29: {=_xlfn.XLOOKUP(H27,'Salary projections'!$B$10:$B$48,_xlfn.XLOOKUP(H$10,'Salary projections'!$D$9:$AS$9,'Salary projections'!$D$10:$AS$48,,0),,0)*12} -> 55815.753 | I29: {=_xlfn.XLOOKUP(I27,'Salary projections'!$B$10:$B$48,_xlfn.XLOOKUP(I$10,'Salary projections'!$D$9:$AS$9,'Salary projections'!$D$10:$AS$48,,0),,0)*12} -> 57558.856 | J29: {=_xlfn.XLOOKUP(J27,'Salary projections'!$B$10:$B$48,_xlfn.XLOOKUP(J$10,'Salary projections'!$D$9:$AS$9,'Salary projections'!$D$10:$AS$48,,0),,0)*12} -> 59056.492 | K29: {=_xlfn.XLOOKUP(K27,'Salary projections'!$B$10:$B$48,_xlfn.XLOOKUP(K$10,'Salary projections'!$D$9:$AS$9,'Salary projections'!$D$10:$AS$48,,0),,0)*12} -> 60581.844 | ... Q29: {=_xlfn.XLOOKUP(Q27,'Salary projections'!$B$10:$B$48,_xlfn.XLOOKUP(Q$10,'Salary projections'!$D$9:$AS$9,'Salary projections'!$D$10:$AS$48,,0),,0)*12} -> 70301.631
B30: EPF contribution | C30: % | D30: =IF((D29/12<5000),$C$6,$C$7) -> 0.24 | E30: =IF((E29/12<5000),$C$6,$C$7) -> 0.24 | F30: =IF((F29/12<5000),$C$6,$C$7) -> 0.24 | G30: =IF((G29/12<5000),$C$6,$C$7) -> 0.24 | H30: =IF((H29/12<5000),$C$6,$C$7) -> 0.24 | I30: =IF((I29/12<5000),$C$6,$C$7) -> 0.24 | J30: =IF((J29/12<5000),$C$6,$C$7) -> 0.24 | K30: =IF((K29/12<5000),$C$6,$C$7) -> 0.23 | ... Q30: =IF((Q29/12<5000),$C$6,$C$7) -> 0.23
B31: EPF contribution | C31: RM | D31: =D29*D30 -> 11837.03 | E31: =E29*E30 -> 12210.084 | F31: =F29*F30 -> 12594.042 | G31: =G29*G30 -> 12989.181 | H31: =H29*H30 -> 13395.781 | I31: =I29*I30 -> 13814.125 | J31: =J29*J30 -> 14173.558 | K31: =K29*K30 -> 13933.824 | ... Q31: =Q29*Q30 -> 16169.375
B32: EPF Account 1 | C32: RM | D32: =D31*$C$8 -> 8877.7728 | E32: =E31*$C$8 -> 9157.5628 | F32: =F31*$C$8 -> 9445.5316 | G32: =G31*$C$8 -> 9741.8858 | H32: =H31*$C$8 -> 10046.835 | I32: =I31*$C$8 -> 10360.594 | J32: =J31*$C$8 -> 10630.168 | K32: =K31*$C$8 -> 10450.368 | ... Q32: =Q31*$C$8 -> 12127.031
B33: EPF returns | C33: % | D33: =$C$5 -> 0.061754286 | E33: =$C$5 -> 0.061754286 | F33: =$C$5 -> 0.061754286 | G33: =$C$5 -> 0.061754286 | H33: =$C$5 -> 0.061754286 | I33: =$C$5 -> 0.061754286 | J33: =$C$5 -> 0.061754286 | K33: =$C$5 -> 0.061754286 | ... Q33: =$C$5 -> 0.061754286
B34: EPF returns | C34: RM | D34: =(D28*D33)+((D32*D33)/2) -> 15126.602 | E34: =(E28*E33)+((E32*E33)/2) -> 16617.614 | F34: =(F28*F33)+((F32*F33)/2) -> 18218.233 | G34: =(G28*G33)+((G32*G33)/2) -> 19935.739 | H34: =(H28*H33)+((H32*H33)/2) -> 21777.876 | I34: =(I28*I33)+((I32*I33)/2) -> 23752.876 | J34: =(J28*J33)+((J32*J33)/2) -> 25867.853 | K34: =(K28*K33)+((K32*K33)/2) -> 28116.21 | ... Q34: =(Q28*Q33)+((Q32*Q33)/2) -> 45138.408
B35: EPF balance | C35: RM | D35: =D34+D32+D28 -> 264513.69 | E35: =E34+E32+E28 -> 290288.87 | F35: =F34+F32+F28 -> 317952.64 | G35: =G34+G32+G28 -> 347630.26 | H35: =H34+H32+H28 -> 379454.97 | I35: =I34+I32+I28 -> 413568.44 | J35: =J34+J32+J28 -> 450066.46 | K35: =K34+K32+K28 -> 488633.04 | ... Q35: =Q34+Q32+Q28 -> 782137.56
B36: RIA Basic Savings Threshold | D36: {=_xlfn.IFNA(_xlfn.XLOOKUP(D27,'RIA projected targets'!$B$12:$B$54,_xlfn.XLOOKUP(D$10,'RIA projected targets'!$C$8:$AP$8,'RIA projected targets'!$C$12:$AP$54),,0,),"-")} -> - | E36: {=_xlfn.IFNA(_xlfn.XLOOKUP(E27,'RIA projected targets'!$B$12:$B$54,_xlfn.XLOOKUP(E$10,'RIA projected targets'!$C$8:$AP$8,'RIA projected targets'!$C$12:$AP$54),,0,),"-")} -> - | F36: {=_xlfn.IFNA(_xlfn.XLOOKUP(F27,'RIA projected targets'!$B$12:$B$54,_xlfn.XLOOKUP(F$10,'RIA projected targets'!$C$8:$AP$8,'RIA projected targets'!$C$12:$AP$54),,0,),"-")} -> - | G36: {=_xlfn.IFNA(_xlfn.XLOOKUP(G27,'RIA projected targets'!$B$12:$B$54,_xlfn.XLOOKUP(G$10,'RIA projected targets'!$C$8:$AP$8,'RIA projected targets'!$C$12:$AP$54),,0,),"-")} -> - | H36: {=_xlfn.IFNA(_xlfn.XLOOKUP(H27,'RIA projected targets'!$B$12:$B$54,_xlfn.XLOOKUP(H$10,'RIA projected targets'!$C$8:$AP$8,'RIA projected targets'!$C$12:$AP$54),,0,),"-")} -> - | I36: {=_xlfn.IFNA(_xlfn.XLOOKUP(I27,'RIA projected targets'!$B$12:$B$54,_xlfn.XLOOKUP(I$10,'RIA projected targets'!$C$8:$AP$8,'RIA projected targets'!$C$12:$AP$54),,0,),"-")} -> 246000 | J36: {=_xlfn.IFNA(_xlfn.XLOOKUP(J27,'RIA projected targets'!$B$12:$B$54,_xlfn.XLOOKUP(J$10,'RIA projected targets'!$C$8:$AP$8,'RIA projected targets'!$C$12:$AP$54),,0,),"-")} -> 268830 | K36: {=_xlfn.IFNA(_xlfn.XLOOKUP(K27,'RIA projected targets'!$B$12:$B$54,_xlfn.XLOOKUP(K$10,'RIA projected targets'!$C$8:$AP$8,'RIA projected targets'!$C$12:$AP$54),,0,),"-")} -> 293869.3 | ... Q36: {=_xlfn.IFNA(_xlfn.XLOOKUP(Q27,'RIA projected targets'!$B$12:$B$54,_xlfn.XLOOKUP(Q$10,'RIA projected targets'!$C$8:$AP$8,'RIA projected targets'!$C$12:$AP$54),,0,),"-")} -> 494040.33
B37: RIA Adequate Savings Threshold | C37: RM | D37: {=_xlfn.IFNA(_xlfn.XLOOKUP(D27,'RIA projected targets'!$B$58:$B$100,_xlfn.XLOOKUP(D$10,'RIA projected targets'!$C$8:$AP$8,'RIA projected targets'!$C$58:$AP$100),,0,),"-")} -> - | E37: {=_xlfn.IFNA(_xlfn.XLOOKUP(E27,'RIA projected targets'!$B$58:$B$100,_xlfn.XLOOKUP(E$10,'RIA projected targets'!$C$8:$AP$8,'RIA projected targets'!$C$58:$AP$100),,0,),"-")} -> - | F37: {=_xlfn.IFNA(_xlfn.XLOOKUP(F27,'RIA projected targets'!$B$58:$B$100,_xlfn.XLOOKUP(F$10,'RIA projected targets'!$C$8:$AP$8,'RIA projected targets'!$C$58:$AP$100),,0,),"-")} -> - | G37: {=_xlfn.IFNA(_xlfn.XLOOKUP(G27,'RIA projected targets'!$B$58:$B$100,_xlfn.XLOOKUP(G$10,'RIA projected targets'!$C$8:$AP$8,'RIA projected targets'!$C$58:$AP$100),,0,),"-")} -> - | H37: {=_xlfn.IFNA(_xlfn.XLOOKUP(H27,'RIA projected targets'!$B$58:$B$100,_xlfn.XLOOKUP(H$10,'RIA projected targets'!$C$8:$AP$8,'RIA projected targets'!$C$58:$AP$100),,0,),"-")} -> - | I37: {=_xlfn.IFNA(_xlfn.XLOOKUP(I27,'RIA projected targets'!$B$58:$B$100,_xlfn.XLOOKUP(I$10,'RIA projected targets'!$C$8:$AP$8,'RIA projected targets'!$C$58:$AP$100),,0,),"-")} -> 390000 | J37: {=_xlfn.IFNA(_xlfn.XLOOKUP(J27,'RIA projected targets'!$B$58:$B$100,_xlfn.XLOOKUP(J$10,'RIA projected targets'!$C$8:$AP$8,'RIA projected targets'!$C$58:$AP$100),,0,),"-")} -> 429510 | K37: {=_xlfn.IFNA(_xlfn.XLOOKUP(K27,'RIA projected targets'!$B$58:$B$100,_xlfn.XLOOKUP(K$10,'RIA projected targets'!$C$8:$AP$8,'RIA projected targets'!$C$58:$AP$100),,0,),"-")} -> 473161.4 | ... Q37: {=_xlfn.IFNA(_xlfn.XLOOKUP(Q27,'RIA projected targets'!$B$58:$B$100,_xlfn.XLOOKUP(Q$10,'RIA projected targets'!$C$8:$AP$8,'RIA projected targets'!$C$58:$AP$100),,0,),"-")} -> 823400.55
B39: COHORT | C39: 42
B40: Age | C40: # | D40: =C39 -> 42 | E40: =D40+1 -> 43 | F40: =E40+1 -> 44 | G40: =F40+1 -> 45 | H40: =G40+1 -> 46 | I40: =H40+1 -> 47 | J40: =I40+1 -> 48 | K40: =J40+1 -> 49 | L40: =K40+1 -> 50 | ... V40: =U40+1 -> 60
B41: EPF Balance | C41: RM | D41: =_xlfn.XLOOKUP(D40,'EPF Cohorts'!$B$5:$B$11,'EPF Cohorts'!$G$5:$G$11) -> 174181.45 | E41: =D48 -> 193848.96 | F41: =E48 -> 215137.55 | G41: =F48 -> 238165.61 | H41: =G48 -> 263059.63 | I41: =H48 -> 289954.76 | J41: =I48 -> 318531.44 | K41: =J48 -> 349209.15 | L41: =K48 -> 382127.47 | ... V41: =U48 -> 870000.81
B42: Median Salary (annual) | C42: RM | D42: {=_xlfn.XLOOKUP(D40,'Salary projections'!$B$10:$B$48,_xlfn.XLOOKUP(D$10,'Salary projections'!$D$9:$AS$9,'Salary projections'!$D$10:$AS$48,,0),,0)*12} -> 48023.04 | E42: {=_xlfn.XLOOKUP(E40,'Salary projections'!$B$10:$B$48,_xlfn.XLOOKUP(E$10,'Salary projections'!$D$9:$AS$9,'Salary projections'!$D$10:$AS$48,,0),,0)*12} -> 50213.929 | F42: {=_xlfn.XLOOKUP(F40,'Salary projections'!$B$10:$B$48,_xlfn.XLOOKUP(F$10,'Salary projections'!$D$9:$AS$9,'Salary projections'!$D$10:$AS$48,,0),,0)*12} -> 52503.252 | G42: {=_xlfn.XLOOKUP(G40,'Salary projections'!$B$10:$B$48,_xlfn.XLOOKUP(G$10,'Salary projections'!$D$9:$AS$9,'Salary projections'!$D$10:$AS$48,,0),,0)*12} -> 54895.379 | H42: {=_xlfn.XLOOKUP(H40,'Salary projections'!$B$10:$B$48,_xlfn.XLOOKUP(H$10,'Salary projections'!$D$9:$AS$9,'Salary projections'!$D$10:$AS$48,,0),,0)*12} -> 57394.871 | I42: {=_xlfn.XLOOKUP(I40,'Salary projections'!$B$10:$B$48,_xlfn.XLOOKUP(I$10,'Salary projections'!$D$9:$AS$9,'Salary projections'!$D$10:$AS$48,,0),,0)*12} -> 60006.489 | J42: {=_xlfn.XLOOKUP(J40,'Salary projections'!$B$10:$B$48,_xlfn.XLOOKUP(J$10,'Salary projections'!$D$9:$AS$9,'Salary projections'!$D$10:$AS$48,,0),,0)*12} -> 61897.641 | K42: {=_xlfn.XLOOKUP(K40,'Salary projections'!$B$10:$B$48,_xlfn.XLOOKUP(K$10,'Salary projections'!$D$9:$AS$9,'Salary projections'!$D$10:$AS$48,,0),,0)*12} -> 63844.075 | ... V42: {=_xlfn.XLOOKUP(V40,'Salary projections'!$B$10:$B$48,_xlfn.XLOOKUP(V$10,'Salary projections'!$D$9:$AS$9,'Salary projections'!$D$10:$AS$48,,0),,0)*12} -> 85532.683
B43: EPF contribution | C43: % | D43: =IF((D42/12<5000),$C$6,$C$7) -> 0.24 | E43: =IF((E42/12<5000),$C$6,$C$7) -> 0.24 | F43: =IF((F42/12<5000),$C$6,$C$7) -> 0.24 | G43: =IF((G42/12<5000),$C$6,$C$7) -> 0.24 | H43: =IF((H42/12<5000),$C$6,$C$7) -> 0.24 | I43: =IF((I42/12<5000),$C$6,$C$7) -> 0.23 | J43: =IF((J42/12<5000),$C$6,$C$7) -> 0.23 | K43: =IF((K42/12<5000),$C$6,$C$7) -> 0.23 | ... V43: =IF((V42/12<5000),$C$6,$C$7) -> 0.23
B44: EPF contribution | C44: RM | D44: =D42*D43 -> 11525.53 | E44: =E42*E43 -> 12051.343 | F44: =F42*F43 -> 12600.781 | G44: =G42*G43 -> 13174.891 | H44: =H42*H43 -> 13774.769 | I44: =I42*I43 -> 13801.493 | J44: =J42*J43 -> 14236.457 | K44: =K42*K43 -> 14684.137 | ... V44: =V42*V43 -> 19672.517
B45: EPF Account 1 | C45: RM | D45: =D44*$C$8 -> 8644.1472 | E45: =E44*$C$8 -> 9038.5072 | F45: =F44*$C$8 -> 9450.5854 | G45: =G44*$C$8 -> 9881.1682 | H45: =H44*$C$8 -> 10331.077 | I45: =I44*$C$8 -> 10351.119 | J45: =J44*$C$8 -> 10677.343 | K45: =K44*$C$8 -> 11013.103 | ... V45: =V44*$C$8 -> 14754.388
B46: EPF returns | C46: % | D46: =$C$5 -> 0.061754286 | E46: =$C$5 -> 0.061754286 | F46: =$C$5 -> 0.061754286 | G46: =$C$5 -> 0.061754286 | H46: =$C$5 -> 0.061754286 | I46: =$C$5 -> 0.061754286 | J46: =$C$5 -> 0.061754286 | K46: =$C$5 -> 0.061754286 | ... V46: =$C$5 -> 0.061754286
B47: EPF returns | C47: RM | D47: =(D41*D46)+((D45*D46)/2) -> 11023.358 | E47: =(E41*E46)+((E45*E46)/2) -> 12250.087 | F47: =(F41*F46)+((F45*F46)/2) -> 13577.473 | G47: =(G41*G46)+((G45*G46)/2) -> 15012.85 | H47: =(H41*H46)+((H45*H46)/2) -> 16564.054 | I47: =(I41*I46)+((I45*I46)/2) -> 18225.562 | J47: =(J41*J46)+((J45*J46)/2) -> 20000.368 | K47: =(K41*K46)+((K45*K46)/2) -> 21905.215 | ... V47: =(V41*V46)+((V45*V46)/2) -> 54181.852
B48: EPF balance | C48: RM | D48: =D47+D45+D41 -> 193848.96 | E48: =E47+E45+E41 -> 215137.55 | F48: =F47+F45+F41 -> 238165.61 | G48: =G47+G45+G41 -> 263059.63 | H48: =H47+H45+H41 -> 289954.76 | I48: =I47+I45+I41 -> 318531.44 | J48: =J47+J45+J41 -> 349209.15 | K48: =K47+K45+K41 -> 382127.47 | ... V48: =V47+V45+V41 -> 938937.05
B49: RIA Basic Savings Threshold | D49: {=_xlfn.IFNA(_xlfn.XLOOKUP(D40,'RIA projected targets'!$B$12:$B$54,_xlfn.XLOOKUP(D$10,'RIA projected targets'!$C$8:$AP$8,'RIA projected targets'!$C$12:$AP$54),,0,),"-")} -> - | E49: {=_xlfn.IFNA(_xlfn.XLOOKUP(E40,'RIA projected targets'!$B$12:$B$54,_xlfn.XLOOKUP(E$10,'RIA projected targets'!$C$8:$AP$8,'RIA projected targets'!$C$12:$AP$54),,0,),"-")} -> - | F49: {=_xlfn.IFNA(_xlfn.XLOOKUP(F40,'RIA projected targets'!$B$12:$B$54,_xlfn.XLOOKUP(F$10,'RIA projected targets'!$C$8:$AP$8,'RIA projected targets'!$C$12:$AP$54),,0,),"-")} -> - | G49: {=_xlfn.IFNA(_xlfn.XLOOKUP(G40,'RIA projected targets'!$B$12:$B$54,_xlfn.XLOOKUP(G$10,'RIA projected targets'!$C$8:$AP$8,'RIA projected targets'!$C$12:$AP$54),,0,),"-")} -> - | H49: {=_xlfn.IFNA(_xlfn.XLOOKUP(H40,'RIA projected targets'!$B$12:$B$54,_xlfn.XLOOKUP(H$10,'RIA projected targets'!$C$8:$AP$8,'RIA projected targets'!$C$12:$AP$54),,0,),"-")} -> - | I49: {=_xlfn.IFNA(_xlfn.XLOOKUP(I40,'RIA projected targets'!$B$12:$B$54,_xlfn.XLOOKUP(I$10,'RIA projected targets'!$C$8:$AP$8,'RIA projected targets'!$C$12:$AP$54),,0,),"-")} -> 179000 | J49: {=_xlfn.IFNA(_xlfn.XLOOKUP(J40,'RIA projected targets'!$B$12:$B$54,_xlfn.XLOOKUP(J$10,'RIA projected targets'!$C$8:$AP$8,'RIA projected targets'!$C$12:$AP$54),,0,),"-")} -> 196730 | K49: {=_xlfn.IFNA(_xlfn.XLOOKUP(K40,'RIA projected targets'!$B$12:$B$54,_xlfn.XLOOKUP(K$10,'RIA projected targets'!$C$8:$AP$8,'RIA projected targets'!$C$12:$AP$54),,0,),"-")} -> 216423.6 | ... V49: {=_xlfn.IFNA(_xlfn.XLOOKUP(V40,'RIA projected targets'!$B$12:$B$54,_xlfn.XLOOKUP(V$10,'RIA projected targets'!$C$8:$AP$8,'RIA projected targets'!$C$12:$AP$54),,0,),"-")} -> 572728.15
B50: RIA Adequate Savings Threshold | C50: RM | D50: {=_xlfn.IFNA(_xlfn.XLOOKUP(D40,'RIA projected targets'!$B$58:$B$100,_xlfn.XLOOKUP(D$10,'RIA projected targets'!$C$8:$AP$8,'RIA projected targets'!$C$58:$AP$100),,0,),"-")} -> - | E50: {=_xlfn.IFNA(_xlfn.XLOOKUP(E40,'RIA projected targets'!$B$58:$B$100,_xlfn.XLOOKUP(E$10,'RIA projected targets'!$C$8:$AP$8,'RIA projected targets'!$C$58:$AP$100),,0,),"-")} -> - | F50: {=_xlfn.IFNA(_xlfn.XLOOKUP(F40,'RIA projected targets'!$B$58:$B$100,_xlfn.XLOOKUP(F$10,'RIA projected targets'!$C$8:$AP$8,'RIA projected targets'!$C$58:$AP$100),,0,),"-")} -> - | G50: {=_xlfn.IFNA(_xlfn.XLOOKUP(G40,'RIA projected targets'!$B$58:$B$100,_xlfn.XLOOKUP(G$10,'RIA projected targets'!$C$8:$AP$8,'RIA projected targets'!$C$58:$AP$100),,0,),"-")} -> - | H50: {=_xlfn.IFNA(_xlfn.XLOOKUP(H40,'RIA projected targets'!$B$58:$B$100,_xlfn.XLOOKUP(H$10,'RIA projected targets'!$C$8:$AP$8,'RIA projected targets'!$C$58:$AP$100),,0,),"-")} -> - | I50: {=_xlfn.IFNA(_xlfn.XLOOKUP(I40,'RIA projected targets'!$B$58:$B$100,_xlfn.XLOOKUP(I$10,'RIA projected targets'!$C$8:$AP$8,'RIA projected targets'!$C$58:$AP$100),,0,),"-")} -> 271000 | J50: {=_xlfn.IFNA(_xlfn.XLOOKUP(J40,'RIA projected targets'!$B$58:$B$100,_xlfn.XLOOKUP(J$10,'RIA projected targets'!$C$8:$AP$8,'RIA projected targets'!$C$58:$AP$100),,0,),"-")} -> 300760 | K50: {=_xlfn.IFNA(_xlfn.XLOOKUP(K40,'RIA projected targets'!$B$58:$B$100,_xlfn.XLOOKUP(K$10,'RIA projected targets'!$C$8:$AP$8,'RIA projected targets'!$C$58:$AP$100),,0,),"-")} -> 334183.5 | ... V50: {=_xlfn.IFNA(_xlfn.XLOOKUP(V40,'RIA projected targets'!$B$58:$B$100,_xlfn.XLOOKUP(V$10,'RIA projected targets'!$C$8:$AP$8,'RIA projected targets'!$C$58:$AP$100),,0,),"-")} -> 954546.91
B52: COHORT | C52: 37
B53: Age | C53: # | D53: =C52 -> 37 | E53: =D53+1 -> 38 | F53: =E53+1 -> 39 | G53: =F53+1 -> 40 | H53: =G53+1 -> 41 | I53: =H53+1 -> 42 | J53: =I53+1 -> 43 | K53: =J53+1 -> 44 | L53: =K53+1 -> 45 | ... AA53: =Z53+1 -> 60
B54: EPF Balance | C54: RM | D54: =_xlfn.XLOOKUP(D53,'EPF Cohorts'!$B$5:$B$11,'EPF Cohorts'!$G$5:$G$11) -> 112985.79 | E54: =D61 -> 128392.52 | F54: =E61 -> 145188.05 | G54: =F61 -> 163479.64 | H54: =G61 -> 183382.2 | I54: =H61 -> 205018.81 | J54: =I61 -> 228521.26 | K54: =J61 -> 253497.36 | L54: =K61 -> 280511.14 | ... AA54: =Z61 -> 1033383.5
B55: Median Salary (annual) | C55: RM | D55: {=_xlfn.XLOOKUP(D53,'Salary projections'!$B$10:$B$48,_xlfn.XLOOKUP(D$10,'Salary projections'!$D$9:$AS$9,'Salary projections'!$D$10:$AS$48,,0),,0)*12} -> 45427.2 | E55: {=_xlfn.XLOOKUP(E53,'Salary projections'!$B$10:$B$48,_xlfn.XLOOKUP(E$10,'Salary projections'!$D$9:$AS$9,'Salary projections'!$D$10:$AS$48,,0),,0)*12} -> 47784.223 | F55: {=_xlfn.XLOOKUP(F53,'Salary projections'!$B$10:$B$48,_xlfn.XLOOKUP(F$10,'Salary projections'!$D$9:$AS$9,'Salary projections'!$D$10:$AS$48,,0),,0)*12} -> 50257.124 | G55: {=_xlfn.XLOOKUP(G53,'Salary projections'!$B$10:$B$48,_xlfn.XLOOKUP(G$10,'Salary projections'!$D$9:$AS$9,'Salary projections'!$D$10:$AS$48,,0),,0)*12} -> 52851.402 | H55: {=_xlfn.XLOOKUP(H53,'Salary projections'!$B$10:$B$48,_xlfn.XLOOKUP(H$10,'Salary projections'!$D$9:$AS$9,'Salary projections'!$D$10:$AS$48,,0),,0)*12} -> 55572.811 | I55: {=_xlfn.XLOOKUP(I53,'Salary projections'!$B$10:$B$48,_xlfn.XLOOKUP(I$10,'Salary projections'!$D$9:$AS$9,'Salary projections'!$D$10:$AS$48,,0),,0)*12} -> 58427.371 | J55: {=_xlfn.XLOOKUP(J53,'Salary projections'!$B$10:$B$48,_xlfn.XLOOKUP(J$10,'Salary projections'!$D$9:$AS$9,'Salary projections'!$D$10:$AS$48,,0),,0)*12} -> 61092.922 | K55: {=_xlfn.XLOOKUP(K53,'Salary projections'!$B$10:$B$48,_xlfn.XLOOKUP(K$10,'Salary projections'!$D$9:$AS$9,'Salary projections'!$D$10:$AS$48,,0),,0)*12} -> 63878.234 | ... AA55: {=_xlfn.XLOOKUP(AA53,'Salary projections'!$B$10:$B$48,_xlfn.XLOOKUP(AA$10,'Salary projections'!$D$9:$AS$9,'Salary projections'!$D$10:$AS$48,,0),,0)*12} -> 104063.59
B56: EPF contribution | C56: % | D56: =IF((D55/12<5000),$C$6,$C$7) -> 0.24 | E56: =IF((E55/12<5000),$C$6,$C$7) -> 0.24 | F56: =IF((F55/12<5000),$C$6,$C$7) -> 0.24 | G56: =IF((G55/12<5000),$C$6,$C$7) -> 0.24 | H56: =IF((H55/12<5000),$C$6,$C$7) -> 0.24 | I56: =IF((I55/12<5000),$C$6,$C$7) -> 0.24 | J56: =IF((J55/12<5000),$C$6,$C$7) -> 0.23 | K56: =IF((K55/12<5000),$C$6,$C$7) -> 0.23 | ... AA56: =IF((AA55/12<5000),$C$6,$C$7) -> 0.23
B57: EPF contribution | C57: RM | D57: =D55*D56 -> 10902.528 | E57: =E55*E56 -> 11468.213 | F57: =F55*F56 -> 12061.71 | G57: =G55*G56 -> 12684.336 | H57: =H55*H56 -> 13337.475 | I57: =I55*I56 -> 14022.569 | J57: =J55*J56 -> 14051.372 | K57: =K55*K56 -> 14691.994 | ... AA57: =AA55*AA56 -> 23934.625
B58: EPF Account 1 | C58: RM | D58: =D57*$C$8 -> 8176.896 | E58: =E57*$C$8 -> 8601.1601 | F58: =F57*$C$8 -> 9046.2823 | G58: =G57*$C$8 -> 9513.2524 | H58: =H57*$C$8 -> 10003.106 | I58: =I57*$C$8 -> 10516.927 | J58: =J57*$C$8 -> 10538.529 | K58: =K57*$C$8 -> 11018.995 | ... AA58: =AA57*$C$8 -> 17950.969
B59: EPF returns | C59: % | D59: =$C$5 -> 0.061754286 | E59: =$C$5 -> 0.061754286 | F59: =$C$5 -> 0.061754286 | G59: =$C$5 -> 0.061754286 | H59: =$C$5 -> 0.061754286 | I59: =$C$5 -> 0.061754286 | J59: =$C$5 -> 0.061754286 | K59: =$C$5 -> 0.061754286 | ... AA59: =$C$5 -> 0.061754286
B60: EPF returns | C60: RM | D60: =(D54*D59)+((D58*D59)/2) -> 7229.836 | E60: =(E54*E59)+((E58*E59)/2) -> 8194.3678 | F60: =(F54*F59)+((F58*F59)/2) -> 9245.3077 | G60: =(G54*G59)+((G58*G59)/2) -> 10389.311 | H60: =(H54*H59)+((H58*H59)/2) -> 11633.504 | I60: =(I54*I59)+((I58*I59)/2) -> 12985.523 | J60: =(J54*J59)+((J58*J59)/2) -> 14437.567 | K60: =(K54*K59)+((K58*K59)/2) -> 15994.784 | ... AA60: =(AA54*AA59)+((AA58*AA59)/2) -> 64370.135
B61: EPF balance | C61: RM | D61: =D60+D58+D54 -> 128392.52 | E61: =E60+E58+E54 -> 145188.05 | F61: =F60+F58+F54 -> 163479.64 | G61: =G60+G58+G54 -> 183382.2 | H61: =H60+H58+H54 -> 205018.81 | I61: =I60+I58+I54 -> 228521.26 | J61: =J60+J58+J54 -> 253497.36 | K61: =K60+K58+K54 -> 280511.14 | ... AA61: =AA60+AA58+AA54 -> 1115704.6
B62: RIA Basic Savings Threshold | D62: {=_xlfn.IFNA(_xlfn.XLOOKUP(D53,'RIA projected targets'!$B$12:$B$54,_xlfn.XLOOKUP(D$10,'RIA projected targets'!$C$8:$AP$8,'RIA projected targets'!$C$12:$AP$54),,0,),"-")} -> - | E62: {=_xlfn.IFNA(_xlfn.XLOOKUP(E53,'RIA projected targets'!$B$12:$B$54,_xlfn.XLOOKUP(E$10,'RIA projected targets'!$C$8:$AP$8,'RIA projected targets'!$C$12:$AP$54),,0,),"-")} -> - | F62: {=_xlfn.IFNA(_xlfn.XLOOKUP(F53,'RIA projected targets'!$B$12:$B$54,_xlfn.XLOOKUP(F$10,'RIA projected targets'!$C$8:$AP$8,'RIA projected targets'!$C$12:$AP$54),,0,),"-")} -> - | G62: {=_xlfn.IFNA(_xlfn.XLOOKUP(G53,'RIA projected targets'!$B$12:$B$54,_xlfn.XLOOKUP(G$10,'RIA projected targets'!$C$8:$AP$8,'RIA projected targets'!$C$12:$AP$54),,0,),"-")} -> - | H62: {=_xlfn.IFNA(_xlfn.XLOOKUP(H53,'RIA projected targets'!$B$12:$B$54,_xlfn.XLOOKUP(H$10,'RIA projected targets'!$C$8:$AP$8,'RIA projected targets'!$C$12:$AP$54),,0,),"-")} -> - | I62: {=_xlfn.IFNA(_xlfn.XLOOKUP(I53,'RIA projected targets'!$B$12:$B$54,_xlfn.XLOOKUP(I$10,'RIA projected targets'!$C$8:$AP$8,'RIA projected targets'!$C$12:$AP$54),,0,),"-")} -> 125000 | J62: {=_xlfn.IFNA(_xlfn.XLOOKUP(J53,'RIA projected targets'!$B$12:$B$54,_xlfn.XLOOKUP(J$10,'RIA projected targets'!$C$8:$AP$8,'RIA projected targets'!$C$12:$AP$54),,0,),"-")} -> 139050 | K62: {=_xlfn.IFNA(_xlfn.XLOOKUP(K53,'RIA projected targets'!$B$12:$B$54,_xlfn.XLOOKUP(K$10,'RIA projected targets'!$C$8:$AP$8,'RIA projected targets'!$C$12:$AP$54),,0,),"-")} -> 153830.5 | ... AA62: {=_xlfn.IFNA(_xlfn.XLOOKUP(AA53,'RIA projected targets'!$B$12:$B$54,_xlfn.XLOOKUP(AA$10,'RIA projected targets'!$C$8:$AP$8,'RIA projected targets'!$C$12:$AP$54),,0,),"-")} -> 663948.89
B63: RIA Adequate Savings Threshold | C63: RM | D63: {=_xlfn.IFNA(_xlfn.XLOOKUP(D53,'RIA projected targets'!$B$58:$B$100,_xlfn.XLOOKUP(D$10,'RIA projected targets'!$C$8:$AP$8,'RIA projected targets'!$C$58:$AP$100),,0,),"-")} -> - | E63: {=_xlfn.IFNA(_xlfn.XLOOKUP(E53,'RIA projected targets'!$B$58:$B$100,_xlfn.XLOOKUP(E$10,'RIA projected targets'!$C$8:$AP$8,'RIA projected targets'!$C$58:$AP$100),,0,),"-")} -> - | F63: {=_xlfn.IFNA(_xlfn.XLOOKUP(F53,'RIA projected targets'!$B$58:$B$100,_xlfn.XLOOKUP(F$10,'RIA projected targets'!$C$8:$AP$8,'RIA projected targets'!$C$58:$AP$100),,0,),"-")} -> - | G63: {=_xlfn.IFNA(_xlfn.XLOOKUP(G53,'RIA projected targets'!$B$58:$B$100,_xlfn.XLOOKUP(G$10,'RIA projected targets'!$C$8:$AP$8,'RIA projected targets'!$C$58:$AP$100),,0,),"-")} -> - | H63: {=_xlfn.IFNA(_xlfn.XLOOKUP(H53,'RIA projected targets'!$B$58:$B$100,_xlfn.XLOOKUP(H$10,'RIA projected targets'!$C$8:$AP$8,'RIA projected targets'!$C$58:$AP$100),,0,),"-")} -> - | I63: {=_xlfn.IFNA(_xlfn.XLOOKUP(I53,'RIA projected targets'!$B$58:$B$100,_xlfn.XLOOKUP(I$10,'RIA projected targets'!$C$8:$AP$8,'RIA projected targets'!$C$58:$AP$100),,0,),"-")} -> 179000 | J63: {=_xlfn.IFNA(_xlfn.XLOOKUP(J53,'RIA projected targets'!$B$58:$B$100,_xlfn.XLOOKUP(J$10,'RIA projected targets'!$C$8:$AP$8,'RIA projected targets'!$C$58:$AP$100),,0,),"-")} -> 200850 | K63: {=_xlfn.IFNA(_xlfn.XLOOKUP(K53,'RIA projected targets'!$B$58:$B$100,_xlfn.XLOOKUP(K$10,'RIA projected targets'!$C$8:$AP$8,'RIA projected targets'!$C$58:$AP$100),,0,),"-")} -> 225971.7 | ... AA63: {=_xlfn.IFNA(_xlfn.XLOOKUP(AA53,'RIA projected targets'!$B$58:$B$100,_xlfn.XLOOKUP(AA$10,'RIA projected targets'!$C$8:$AP$8,'RIA projected targets'!$C$58:$AP$100),,0,),"-")} -> 1106581.5
B65: COHORT | C65: 32
B66: Age | C66: # | D66: =C65 -> 32 | E66: =D66+1 -> 33 | F66: =E66+1 -> 34 | G66: =F66+1 -> 35 | H66: =G66+1 -> 36 | I66: =H66+1 -> 37 | J66: =I66+1 -> 38 | K66: =J66+1 -> 39 | L66: =K66+1 -> 40 | ... AF66: =AE66+1 -> 60
B67: EPF Balance | C67: RM | D67: =_xlfn.XLOOKUP(D66,'EPF Cohorts'!$B$5:$B$11,'EPF Cohorts'!$G$5:$G$11) -> 61213.799 | E67: =D74 -> 72327.57 | F67: =E74 -> 84648.937 | G67: =F74 -> 98282.441 | H67: =G74 -> 113340.64 | I67: =H74 -> 129944.7 | J67: =I74 -> 148224.97 | K67: =J74 -> 168166.24 | L67: =K74 -> 189424.5 | ... AF67: =AE74 -> 1221253.1
B68: Median Salary (annual) | C68: RM | D68: {=_xlfn.XLOOKUP(D66,'Salary projections'!$B$10:$B$48,_xlfn.XLOOKUP(D$10,'Salary projections'!$D$9:$AS$9,'Salary projections'!$D$10:$AS$48,,0),,0)*12} -> 39521.664 | E68: {=_xlfn.XLOOKUP(E66,'Salary projections'!$B$10:$B$48,_xlfn.XLOOKUP(E$10,'Salary projections'!$D$9:$AS$9,'Salary projections'!$D$10:$AS$48,,0),,0)*12} -> 42330.882 | F68: {=_xlfn.XLOOKUP(F66,'Salary projections'!$B$10:$B$48,_xlfn.XLOOKUP(F$10,'Salary projections'!$D$9:$AS$9,'Salary projections'!$D$10:$AS$48,,0),,0)*12} -> 45301.603 | G68: {=_xlfn.XLOOKUP(G66,'Salary projections'!$B$10:$B$48,_xlfn.XLOOKUP(G$10,'Salary projections'!$D$9:$AS$9,'Salary projections'!$D$10:$AS$48,,0),,0)*12} -> 48442.252 | H68: {=_xlfn.XLOOKUP(H66,'Salary projections'!$B$10:$B$48,_xlfn.XLOOKUP(H$10,'Salary projections'!$D$9:$AS$9,'Salary projections'!$D$10:$AS$48,,0),,0)*12} -> 51761.67 | I68: {=_xlfn.XLOOKUP(I66,'Salary projections'!$B$10:$B$48,_xlfn.XLOOKUP(I$10,'Salary projections'!$D$9:$AS$9,'Salary projections'!$D$10:$AS$48,,0),,0)*12} -> 55269.135 | J68: {=_xlfn.XLOOKUP(J66,'Salary projections'!$B$10:$B$48,_xlfn.XLOOKUP(J$10,'Salary projections'!$D$9:$AS$9,'Salary projections'!$D$10:$AS$48,,0),,0)*12} -> 58136.813 | K68: {=_xlfn.XLOOKUP(K66,'Salary projections'!$B$10:$B$48,_xlfn.XLOOKUP(K$10,'Salary projections'!$D$9:$AS$9,'Salary projections'!$D$10:$AS$48,,0),,0)*12} -> 61145.475 | ... AF68: {=_xlfn.XLOOKUP(AF66,'Salary projections'!$B$10:$B$48,_xlfn.XLOOKUP(AF$10,'Salary projections'!$D$9:$AS$9,'Salary projections'!$D$10:$AS$48,,0),,0)*12} -> 126609.27
B69: EPF contribution | C69: % | D69: =IF((D68/12<5000),$C$6,$C$7) -> 0.24 | E69: =IF((E68/12<5000),$C$6,$C$7) -> 0.24 | F69: =IF((F68/12<5000),$C$6,$C$7) -> 0.24 | G69: =IF((G68/12<5000),$C$6,$C$7) -> 0.24 | H69: =IF((H68/12<5000),$C$6,$C$7) -> 0.24 | I69: =IF((I68/12<5000),$C$6,$C$7) -> 0.24 | J69: =IF((J68/12<5000),$C$6,$C$7) -> 0.24 | K69: =IF((K68/12<5000),$C$6,$C$7) -> 0.23 | ... AF69: =IF((AF68/12<5000),$C$6,$C$7) -> 0.23
B70: EPF contribution | C70: RM | D70: =D68*D69 -> 9485.1994 | E70: =E68*E69 -> 10159.412 | F70: =F68*F69 -> 10872.385 | G70: =G68*G69 -> 11626.14 | H70: =H68*H69 -> 12422.801 | I70: =I68*I69 -> 13264.592 | J70: =J68*J69 -> 13952.835 | K70: =K68*K69 -> 14063.459 | ... AF70: =AF68*AF69 -> 29120.131
B71: EPF Account 1 | C71: RM | D71: =D70*$C$8 -> 7113.8995 | E71: =E70*$C$8 -> 7619.5588 | F71: =F70*$C$8 -> 8154.2885 | G71: =G70*$C$8 -> 8719.6054 | H71: =H70*$C$8 -> 9317.1007 | I71: =I70*$C$8 -> 9948.4443 | J71: =J70*$C$8 -> 10464.626 | K71: =K70*$C$8 -> 10547.595 | ... AF71: =AF70*$C$8 -> 21840.098
B72: EPF returns | C72: % | D72: =$C$5 -> 0.061754286 | E72: =$C$5 -> 0.061754286 | F72: =$C$5 -> 0.061754286 | G72: =$C$5 -> 0.061754286 | H72: =$C$5 -> 0.061754286 | I72: =$C$5 -> 0.061754286 | J72: =$C$5 -> 0.061754286 | K72: =$C$5 -> 0.061754286 | ... AF72: =$C$5 -> 0.061754286
B73: EPF returns | C73: RM | D73: =(D67*D72)+((D71*D72)/2) -> 3999.8713 | E73: =(E67*E72)+((E71*E72)/2) -> 4701.8076 | F73: =(F67*F72)+((F71*F72)/2) -> 5479.2157 | G73: =(G67*G72)+((G71*G72)/2) -> 6338.5984 | H73: =(H67*H72)+((H71*H72)/2) -> 7286.956 | I73: =(I67*I72)+((I71*I72)/2) -> 8331.8217 | J73: =(J67*J72)+((J71*J72)/2) -> 9476.6447 | K73: =(K67*K72)+((K71*K72)/2) -> 10710.666 | ... AF73: =(AF67*AF72)+((AF71*AF72)/2) -> 76091.974
B74: EPF balance | C74: RM | D74: =D73+D71+D67 -> 72327.57 | E74: =E73+E71+E67 -> 84648.937 | F74: =F73+F71+F67 -> 98282.441 | G74: =G73+G71+G67 -> 113340.64 | H74: =H73+H71+H67 -> 129944.7 | I74: =I73+I71+I67 -> 148224.97 | J74: =J73+J71+J67 -> 168166.24 | K74: =K73+K71+K67 -> 189424.5 | ... AF74: =AF73+AF71+AF67 -> 1319185.2
B75: RIA Basic Savings Threshold | D75: {=_xlfn.IFNA(_xlfn.XLOOKUP(D66,'RIA projected targets'!$B$12:$B$54,_xlfn.XLOOKUP(D$10,'RIA projected targets'!$C$8:$AP$8,'RIA projected targets'!$C$12:$AP$54),,0,),"-")} -> - | E75: {=_xlfn.IFNA(_xlfn.XLOOKUP(E66,'RIA projected targets'!$B$12:$B$54,_xlfn.XLOOKUP(E$10,'RIA projected targets'!$C$8:$AP$8,'RIA projected targets'!$C$12:$AP$54),,0,),"-")} -> - | F75: {=_xlfn.IFNA(_xlfn.XLOOKUP(F66,'RIA projected targets'!$B$12:$B$54,_xlfn.XLOOKUP(F$10,'RIA projected targets'!$C$8:$AP$8,'RIA projected targets'!$C$12:$AP$54),,0,),"-")} -> - | G75: {=_xlfn.IFNA(_xlfn.XLOOKUP(G66,'RIA projected targets'!$B$12:$B$54,_xlfn.XLOOKUP(G$10,'RIA projected targets'!$C$8:$AP$8,'RIA projected targets'!$C$12:$AP$54),,0,),"-")} -> - | H75: {=_xlfn.IFNA(_xlfn.XLOOKUP(H66,'RIA projected targets'!$B$12:$B$54,_xlfn.XLOOKUP(H$10,'RIA projected targets'!$C$8:$AP$8,'RIA projected targets'!$C$12:$AP$54),,0,),"-")} -> - | I75: {=_xlfn.IFNA(_xlfn.XLOOKUP(I66,'RIA projected targets'!$B$12:$B$54,_xlfn.XLOOKUP(I$10,'RIA projected targets'!$C$8:$AP$8,'RIA projected targets'!$C$12:$AP$54),,0,),"-")} -> 82600 | J75: {=_xlfn.IFNA(_xlfn.XLOOKUP(J66,'RIA projected targets'!$B$12:$B$54,_xlfn.XLOOKUP(J$10,'RIA projected targets'!$C$8:$AP$8,'RIA projected targets'!$C$12:$AP$54),,0,),"-")} -> 93112 | K75: {=_xlfn.IFNA(_xlfn.XLOOKUP(K66,'RIA projected targets'!$B$12:$B$54,_xlfn.XLOOKUP(K$10,'RIA projected targets'!$C$8:$AP$8,'RIA projected targets'!$C$12:$AP$54),,0,),"-")} -> 104604.74 | ... AF75: {=_xlfn.IFNA(_xlfn.XLOOKUP(AF66,'RIA projected targets'!$B$12:$B$54,_xlfn.XLOOKUP(AF$10,'RIA projected targets'!$C$8:$AP$8,'RIA projected targets'!$C$12:$AP$54),,0,),"-")} -> 769698.74
B76: RIA Adequate Savings Threshold | C76: RM | D76: {=_xlfn.IFNA(_xlfn.XLOOKUP(D66,'RIA projected targets'!$B$58:$B$100,_xlfn.XLOOKUP(D$10,'RIA projected targets'!$C$8:$AP$8,'RIA projected targets'!$C$58:$AP$100),,0,),"-")} -> - | E76: {=_xlfn.IFNA(_xlfn.XLOOKUP(E66,'RIA projected targets'!$B$58:$B$100,_xlfn.XLOOKUP(E$10,'RIA projected targets'!$C$8:$AP$8,'RIA projected targets'!$C$58:$AP$100),,0,),"-")} -> - | F76: {=_xlfn.IFNA(_xlfn.XLOOKUP(F66,'RIA projected targets'!$B$58:$B$100,_xlfn.XLOOKUP(F$10,'RIA projected targets'!$C$8:$AP$8,'RIA projected targets'!$C$58:$AP$100),,0,),"-")} -> - | G76: {=_xlfn.IFNA(_xlfn.XLOOKUP(G66,'RIA projected targets'!$B$58:$B$100,_xlfn.XLOOKUP(G$10,'RIA projected targets'!$C$8:$AP$8,'RIA projected targets'!$C$58:$AP$100),,0,),"-")} -> - | H76: {=_xlfn.IFNA(_xlfn.XLOOKUP(H66,'RIA projected targets'!$B$58:$B$100,_xlfn.XLOOKUP(H$10,'RIA projected targets'!$C$8:$AP$8,'RIA projected targets'!$C$58:$AP$100),,0,),"-")} -> - | I76: {=_xlfn.IFNA(_xlfn.XLOOKUP(I66,'RIA projected targets'!$B$58:$B$100,_xlfn.XLOOKUP(I$10,'RIA projected targets'!$C$8:$AP$8,'RIA projected targets'!$C$58:$AP$100),,0,),"-")} -> 111000 | J76: {=_xlfn.IFNA(_xlfn.XLOOKUP(J66,'RIA projected targets'!$B$58:$B$100,_xlfn.XLOOKUP(J$10,'RIA projected targets'!$C$8:$AP$8,'RIA projected targets'!$C$58:$AP$100),,0,),"-")} -> 126690 | K76: {=_xlfn.IFNA(_xlfn.XLOOKUP(K66,'RIA projected targets'!$B$58:$B$100,_xlfn.XLOOKUP(K$10,'RIA projected targets'!$C$8:$AP$8,'RIA projected targets'!$C$58:$AP$100),,0,),"-")} -> 144282.4 | ... AF76: {=_xlfn.IFNA(_xlfn.XLOOKUP(AF66,'RIA projected targets'!$B$58:$B$100,_xlfn.XLOOKUP(AF$10,'RIA projected targets'!$C$8:$AP$8,'RIA projected targets'!$C$58:$AP$100),,0,),"-")} -> 1282831.2
B78: COHORT | C78: 27
B79: Age | C79: # | D79: =C78 -> 27 | E79: =D79+1 -> 28 | F79: =E79+1 -> 29 | G79: =F79+1 -> 30 | H79: =G79+1 -> 31 | I79: =H79+1 -> 32 | J79: =I79+1 -> 33 | K79: =J79+1 -> 34 | L79: =K79+1 -> 35 | ... AK79: =AJ79+1 -> 60
B80: EPF Balance | C80: RM | D80: =_xlfn.XLOOKUP(D79,'EPF Cohorts'!$B$5:$B$11,'EPF Cohorts'!$G$5:$G$11) -> 28153.011 | E80: =D87 -> 36066.699 | F80: =E87 -> 44957.051 | G80: =F87 -> 54913.537 | H80: =G87 -> 66032.704 | I80: =H87 -> 78418.688 | J80: =I87 -> 92183.771 | K80: =J87 -> 107433.11 | L80: =K87 -> 124294.84 | ... AK80: =AJ87 -> 1501150.7
B81: Median Salary (annual) | C81: RM | D81: {=_xlfn.XLOOKUP(D79,'Salary projections'!$B$10:$B$48,_xlfn.XLOOKUP(D$10,'Salary projections'!$D$9:$AS$9,'Salary projections'!$D$10:$AS$48,,0),,0)*12} -> 33278.669 | E81: {=_xlfn.XLOOKUP(E79,'Salary projections'!$B$10:$B$48,_xlfn.XLOOKUP(E$10,'Salary projections'!$D$9:$AS$9,'Salary projections'!$D$10:$AS$48,,0),,0)*12} -> 35908.359 | F81: {=_xlfn.XLOOKUP(F79,'Salary projections'!$B$10:$B$48,_xlfn.XLOOKUP(F$10,'Salary projections'!$D$9:$AS$9,'Salary projections'!$D$10:$AS$48,,0),,0)*12} -> 38695.178 | G81: {=_xlfn.XLOOKUP(G79,'Salary projections'!$B$10:$B$48,_xlfn.XLOOKUP(G$10,'Salary projections'!$D$9:$AS$9,'Salary projections'!$D$10:$AS$48,,0),,0)*12} -> 41647.489 | H81: {=_xlfn.XLOOKUP(H79,'Salary projections'!$B$10:$B$48,_xlfn.XLOOKUP(H$10,'Salary projections'!$D$9:$AS$9,'Salary projections'!$D$10:$AS$48,,0),,0)*12} -> 44774.073 | I81: {=_xlfn.XLOOKUP(I79,'Salary projections'!$B$10:$B$48,_xlfn.XLOOKUP(I$10,'Salary projections'!$D$9:$AS$9,'Salary projections'!$D$10:$AS$48,,0),,0)*12} -> 48084.147 | J81: {=_xlfn.XLOOKUP(J79,'Salary projections'!$B$10:$B$48,_xlfn.XLOOKUP(J$10,'Salary projections'!$D$9:$AS$9,'Salary projections'!$D$10:$AS$48,,0),,0)*12} -> 51501.991 | K81: {=_xlfn.XLOOKUP(K79,'Salary projections'!$B$10:$B$48,_xlfn.XLOOKUP(K$10,'Salary projections'!$D$9:$AS$9,'Salary projections'!$D$10:$AS$48,,0),,0)*12} -> 55116.327 | ... AK81: {=_xlfn.XLOOKUP(AK79,'Salary projections'!$B$10:$B$48,_xlfn.XLOOKUP(AK$10,'Salary projections'!$D$9:$AS$9,'Salary projections'!$D$10:$AS$48,,0),,0)*12} -> 154039.53
B82: EPF contribution | C82: % | D82: =IF((D81/12<5000),$C$6,$C$7) -> 0.24 | E82: =IF((E81/12<5000),$C$6,$C$7) -> 0.24 | F82: =IF((F81/12<5000),$C$6,$C$7) -> 0.24 | G82: =IF((G81/12<5000),$C$6,$C$7) -> 0.24 | H82: =IF((H81/12<5000),$C$6,$C$7) -> 0.24 | I82: =IF((I81/12<5000),$C$6,$C$7) -> 0.24 | J82: =IF((J81/12<5000),$C$6,$C$7) -> 0.24 | K82: =IF((K81/12<5000),$C$6,$C$7) -> 0.24 | ... AK82: =IF((AK81/12<5000),$C$6,$C$7) -> 0.23
B83: EPF contribution | C83: RM | D83: =D81*D82 -> 7986.8805 | E83: =E81*E82 -> 8618.0061 | F83: =F81*F82 -> 9286.8426 | G83: =G81*G82 -> 9995.3973 | H83: =H81*H82 -> 10745.777 | I83: =I81*I82 -> 11540.195 | J83: =J81*J82 -> 12360.478 | K83: =K81*K82 -> 13227.918 | ... AK83: =AK81*AK82 -> 35429.092
B84: EPF Account 1 | C84: RM | D84: =D83*$C$8 -> 5990.1604 | E84: =E83*$C$8 -> 6463.5045 | F84: =F83*$C$8 -> 6965.132 | G84: =G83*$C$8 -> 7496.548 | H84: =H83*$C$8 -> 8059.3331 | I84: =I83*$C$8 -> 8655.1465 | J84: =J83*$C$8 -> 9270.3583 | K84: =K83*$C$8 -> 9920.9388 | ... AK84: =AK83*$C$8 -> 26571.819
B85: EPF returns | C85: % | D85: =$C$5 -> 0.061754286 | E85: =$C$5 -> 0.061754286 | F85: =$C$5 -> 0.061754286 | G85: =$C$5 -> 0.061754286 | H85: =$C$5 -> 0.061754286 | I85: =$C$5 -> 0.061754286 | J85: =$C$5 -> 0.061754286 | K85: =$C$5 -> 0.061754286 | ... AK85: =$C$5 -> 0.061754286
B86: EPF returns | C86: RM | D86: =(D80*D85)+((D84*D85)/2) -> 1923.5281 | E86: =(E80*E85)+((E84*E85)/2) -> 2426.8478 | F86: =(F80*F85)+((F84*F85)/2) -> 2991.354 | G86: =(G80*G85)+((G84*G85)/2) -> 3622.6183 | H86: =(H80*H85)+((H84*H85)/2) -> 4326.6516 | I86: =(I80*I85)+((I84*I85)/2) -> 5109.9363 | J86: =(J80*J85)+((J84*J85)/2) -> 5978.9851 | K86: =(K80*K85)+((K84*K85)/2) -> 6940.7855 | ... AK86: =(AK80*AK85)+((AK84*AK85)/2) -> 93522.948
B87: EPF balance | C87: RM | D87: =D86+D84+D80 -> 36066.699 | E87: =E86+E84+E80 -> 44957.051 | F87: =F86+F84+F80 -> 54913.537 | G87: =G86+G84+G80 -> 66032.704 | H87: =H86+H84+H80 -> 78418.688 | I87: =I86+I84+I80 -> 92183.771 | J87: =J86+J84+J80 -> 107433.11 | K87: =K86+K84+K80 -> 124294.84 | ... AK87: =AK86+AK84+AK80 -> 1621245.4
B88: RIA Basic Savings Threshold | D88: {=_xlfn.IFNA(_xlfn.XLOOKUP(D79,'RIA projected targets'!$B$12:$B$54,_xlfn.XLOOKUP(D$10,'RIA projected targets'!$C$8:$AP$8,'RIA projected targets'!$C$12:$AP$54),,0,),"-")} -> - | E88: {=_xlfn.IFNA(_xlfn.XLOOKUP(E79,'RIA projected targets'!$B$12:$B$54,_xlfn.XLOOKUP(E$10,'RIA projected targets'!$C$8:$AP$8,'RIA projected targets'!$C$12:$AP$54),,0,),"-")} -> - | F88: {=_xlfn.IFNA(_xlfn.XLOOKUP(F79,'RIA projected targets'!$B$12:$B$54,_xlfn.XLOOKUP(F$10,'RIA projected targets'!$C$8:$AP$8,'RIA projected targets'!$C$12:$AP$54),,0,),"-")} -> - | G88: {=_xlfn.IFNA(_xlfn.XLOOKUP(G79,'RIA projected targets'!$B$12:$B$54,_xlfn.XLOOKUP(G$10,'RIA projected targets'!$C$8:$AP$8,'RIA projected targets'!$C$12:$AP$54),,0,),"-")} -> - | H88: {=_xlfn.IFNA(_xlfn.XLOOKUP(H79,'RIA projected targets'!$B$12:$B$54,_xlfn.XLOOKUP(H$10,'RIA projected targets'!$C$8:$AP$8,'RIA projected targets'!$C$12:$AP$54),,0,),"-")} -> - | I88: {=_xlfn.IFNA(_xlfn.XLOOKUP(I79,'RIA projected targets'!$B$12:$B$54,_xlfn.XLOOKUP(I$10,'RIA projected targets'!$C$8:$AP$8,'RIA projected targets'!$C$12:$AP$54),,0,),"-")} -> 49100 | J88: {=_xlfn.IFNA(_xlfn.XLOOKUP(J79,'RIA projected targets'!$B$12:$B$54,_xlfn.XLOOKUP(J$10,'RIA projected targets'!$C$8:$AP$8,'RIA projected targets'!$C$12:$AP$54),,0,),"-")} -> 56753 | K88: {=_xlfn.IFNA(_xlfn.XLOOKUP(K79,'RIA projected targets'!$B$12:$B$54,_xlfn.XLOOKUP(K$10,'RIA projected targets'!$C$8:$AP$8,'RIA projected targets'!$C$12:$AP$54),,0,),"-")} -> 65139.26 | ... AK88: {=_xlfn.IFNA(_xlfn.XLOOKUP(AK79,'RIA projected targets'!$B$12:$B$54,_xlfn.XLOOKUP(AK$10,'RIA projected targets'!$C$8:$AP$8,'RIA projected targets'!$C$12:$AP$54),,0,),"-")} -> 892291.79
B89: RIA Adequate Savings Threshold | C89: RM | D89: {=_xlfn.IFNA(_xlfn.XLOOKUP(D79,'RIA projected targets'!$B$58:$B$100,_xlfn.XLOOKUP(D$10,'RIA projected targets'!$C$8:$AP$8,'RIA projected targets'!$C$58:$AP$100),,0,),"-")} -> - | E89: {=_xlfn.IFNA(_xlfn.XLOOKUP(E79,'RIA projected targets'!$B$58:$B$100,_xlfn.XLOOKUP(E$10,'RIA projected targets'!$C$8:$AP$8,'RIA projected targets'!$C$58:$AP$100),,0,),"-")} -> - | F89: {=_xlfn.IFNA(_xlfn.XLOOKUP(F79,'RIA projected targets'!$B$58:$B$100,_xlfn.XLOOKUP(F$10,'RIA projected targets'!$C$8:$AP$8,'RIA projected targets'!$C$58:$AP$100),,0,),"-")} -> - | G89: {=_xlfn.IFNA(_xlfn.XLOOKUP(G79,'RIA projected targets'!$B$58:$B$100,_xlfn.XLOOKUP(G$10,'RIA projected targets'!$C$8:$AP$8,'RIA projected targets'!$C$58:$AP$100),,0,),"-")} -> - | H89: {=_xlfn.IFNA(_xlfn.XLOOKUP(H79,'RIA projected targets'!$B$58:$B$100,_xlfn.XLOOKUP(H$10,'RIA projected targets'!$C$8:$AP$8,'RIA projected targets'!$C$58:$AP$100),,0,),"-")} -> - | I89: {=_xlfn.IFNA(_xlfn.XLOOKUP(I79,'RIA projected targets'!$B$58:$B$100,_xlfn.XLOOKUP(I$10,'RIA projected targets'!$C$8:$AP$8,'RIA projected targets'!$C$58:$AP$100),,0,),"-")} -> 62700 | J89: {=_xlfn.IFNA(_xlfn.XLOOKUP(J79,'RIA projected targets'!$B$58:$B$100,_xlfn.XLOOKUP(J$10,'RIA projected targets'!$C$8:$AP$8,'RIA projected targets'!$C$58:$AP$100),,0,),"-")} -> 73336 | K89: {=_xlfn.IFNA(_xlfn.XLOOKUP(K79,'RIA projected targets'!$B$58:$B$100,_xlfn.XLOOKUP(K$10,'RIA projected targets'!$C$8:$AP$8,'RIA projected targets'!$C$58:$AP$100),,0,),"-")} -> 85190.27 | ... AK89: {=_xlfn.IFNA(_xlfn.XLOOKUP(AK79,'RIA projected targets'!$B$58:$B$100,_xlfn.XLOOKUP(AK$10,'RIA projected targets'!$C$8:$AP$8,'RIA projected targets'!$C$58:$AP$100),,0,),"-")} -> 1487153
B91: COHORT | C91: 22
B92: Age | C92: # | D92: =C91 -> 22 | E92: =D92+1 -> 23 | F92: =E92+1 -> 24 | G92: =F92+1 -> 25 | H92: =G92+1 -> 26 | I92: =H92+1 -> 27 | J92: =I92+1 -> 28 | K92: =J92+1 -> 29 | L92: =K92+1 -> 30 | ... AP92: =AO92+1 -> 60
B93: EPF Balance | C93: RM | D93: =_xlfn.XLOOKUP(D92,'EPF Cohorts'!$B$5:$B$11,'EPF Cohorts'!$G$5:$G$11) -> 9524.07 | E93: =D100 -> 14688.169 | F93: =E100 -> 20686.838 | G93: =F100 -> 27605.549 | H93: =G100 -> 35536.939 | I93: =H100 -> 44581.352 | J93: =I100 -> 54847.419 | K93: =J100 -> 66341.136 | L93: =K100 -> 79173.791 | ... AP93: =AO100 -> 1894042.4
B94: Median Salary (annual) | C94: RM | D94: {=_xlfn.XLOOKUP(D92,'Salary projections'!$B$10:$B$48,_xlfn.XLOOKUP(D$10,'Salary projections'!$D$9:$AS$9,'Salary projections'!$D$10:$AS$48,,0),,0)*12} -> 24660.48 | E94: {=_xlfn.XLOOKUP(E92,'Salary projections'!$B$10:$B$48,_xlfn.XLOOKUP(E$10,'Salary projections'!$D$9:$AS$9,'Salary projections'!$D$10:$AS$48,,0),,0)*12} -> 27439.482 | F94: {=_xlfn.XLOOKUP(F92,'Salary projections'!$B$10:$B$48,_xlfn.XLOOKUP(F$10,'Salary projections'!$D$9:$AS$9,'Salary projections'!$D$10:$AS$48,,0),,0)*12} -> 30401.348 | G94: {=_xlfn.XLOOKUP(G92,'Salary projections'!$B$10:$B$48,_xlfn.XLOOKUP(G$10,'Salary projections'!$D$9:$AS$9,'Salary projections'!$D$10:$AS$48,,0),,0)*12} -> 33556.26 | H94: {=_xlfn.XLOOKUP(H92,'Salary projections'!$B$10:$B$48,_xlfn.XLOOKUP(H$10,'Salary projections'!$D$9:$AS$9,'Salary projections'!$D$10:$AS$48,,0),,0)*12} -> 36914.923 | I94: {=_xlfn.XLOOKUP(I92,'Salary projections'!$B$10:$B$48,_xlfn.XLOOKUP(I$10,'Salary projections'!$D$9:$AS$9,'Salary projections'!$D$10:$AS$48,,0),,0)*12} -> 40488.589 | J94: {=_xlfn.XLOOKUP(J92,'Salary projections'!$B$10:$B$48,_xlfn.XLOOKUP(J$10,'Salary projections'!$D$9:$AS$9,'Salary projections'!$D$10:$AS$48,,0),,0)*12} -> 43688.009 | K94: {=_xlfn.XLOOKUP(K92,'Salary projections'!$B$10:$B$48,_xlfn.XLOOKUP(K$10,'Salary projections'!$D$9:$AS$9,'Salary projections'!$D$10:$AS$48,,0),,0)*12} -> 47078.6 | ... AP94: {=_xlfn.XLOOKUP(AP92,'Salary projections'!$B$10:$B$48,_xlfn.XLOOKUP(AP$10,'Salary projections'!$D$9:$AS$9,'Salary projections'!$D$10:$AS$48,,0),,0)*12} -> 187412.64
B95: EPF contribution | C95: % | D95: =IF((D94/12<5000),$C$6,$C$7) -> 0.24 | E95: =IF((E94/12<5000),$C$6,$C$7) -> 0.24 | F95: =IF((F94/12<5000),$C$6,$C$7) -> 0.24 | G95: =IF((G94/12<5000),$C$6,$C$7) -> 0.24 | H95: =IF((H94/12<5000),$C$6,$C$7) -> 0.24 | I95: =IF((I94/12<5000),$C$6,$C$7) -> 0.24 | J95: =IF((J94/12<5000),$C$6,$C$7) -> 0.24 | K95: =IF((K94/12<5000),$C$6,$C$7) -> 0.24 | ... AP95: =IF((AP94/12<5000),$C$6,$C$7) -> 0.23
B96: EPF contribution | C96: RM | D96: =D94*D95 -> 5918.5152 | E96: =E94*E95 -> 6585.4758 | F96: =F94*F95 -> 7296.3236 | G96: =G94*G95 -> 8053.5025 | H96: =H94*H95 -> 8859.5816 | I96: =I94*I95 -> 9717.2614 | J96: =J94*J95 -> 10485.122 | K96: =K94*K95 -> 11298.864 | ... AP96: =AP94*AP95 -> 43104.907
B97: EPF Account 1 | C97: RM | D97: =D96*$C$8 -> 4438.8864 | E97: =E96*$C$8 -> 4939.1068 | F97: =F96*$C$8 -> 5472.2427 | G97: =G96*$C$8 -> 6040.1269 | H97: =H96*$C$8 -> 6644.6862 | I97: =I96*$C$8 -> 7287.946 | J97: =J96*$C$8 -> 7863.8416 | K97: =K96*$C$8 -> 8474.148 | ... AP97: =AP96*$C$8 -> 32328.681
B98: EPF returns | C98: % | D98: =$C$5 -> 0.061754286 | E98: =$C$5 -> 0.061754286 | F98: =$C$5 -> 0.061754286 | G98: =$C$5 -> 0.061754286 | H98: =$C$5 -> 0.061754286 | I98: =$C$5 -> 0.061754286 | J98: =$C$5 -> 0.061754286 | K98: =$C$5 -> 0.061754286 | ... AP98: =$C$5 -> 0.061754286
B99: EPF returns | C99: RM | D99: =(D93*D98)+((D97*D98)/2) -> 725.21227 | E99: =(E93*E98)+((E97*E98)/2) -> 1059.5629 | F99: =(F93*F98)+((F97*F98)/2) -> 1446.4681 | G99: =(G93*G98)+((G97*G98)/2) -> 1891.2628 | H99: =(H93*H98)+((H97*H98)/2) -> 2399.7272 | I99: =(I93*I98)+((I97*I98)/2) -> 2978.1205 | J99: =(J93*J98)+((J97*J98)/2) -> 3629.8761 | K99: =(K93*K98)+((K97*K98)/2) -> 4358.507 | ... AP99: =(AP93*AP98)+((AP97*AP98)/2) -> 117963.45
B100: EPF balance | C100: RM | D100: =D99+D97+D93 -> 14688.169 | E100: =E99+E97+E93 -> 20686.838 | F100: =F99+F97+F93 -> 27605.549 | G100: =G99+G97+G93 -> 35536.939 | H100: =H99+H97+H93 -> 44581.352 | I100: =I99+I97+I93 -> 54847.419 | J100: =J99+J97+J93 -> 66341.136 | K100: =K99+K97+K93 -> 79173.791 | ... AP100: =AP99+AP97+AP93 -> 2044334.5
B101: RIA Basic Savings Threshold | D101: {=_xlfn.IFNA(_xlfn.XLOOKUP(D92,'RIA projected targets'!$B$12:$B$54,_xlfn.XLOOKUP(D$10,'RIA projected targets'!$C$8:$AP$8,'RIA projected targets'!$C$12:$AP$54),,0,),"-")} -> - | E101: {=_xlfn.IFNA(_xlfn.XLOOKUP(E92,'RIA projected targets'!$B$12:$B$54,_xlfn.XLOOKUP(E$10,'RIA projected targets'!$C$8:$AP$8,'RIA projected targets'!$C$12:$AP$54),,0,),"-")} -> - | F101: {=_xlfn.IFNA(_xlfn.XLOOKUP(F92,'RIA projected targets'!$B$12:$B$54,_xlfn.XLOOKUP(F$10,'RIA projected targets'!$C$8:$AP$8,'RIA projected targets'!$C$12:$AP$54),,0,),"-")} -> - | G101: {=_xlfn.IFNA(_xlfn.XLOOKUP(G92,'RIA projected targets'!$B$12:$B$54,_xlfn.XLOOKUP(G$10,'RIA projected targets'!$C$8:$AP$8,'RIA projected targets'!$C$12:$AP$54),,0,),"-")} -> - | H101: {=_xlfn.IFNA(_xlfn.XLOOKUP(H92,'RIA projected targets'!$B$12:$B$54,_xlfn.XLOOKUP(H$10,'RIA projected targets'!$C$8:$AP$8,'RIA projected targets'!$C$12:$AP$54),,0,),"-")} -> - | I101: {=_xlfn.IFNA(_xlfn.XLOOKUP(I92,'RIA projected targets'!$B$12:$B$54,_xlfn.XLOOKUP(I$10,'RIA projected targets'!$C$8:$AP$8,'RIA projected targets'!$C$12:$AP$54),,0,),"-")} -> 23800 | J101: {=_xlfn.IFNA(_xlfn.XLOOKUP(J92,'RIA projected targets'!$B$12:$B$54,_xlfn.XLOOKUP(J$10,'RIA projected targets'!$C$8:$AP$8,'RIA projected targets'!$C$12:$AP$54),,0,),"-")} -> 29149 | K101: {=_xlfn.IFNA(_xlfn.XLOOKUP(K92,'RIA projected targets'!$B$12:$B$54,_xlfn.XLOOKUP(K$10,'RIA projected targets'!$C$8:$AP$8,'RIA projected targets'!$C$12:$AP$54),,0,),"-")} -> 35009.7 | ... AP101: {=_xlfn.IFNA(_xlfn.XLOOKUP(AP92,'RIA projected targets'!$B$12:$B$54,_xlfn.XLOOKUP(AP$10,'RIA projected targets'!$C$8:$AP$8,'RIA projected targets'!$C$12:$AP$54),,0,),"-")} -> 1034410.7
B102: RIA Adequate Savings Threshold | C102: RM | D102: {=_xlfn.IFNA(_xlfn.XLOOKUP(D92,'RIA projected targets'!$B$58:$B$100,_xlfn.XLOOKUP(D$10,'RIA projected targets'!$C$8:$AP$8,'RIA projected targets'!$C$58:$AP$100),,0,),"-")} -> - | E102: {=_xlfn.IFNA(_xlfn.XLOOKUP(E92,'RIA projected targets'!$B$58:$B$100,_xlfn.XLOOKUP(E$10,'RIA projected targets'!$C$8:$AP$8,'RIA projected targets'!$C$58:$AP$100),,0,),"-")} -> - | F102: {=_xlfn.IFNA(_xlfn.XLOOKUP(F92,'RIA projected targets'!$B$58:$B$100,_xlfn.XLOOKUP(F$10,'RIA projected targets'!$C$8:$AP$8,'RIA projected targets'!$C$58:$AP$100),,0,),"-")} -> - | G102: {=_xlfn.IFNA(_xlfn.XLOOKUP(G92,'RIA projected targets'!$B$58:$B$100,_xlfn.XLOOKUP(G$10,'RIA projected targets'!$C$8:$AP$8,'RIA projected targets'!$C$58:$AP$100),,0,),"-")} -> - | H102: {=_xlfn.IFNA(_xlfn.XLOOKUP(H92,'RIA projected targets'!$B$58:$B$100,_xlfn.XLOOKUP(H$10,'RIA projected targets'!$C$8:$AP$8,'RIA projected targets'!$C$58:$AP$100),,0,),"-")} -> - | I102: {=_xlfn.IFNA(_xlfn.XLOOKUP(I92,'RIA projected targets'!$B$58:$B$100,_xlfn.XLOOKUP(I$10,'RIA projected targets'!$C$8:$AP$8,'RIA projected targets'!$C$58:$AP$100),,0,),"-")} -> 28600 | J102: {=_xlfn.IFNA(_xlfn.XLOOKUP(J92,'RIA projected targets'!$B$58:$B$100,_xlfn.XLOOKUP(J$10,'RIA projected targets'!$C$8:$AP$8,'RIA projected targets'!$C$58:$AP$100),,0,),"-")} -> 35535 | K102: {=_xlfn.IFNA(_xlfn.XLOOKUP(K92,'RIA projected targets'!$B$58:$B$100,_xlfn.XLOOKUP(K$10,'RIA projected targets'!$C$8:$AP$8,'RIA projected targets'!$C$58:$AP$100),,0,),"-")} -> 43178.63 | ... AP102: {=_xlfn.IFNA(_xlfn.XLOOKUP(AP92,'RIA projected targets'!$B$58:$B$100,_xlfn.XLOOKUP(AP$10,'RIA projected targets'!$C$8:$AP$8,'RIA projected targets'!$C$58:$AP$100),,0,),"-")} -> 1724017.9

Sheet Salary projections
A1: TheWealthMeta EPF Savings Target Projections
A2: Median monthly salary projections based on DOSM data
B4: FROM CONTROL PANEL
B6: Salary increase | C6: =Summary!F5 -> 0.04
B8: MEDIAN MONTHLY SALARY PROJECTIONS
B9: Cohort Name | C9: Age range (DOSM) | D9: 2023 | E9: =D9+1 -> 2024 | F9: =E9+1 -> 2025 | G9: =F9+1 -> 2026 | H9: =G9+1 -> 2027 | I9: =H9+1 -> 2028 | J9: =I9+1 -> 2029 | K9: =J9+1 -> 2030 | L9: =K9+1 -> 2031 | ... AS9: =AR9+1 -> 2064
B10: 22 | C10: ='DOSM Wages Report'!B8 -> 20-24 | D10: =_xlfn.XLOOKUP(C10,'DOSM Wages Report'!$B$7:$B$17,'DOSM Wages Report'!$C$7:$C$17,,0,) -> 1900 | E10: =D10*(1+$C$6) -> 1976 | F10: =E10*(1+$C$6) -> 2055.04 | G10: =F10*(1+$C$6) -> 2137.2416 | H10: =G10*(1+$C$6) -> 2222.7313 | I10: =H10*(1+$C$6) -> 2311.6405 | J10: =I10*(1+$C$6) -> 2404.1061 | K10: =J10*(1+$C$6) -> 2500.2704 | L10: =K10*(1+$C$6) -> 2600.2812 | ... AS10: =AR10*(1+$C$6) -> 9486.8168
B11: =B10+1 -> 23 | D11: =(D15-D10)/5+D10 -> 2032.8 | E11: =(E15-E10)/5+E10 -> 2114.112 | F11: =(F15-F10)/5+F10 -> 2198.6765 | G11: =(G15-G10)/5+G10 -> 2286.6235 | H11: =(H15-H10)/5+H10 -> 2378.0885 | I11: =(I15-I10)/5+I10 -> 2473.212 | J11: =(J15-J10)/5+J10 -> 2572.1405 | K11: =(K15-K10)/5+K10 -> 2675.0261 | ... AS11: =(AS15-AS10)/5+AS10 -> 10149.895
B12: =B11+1 -> 24 | D12: =(D15-D10)/5+D11 -> 2165.6 | E12: =(E15-E10)/5+E11 -> 2252.224 | F12: =(F15-F10)/5+F11 -> 2342.313 | G12: =(G15-G10)/5+G11 -> 2436.0055 | H12: =(H15-H10)/5+H11 -> 2533.4457 | I12: =(I15-I10)/5+I11 -> 2634.7835 | J12: =(J15-J10)/5+J11 -> 2740.1749 | K12: =(K15-K10)/5+K11 -> 2849.7819 | ... AS12: =(AS15-AS10)/5+AS11 -> 10812.974
B13: =B12+1 -> 25 | D13: =(D15-D10)/5+D12 -> 2298.4 | E13: =(E15-E10)/5+E12 -> 2390.336 | F13: =(F15-F10)/5+F12 -> 2485.9494 | G13: =(G15-G10)/5+G12 -> 2585.3874 | H13: =(H15-H10)/5+H12 -> 2688.8029 | I13: =(I15-I10)/5+I12 -> 2796.355 | J13: =(J15-J10)/5+J12 -> 2908.2092 | K13: =(K15-K10)/5+K12 -> 3024.5376 | ... AS13: =(AS15-AS10)/5+AS12 -> 11476.052
B14: =B13+1 -> 26 | D14: =(D15-D10)/5+D13 -> 2431.2 | E14: =(E15-E10)/5+E13 -> 2528.448 | F14: =(F15-F10)/5+F13 -> 2629.5859 | G14: =(G15-G10)/5+G13 -> 2734.7694 | H14: =(H15-H10)/5+H13 -> 2844.1601 | I14: =(I15-I10)/5+I13 -> 2957.9265 | J14: =(J15-J10)/5+J13 -> 3076.2436 | K14: =(K15-K10)/5+K13 -> 3199.2933 | ... AS14: =(AS15-AS10)/5+AS13 -> 12139.131
B15: =B14+1 -> 27 | C15: ='DOSM Wages Report'!B9 -> 25-29 | D15: =_xlfn.XLOOKUP(C15,'DOSM Wages Report'!$B$7:$B$17,'DOSM Wages Report'!$C$7:$C$17,,0,) -> 2564 | E15: =D15*(1+$C$6) -> 2666.56 | F15: =E15*(1+$C$6) -> 2773.2224 | G15: =F15*(1+$C$6) -> 2884.1513 | H15: =G15*(1+$C$6) -> 2999.5173 | I15: =H15*(1+$C$6) -> 3119.498 | J15: =I15*(1+$C$6) -> 3244.278 | K15: =J15*(1+$C$6) -> 3374.0491 | L15: =K15*(1+$C$6) -> 3509.011 | ... AS15: =AR15*(1+$C$6) -> 12802.21
B16: =B15+1 -> 28 | D16: =(D20-D15)/5+D15 -> 2660.2 | E16: =(E20-E15)/5+E15 -> 2766.608 | F16: =(F20-F15)/5+F15 -> 2877.2723 | G16: =(G20-G15)/5+G15 -> 2992.3632 | H16: =(H20-H15)/5+H15 -> 3112.0577 | I16: =(I20-I15)/5+I15 -> 3236.5401 | J16: =(J20-J15)/5+J15 -> 3366.0017 | K16: =(K20-K15)/5+K15 -> 3500.6417 | ... AS16: =(AS20-AS15)/5+AS15 -> 13282.542
B17: =B16+1 -> 29 | D17: =(D20-D15)/5+D16 -> 2756.4 | E17: =(E20-E15)/5+E16 -> 2866.656 | F17: =(F20-F15)/5+F16 -> 2981.3222 | G17: =(G20-G15)/5+G16 -> 3100.5751 | H17: =(H20-H15)/5+H16 -> 3224.5981 | I17: =(I20-I15)/5+I16 -> 3353.5821 | J17: =(J20-J15)/5+J16 -> 3487.7253 | K17: =(K20-K15)/5+K16 -> 3627.2344 | ... AS17: =(AS20-AS15)/5+AS16 -> 13762.875
B18: =B17+1 -> 30 | D18: =(D20-D15)/5+D17 -> 2852.6 | E18: =(E20-E15)/5+E17 -> 2966.704 | F18: =(F20-F15)/5+F17 -> 3085.3722 | G18: =(G20-G15)/5+G17 -> 3208.787 | H18: =(H20-H15)/5+H17 -> 3337.1385 | I18: =(I20-I15)/5+I17 -> 3470.6241 | J18: =(J20-J15)/5+J17 -> 3609.449 | K18: =(K20-K15)/5+K17 -> 3753.827 | ... AS18: =(AS20-AS15)/5+AS17 -> 14243.207
B19: =B18+1 -> 31 | D19: =(D20-D15)/5+D18 -> 2948.8 | E19: =(E20-E15)/5+E18 -> 3066.752 | F19: =(F20-F15)/5+F18 -> 3189.4221 | G19: =(G20-G15)/5+G18 -> 3316.999 | H19: =(H20-H15)/5+H18 -> 3449.6789 | I19: =(I20-I15)/5+I18 -> 3587.6661 | J19: =(J20-J15)/5+J18 -> 3731.1727 | K19: =(K20-K15)/5+K18 -> 3880.4196 | ... AS19: =(AS20-AS15)/5+AS18 -> 14723.54
B20: =B19+1 -> 32 | C20: ='DOSM Wages Report'!B10 -> 30-34 | D20: =_xlfn.XLOOKUP(C20,'DOSM Wages Report'!$B$7:$B$17,'DOSM Wages Report'!$C$7:$C$17,,0,) -> 3045 | E20: =D20*(1+$C$6) -> 3166.8 | F20: =E20*(1+$C$6) -> 3293.472 | G20: =F20*(1+$C$6) -> 3425.2109 | H20: =G20*(1+$C$6) -> 3562.2193 | I20: =H20*(1+$C$6) -> 3704.7081 | J20: =I20*(1+$C$6) -> 3852.8964 | K20: =J20*(1+$C$6) -> 4007.0123 | L20: =K20*(1+$C$6) -> 4167.2928 | ... AS20: =AR20*(1+$C$6) -> 15203.872
B21: =B20+1 -> 33 | D21: =(D25-D20)/5+D20 -> 3136 | E21: =(E25-E20)/5+E20 -> 3261.44 | F21: =(F25-F20)/5+F20 -> 3391.8976 | G21: =(G25-G20)/5+G20 -> 3527.5735 | H21: =(H25-H20)/5+H20 -> 3668.6764 | I21: =(I25-I20)/5+I20 -> 3815.4235 | J21: =(J25-J20)/5+J20 -> 3968.0404 | K21: =(K25-K20)/5+K20 -> 4126.7621 | ... AS21: =(AS25-AS20)/5+AS20 -> 15658.241
B22: =B21+1 -> 34 | D22: =(D25-D20)/5+D21 -> 3227 | E22: =(E25-E20)/5+E21 -> 3356.08 | F22: =(F25-F20)/5+F21 -> 3490.3232 | G22: =(G25-G20)/5+G21 -> 3629.9361 | H22: =(H25-H20)/5+H21 -> 3775.1336 | I22: =(I25-I20)/5+I21 -> 3926.1389 | J22: =(J25-J20)/5+J21 -> 4083.1845 | K22: =(K25-K20)/5+K21 -> 4246.5119 | ... AS22: =(AS25-AS20)/5+AS21 -> 16112.609
B23: =B22+1 -> 35 | D23: =(D25-D20)/5+D22 -> 3318 | E23: =(E25-E20)/5+E22 -> 3450.72 | F23: =(F25-F20)/5+F22 -> 3588.7488 | G23: =(G25-G20)/5+G22 -> 3732.2988 | H23: =(H25-H20)/5+H22 -> 3881.5907 | I23: =(I25-I20)/5+I22 -> 4036.8543 | J23: =(J25-J20)/5+J22 -> 4198.3285 | K23: =(K25-K20)/5+K22 -> 4366.2616 | ... AS23: =(AS25-AS20)/5+AS22 -> 16566.978
B24: =B23+1 -> 36 | D24: =(D25-D20)/5+D23 -> 3409 | E24: =(E25-E20)/5+E23 -> 3545.36 | F24: =(F25-F20)/5+F23 -> 3687.1744 | G24: =(G25-G20)/5+G23 -> 3834.6614 | H24: =(H25-H20)/5+H23 -> 3988.0478 | I24: =(I25-I20)/5+I23 -> 4147.5697 | J24: =(J25-J20)/5+J23 -> 4313.4725 | K24: =(K25-K20)/5+K23 -> 4486.0114 | ... AS24: =(AS25-AS20)/5+AS23 -> 17021.346
B25: =B24+1 -> 37 | C25: ='DOSM Wages Report'!B11 -> 35-39 | D25: =_xlfn.XLOOKUP(C25,'DOSM Wages Report'!$B$7:$B$17,'DOSM Wages Report'!$C$7:$C$17,,0,) -> 3500 | E25: =D25*(1+$C$6) -> 3640 | F25: =E25*(1+$C$6) -> 3785.6 | G25: =F25*(1+$C$6) -> 3937.024 | H25: =G25*(1+$C$6) -> 4094.505 | I25: =H25*(1+$C$6) -> 4258.2852 | J25: =I25*(1+$C$6) -> 4428.6166 | K25: =J25*(1+$C$6) -> 4605.7612 | L25: =K25*(1+$C$6) -> 4789.9917 | ... AS25: =AR25*(1+$C$6) -> 17475.715
B26: =B25+1 -> 38 | D26: =(D30-D25)/5+D25 -> 3540 | E26: =(E30-E25)/5+E25 -> 3681.6 | F26: =(F30-F25)/5+F25 -> 3828.864 | G26: =(G30-G25)/5+G25 -> 3982.0186 | H26: =(H30-H25)/5+H25 -> 4141.2993 | I26: =(I30-I25)/5+I25 -> 4306.9513 | J26: =(J30-J25)/5+J25 -> 4479.2293 | K26: =(K30-K25)/5+K25 -> 4658.3985 | ... AS26: =(AS30-AS25)/5+AS25 -> 17675.438
B27: =B26+1 -> 39 | D27: =(D30-D25)/5+D26 -> 3580 | E27: =(E30-E25)/5+E26 -> 3723.2 | F27: =(F30-F25)/5+F26 -> 3872.128 | G27: =(G30-G25)/5+G26 -> 4027.0131 | H27: =(H30-H25)/5+H26 -> 4188.0936 | I27: =(I30-I25)/5+I26 -> 4355.6174 | J27: =(J30-J25)/5+J26 -> 4529.8421 | K27: =(K30-K25)/5+K26 -> 4711.0358 | ... AS27: =(AS30-AS25)/5+AS26 -> 17875.16
B28: =B27+1 -> 40 | D28: =(D30-D25)/5+D27 -> 3620 | E28: =(E30-E25)/5+E27 -> 3764.8 | F28: =(F30-F25)/5+F27 -> 3915.392 | G28: =(G30-G25)/5+G27 -> 4072.0077 | H28: =(H30-H25)/5+H27 -> 4234.888 | I28: =(I30-I25)/5+I27 -> 4404.2835 | J28: =(J30-J25)/5+J27 -> 4580.4548 | K28: =(K30-K25)/5+K27 -> 4763.673 | ... AS28: =(AS30-AS25)/5+AS27 -> 18074.882
B29: =B28+1 -> 41 | D29: =(D30-D25)/5+D28 -> 3660 | E29: =(E30-E25)/5+E28 -> 3806.4 | F29: =(F30-F25)/5+F28 -> 3958.656 | G29: =(G30-G25)/5+G28 -> 4117.0022 | H29: =(H30-H25)/5+H28 -> 4281.6823 | I29: =(I30-I25)/5+I28 -> 4452.9496 | J29: =(J30-J25)/5+J28 -> 4631.0676 | K29: =(K30-K25)/5+K28 -> 4816.3103 | ... AS29: =(AS30-AS25)/5+AS28 -> 18274.605
B30: =B29+1 -> 42 | C30: ='DOSM Wages Report'!B12 -> 40-44 | D30: =_xlfn.XLOOKUP(C30,'DOSM Wages Report'!$B$7:$B$17,'DOSM Wages Report'!$C$7:$C$17,,0,) -> 3700 | E30: =D30*(1+$C$6) -> 3848 | F30: =E30*(1+$C$6) -> 4001.92 | G30: =F30*(1+$C$6) -> 4161.9968 | H30: =G30*(1+$C$6) -> 4328.4767 | I30: =H30*(1+$C$6) -> 4501.6157 | J30: =I30*(1+$C$6) -> 4681.6804 | K30: =J30*(1+$C$6) -> 4868.9476 | L30: =K30*(1+$C$6) -> 5063.7055 | ... AS30: =AR30*(1+$C$6) -> 18474.327
B31: =B30+1 -> 43 | D31: =(D35-D30)/5+D30 -> 3720 | E31: =(E35-E30)/5+E30 -> 3868.8 | F31: =(F35-F30)/5+F30 -> 4023.552 | G31: =(G35-G30)/5+G30 -> 4184.4941 | H31: =(H35-H30)/5+H30 -> 4351.8738 | I31: =(I35-I30)/5+I30 -> 4525.9488 | J31: =(J35-J30)/5+J30 -> 4706.9867 | K31: =(K35-K30)/5+K30 -> 4895.2662 | ... AS31: =(AS35-AS30)/5+AS30 -> 18574.189
B32: =B31+1 -> 44 | D32: =(D35-D30)/5+D31 -> 3740 | E32: =(E35-E30)/5+E31 -> 3889.6 | F32: =(F35-F30)/5+F31 -> 4045.184 | G32: =(G35-G30)/5+G31 -> 4206.9914 | H32: =(H35-H30)/5+H31 -> 4375.271 | I32: =(I35-I30)/5+I31 -> 4550.2819 | J32: =(J35-J30)/5+J31 -> 4732.2931 | K32: =(K35-K30)/5+K31 -> 4921.5849 | ... AS32: =(AS35-AS30)/5+AS31 -> 18674.05
B33: =B32+1 -> 45 | D33: =(D35-D30)/5+D32 -> 3760 | E33: =(E35-E30)/5+E32 -> 3910.4 | F33: =(F35-F30)/5+F32 -> 4066.816 | G33: =(G35-G30)/5+G32 -> 4229.4886 | H33: =(H35-H30)/5+H32 -> 4398.6682 | I33: =(I35-I30)/5+I32 -> 4574.6149 | J33: =(J35-J30)/5+J32 -> 4757.5995 | K33: =(K35-K30)/5+K32 -> 4947.9035 | ... AS33: =(AS35-AS30)/5+AS32 -> 18773.911
B34: =B33+1 -> 46 | D34: =(D35-D30)/5+D33 -> 3780 | E34: =(E35-E30)/5+E33 -> 3931.2 | F34: =(F35-F30)/5+F33 -> 4088.448 | G34: =(G35-G30)/5+G33 -> 4251.9859 | H34: =(H35-H30)/5+H33 -> 4422.0654 | I34: =(I35-I30)/5+I33 -> 4598.948 | J34: =(J35-J30)/5+J33 -> 4782.9059 | K34: =(K35-K30)/5+K33 -> 4974.2221 | ... AS34: =(AS35-AS30)/5+AS33 -> 18873.772
B35: =B34+1 -> 47 | C35: ='DOSM Wages Report'!B13 -> 45-49 | D35: =_xlfn.XLOOKUP(C35,'DOSM Wages Report'!$B$7:$B$17,'DOSM Wages Report'!$C$7:$C$17,,0,) -> 3800 | E35: =D35*(1+$C$6) -> 3952 | F35: =E35*(1+$C$6) -> 4110.08 | G35: =F35*(1+$C$6) -> 4274.4832 | H35: =G35*(1+$C$6) -> 4445.4625 | I35: =H35*(1+$C$6) -> 4623.281 | J35: =I35*(1+$C$6) -> 4808.2123 | K35: =J35*(1+$C$6) -> 5000.5408 | L35: =K35*(1+$C$6) -> 5200.5624 | ... AS35: =AR35*(1+$C$6) -> 18973.634
B36: =B35+1 -> 48 | D36: =(D40-D35)/5+D35 -> 3769 | E36: =(E40-E35)/5+E35 -> 3919.76 | F36: =(F40-F35)/5+F35 -> 4076.5504 | G36: =(G40-G35)/5+G35 -> 4239.6124 | H36: =(H40-H35)/5+H35 -> 4409.1969 | I36: =(I40-I35)/5+I35 -> 4585.5648 | J36: =(J40-J35)/5+J35 -> 4768.9874 | K36: =(K40-K35)/5+K35 -> 4959.7469 | ... AS36: =(AS40-AS35)/5+AS35 -> 18818.849
B37: =B36+1 -> 49 | D37: =(D40-D35)/5+D36 -> 3738 | E37: =(E40-E35)/5+E36 -> 3887.52 | F37: =(F40-F35)/5+F36 -> 4043.0208 | G37: =(G40-G35)/5+G36 -> 4204.7416 | H37: =(H40-H35)/5+H36 -> 4372.9313 | I37: =(I40-I35)/5+I36 -> 4547.8485 | J37: =(J40-J35)/5+J36 -> 4729.7625 | K37: =(K40-K35)/5+K36 -> 4918.953 | ... AS37: =(AS40-AS35)/5+AS36 -> 18664.064
B38: =B37+1 -> 50 | D38: =(D40-D35)/5+D37 -> 3707 | E38: =(E40-E35)/5+E37 -> 3855.28 | F38: =(F40-F35)/5+F37 -> 4009.4912 | G38: =(G40-G35)/5+G37 -> 4169.8708 | H38: =(H40-H35)/5+H37 -> 4336.6657 | I38: =(I40-I35)/5+I37 -> 4510.1323 | J38: =(J40-J35)/5+J37 -> 4690.5376 | K38: =(K40-K35)/5+K37 -> 4878.1591 | ... AS38: =(AS40-AS35)/5+AS37 -> 18509.279
B39: =B38+1 -> 51 | D39: =(D40-D35)/5+D38 -> 3676 | E39: =(E40-E35)/5+E38 -> 3823.04 | F39: =(F40-F35)/5+F38 -> 3975.9616 | G39: =(G40-G35)/5+G38 -> 4135.0001 | H39: =(H40-H35)/5+H38 -> 4300.4001 | I39: =(I40-I35)/5+I38 -> 4472.4161 | J39: =(J40-J35)/5+J38 -> 4651.3127 | K39: =(K40-K35)/5+K38 -> 4837.3652 | ... AS39: =(AS40-AS35)/5+AS38 -> 18354.494
B40: =B39+1 -> 52 | C40: ='DOSM Wages Report'!B14 -> 50-54 | D40: =_xlfn.XLOOKUP(C40,'DOSM Wages Report'!$B$7:$B$17,'DOSM Wages Report'!$C$7:$C$17,,0,) -> 3645 | E40: =D40*(1+$C$6) -> 3790.8 | F40: =E40*(1+$C$6) -> 3942.432 | G40: =F40*(1+$C$6) -> 4100.1293 | H40: =G40*(1+$C$6) -> 4264.1345 | I40: =H40*(1+$C$6) -> 4434.6998 | J40: =I40*(1+$C$6) -> 4612.0878 | K40: =J40*(1+$C$6) -> 4796.5713 | L40: =K40*(1+$C$6) -> 4988.4342 | ... AS40: =AR40*(1+$C$6) -> 18199.709
B41: =B40+1 -> 53 | D41: =(D45-D40)/5+D40 -> 3596 | E41: =(E45-E40)/5+E40 -> 3739.84 | F41: =(F45-F40)/5+F40 -> 3889.4336 | G41: =(G45-G40)/5+G40 -> 4045.0109 | H41: =(H45-H40)/5+H40 -> 4206.8114 | I41: =(I45-I40)/5+I40 -> 4375.0838 | J41: =(J45-J40)/5+J40 -> 4550.0872 | K41: =(K45-K40)/5+K40 -> 4732.0907 | ... AS41: =(AS45-AS40)/5+AS40 -> 17955.049
B42: =B41+1 -> 54 | D42: =(D45-D40)/5+D41 -> 3547 | E42: =(E45-E40)/5+E41 -> 3688.88 | F42: =(F45-F40)/5+F41 -> 3836.4352 | G42: =(G45-G40)/5+G41 -> 3989.8926 | H42: =(H45-H40)/5+H41 -> 4149.4883 | I42: =(I45-I40)/5+I41 -> 4315.4678 | J42: =(J45-J40)/5+J41 -> 4488.0866 | K42: =(K45-K40)/5+K41 -> 4667.61 | ... AS42: =(AS45-AS40)/5+AS41 -> 17710.389
B43: =B42+1 -> 55 | D43: =(D45-D40)/5+D42 -> 3498 | E43: =(E45-E40)/5+E42 -> 3637.92 | F43: =(F45-F40)/5+F42 -> 3783.4368 | G43: =(G45-G40)/5+G42 -> 3934.7743 | H43: =(H45-H40)/5+H42 -> 4092.1652 | I43: =(I45-I40)/5+I42 -> 4255.8519 | J43: =(J45-J40)/5+J42 -> 4426.0859 | K43: =(K45-K40)/5+K42 -> 4603.1294 | ... AS43: =(AS45-AS40)/5+AS42 -> 17465.729
B44: =B43+1 -> 56 | D44: =(D45-D40)/5+D43 -> 3449 | E44: =(E45-E40)/5+E43 -> 3586.96 | F44: =(F45-F40)/5+F43 -> 3730.4384 | G44: =(G45-G40)/5+G43 -> 3879.6559 | H44: =(H45-H40)/5+H43 -> 4034.8422 | I44: =(I45-I40)/5+I43 -> 4196.2359 | J44: =(J45-J40)/5+J43 -> 4364.0853 | K44: =(K45-K40)/5+K43 -> 4538.6487 | ... AS44: =(AS45-AS40)/5+AS43 -> 17221.069
B45: =B44+1 -> 57 | C45: ='DOSM Wages Report'!B15 -> 55-59 | D45: =_xlfn.XLOOKUP(C45,'DOSM Wages Report'!$B$7:$B$17,'DOSM Wages Report'!$C$7:$C$17,,0,) -> 3400 | E45: =D45*(1+$C$6) -> 3536 | F45: =E45*(1+$C$6) -> 3677.44 | G45: =F45*(1+$C$6) -> 3824.5376 | H45: =G45*(1+$C$6) -> 3977.5191 | I45: =H45*(1+$C$6) -> 4136.6199 | J45: =I45*(1+$C$6) -> 4302.0847 | K45: =J45*(1+$C$6) -> 4474.168 | L45: =K45*(1+$C$6) -> 4653.1348 | ... AS45: =AR45*(1+$C$6) -> 16976.409
B46: =B45+1 -> 58 | D46: =D45+(D45-D44) -> 3351 | E46: =E45+(E45-E44) -> 3485.04 | F46: =F45+(F45-F44) -> 3624.4416 | G46: =G45+(G45-G44) -> 3769.4193 | H46: =H45+(H45-H44) -> 3920.196 | I46: =I45+(I45-I44) -> 4077.0039 | J46: =J45+(J45-J44) -> 4240.084 | K46: =K45+(K45-K44) -> 4409.6874 | ... AS46: =AS45+(AS45-AS44) -> 16731.749
B47: =B46+1 -> 59 | D47: =D46+(D46-D45) -> 3302 | E47: =E46+(E46-E45) -> 3434.08 | F47: =F46+(F46-F45) -> 3571.4432 | G47: =G46+(G46-G45) -> 3714.3009 | H47: =H46+(H46-H45) -> 3862.873 | I47: =I46+(I46-I45) -> 4017.3879 | J47: =J46+(J46-J45) -> 4178.0834 | K47: =K46+(K46-K45) -> 4345.2067 | ... AS47: =AS46+(AS46-AS45) -> 16487.089
B48: =B47+1 -> 60 | D48: =D47+(D47-D46) -> 3253 | E48: =E47+(E47-E46) -> 3383.12 | F48: =F47+(F47-F46) -> 3518.4448 | G48: =G47+(G47-G46) -> 3659.1826 | H48: =H47+(H47-H46) -> 3805.5499 | I48: =I47+(I47-I46) -> 3957.7719 | J48: =J47+(J47-J46) -> 4116.0828 | K48: =K47+(K47-K46) -> 4280.7261 | ... AS48: =AS47+(AS47-AS46) -> 16242.429

Sheet RIA projected targets
A1: TheWealthMeta EPF Savings Target Projections
A2: Estimated future RIA savings targets based on inflation rate increases
B4: FROM CONTROL PANEL
B6: Inflation rate | C6: =Summary!F6 -> 0.03
B8: RIA TARGET PROJECTIONS | C8: 2030 | D8: =C8+1 -> 2031 | E8: =D8+1 -> 2032 | F8: =E8+1 -> 2033 | G8: =F8+1 -> 2034 | H8: =G8+1 -> 2035 | I8: =H8+1 -> 2036 | J8: =I8+1 -> 2037 | K8: =J8+1 -> 2038 | ... AL8: =AK8+1 -> 2065
B10: BASIC SAVINGS
B11: Age
B12: 18 | C12: ='RIA framework'!C5 -> 1400 | D12: =C12*(1+$C$6) -> 1442 | E12: =D12*(1+$C$6) -> 1485.26 | F12: =E12*(1+$C$6) -> 1529.8178 | G12: =F12*(1+$C$6) -> 1575.7123 | H12: =G12*(1+$C$6) -> 1622.9837 | I12: =H12*(1+$C$6) -> 1671.6732 | J12: =I12*(1+$C$6) -> 1721.8234 | K12: =J12*(1+$C$6) -> 1773.4781 | ... AL12: =AK12*(1+$C$6) -> 3939.4074
B13: 19 | C13: ='RIA framework'!C6 -> 1700 | D13: =C13*(1+$C$6) -> 1751 | E13: =D13*(1+$C$6) -> 1803.53 | F13: =E13*(1+$C$6) -> 1857.6359 | G13: =F13*(1+$C$6) -> 1913.365 | H13: =G13*(1+$C$6) -> 1970.7659 | I13: =H13*(1+$C$6) -> 2029.8889 | J13: =I13*(1+$C$6) -> 2090.7856 | K13: =J13*(1+$C$6) -> 2153.5091 | ... AL13: =AK13*(1+$C$6) -> 4783.5662
B14: 20 | C14: ='RIA framework'!C7 -> 2200 | D14: =C14*(1+$C$6) -> 2266 | E14: =D14*(1+$C$6) -> 2333.98 | F14: =E14*(1+$C$6) -> 2403.9994 | G14: =F14*(1+$C$6) -> 2476.1194 | H14: =G14*(1+$C$6) -> 2550.403 | I14: =H14*(1+$C$6) -> 2626.9151 | J14: =I14*(1+$C$6) -> 2705.7225 | K14: =J14*(1+$C$6) -> 2786.8942 | ... AL14: =AK14*(1+$C$6) -> 6190.4974
B15: 21 | C15: ='RIA framework'!C8 -> 2800 | D15: =C15*(1+$C$6) -> 2884 | E15: =D15*(1+$C$6) -> 2970.52 | F15: =E15*(1+$C$6) -> 3059.6356 | G15: =F15*(1+$C$6) -> 3151.4247 | H15: =G15*(1+$C$6) -> 3245.9674 | I15: =H15*(1+$C$6) -> 3343.3464 | J15: =I15*(1+$C$6) -> 3443.6468 | K15: =J15*(1+$C$6) -> 3546.9562 | ... AL15: =AK15*(1+$C$6) -> 7878.8149
B16: 22 | C16: ='RIA framework'!C9 -> 5800 | D16: =C16*(1+$C$6) -> 5974 | E16: =D16*(1+$C$6) -> 6153.22 | F16: =E16*(1+$C$6) -> 6337.8166 | G16: =F16*(1+$C$6) -> 6527.9511 | H16: =G16*(1+$C$6) -> 6723.7896 | I16: =H16*(1+$C$6) -> 6925.5033 | J16: =I16*(1+$C$6) -> 7133.2684 | K16: =J16*(1+$C$6) -> 7347.2665 | ... AL16: =AK16*(1+$C$6) -> 16320.402
B17: 23 | C17: ='RIA framework'!C10 -> 9200 | D17: =C17*(1+$C$6) -> 9476 | E17: =D17*(1+$C$6) -> 9760.28 | F17: =E17*(1+$C$6) -> 10053.088 | G17: =F17*(1+$C$6) -> 10354.681 | H17: =G17*(1+$C$6) -> 10665.321 | I17: =H17*(1+$C$6) -> 10985.281 | J17: =I17*(1+$C$6) -> 11314.84 | K17: =J17*(1+$C$6) -> 11654.285 | ... AL17: =AK17*(1+$C$6) -> 25887.535
B18: 24 | C18: ='RIA framework'!C11 -> 12300 | D18: =C18*(1+$C$6) -> 12669 | E18: =D18*(1+$C$6) -> 13049.07 | F18: =E18*(1+$C$6) -> 13440.542 | G18: =F18*(1+$C$6) -> 13843.758 | H18: =G18*(1+$C$6) -> 14259.071 | I18: =H18*(1+$C$6) -> 14686.843 | J18: =I18*(1+$C$6) -> 15127.449 | K18: =J18*(1+$C$6) -> 15581.272 | ... AL18: =AK18*(1+$C$6) -> 34610.508
B19: 25 | C19: ='RIA framework'!C12 -> 15900 | D19: =C19*(1+$C$6) -> 16377 | E19: =D19*(1+$C$6) -> 16868.31 | F19: =E19*(1+$C$6) -> 17374.359 | G19: =F19*(1+$C$6) -> 17895.59 | H19: =G19*(1+$C$6) -> 18432.458 | I19: =H19*(1+$C$6) -> 18985.432 | J19: =I19*(1+$C$6) -> 19554.994 | K19: =J19*(1+$C$6) -> 20141.644 | ... AL19: =AK19*(1+$C$6) -> 44740.413
B20: 26 | C20: ='RIA framework'!C13 -> 19800 | D20: =C20*(1+$C$6) -> 20394 | E20: =D20*(1+$C$6) -> 21005.82 | F20: =E20*(1+$C$6) -> 21635.995 | G20: =F20*(1+$C$6) -> 22285.074 | H20: =G20*(1+$C$6) -> 22953.627 | I20: =H20*(1+$C$6) -> 23642.235 | J20: =I20*(1+$C$6) -> 24351.503 | K20: =J20*(1+$C$6) -> 25082.048 | ... AL20: =AK20*(1+$C$6) -> 55714.477
B21: 27 | C21: ='RIA framework'!C14 -> 23800 | D21: =C21*(1+$C$6) -> 24514 | E21: =D21*(1+$C$6) -> 25249.42 | F21: =E21*(1+$C$6) -> 26006.903 | G21: =F21*(1+$C$6) -> 26787.11 | H21: =G21*(1+$C$6) -> 27590.723 | I21: =H21*(1+$C$6) -> 28418.445 | J21: =I21*(1+$C$6) -> 29270.998 | K21: =J21*(1+$C$6) -> 30149.128 | ... AL21: =AK21*(1+$C$6) -> 66969.926
B22: 28 | C22: ='RIA framework'!C15 -> 28300 | D22: =C22*(1+$C$6) -> 29149 | E22: =D22*(1+$C$6) -> 30023.47 | F22: =E22*(1+$C$6) -> 30924.174 | G22: =F22*(1+$C$6) -> 31851.899 | H22: =G22*(1+$C$6) -> 32807.456 | I22: =H22*(1+$C$6) -> 33791.68 | J22: =I22*(1+$C$6) -> 34805.43 | K22: =J22*(1+$C$6) -> 35849.593 | ... AL22: =AK22*(1+$C$6) -> 79632.307
B23: 29 | C23: ='RIA framework'!C16 -> 33000 | D23: =C23*(1+$C$6) -> 33990 | E23: =D23*(1+$C$6) -> 35009.7 | F23: =E23*(1+$C$6) -> 36059.991 | G23: =F23*(1+$C$6) -> 37141.791 | H23: =G23*(1+$C$6) -> 38256.044 | I23: =H23*(1+$C$6) -> 39403.726 | J23: =I23*(1+$C$6) -> 40585.838 | K23: =J23*(1+$C$6) -> 41803.413 | ... AL23: =AK23*(1+$C$6) -> 92857.461
... B54: 60 | C54: ='RIA framework'!C47 -> 390000 | D54: =C54*(1+$C$6) -> 401700 | E54: =D54*(1+$C$6) -> 413751 | F54: =E54*(1+$C$6) -> 426163.53 | G54: =F54*(1+$C$6) -> 438948.44 | H54: =G54*(1+$C$6) -> 452116.89 | I54: =H54*(1+$C$6) -> 465680.4 | J54: =I54*(1+$C$6) -> 479650.81 | K54: =J54*(1+$C$6) -> 494040.33 | ... AL54: =AK54*(1+$C$6) -> 1097406.4
B56: ADEQUATE SAVINGS
B57: Age
B58: 18 | C58: ='RIA framework'!D5 -> 1500 | D58: =C58*(1+$C$6) -> 1545 | E58: =D58*(1+$C$6) -> 1591.35 | F58: =E58*(1+$C$6) -> 1639.0905 | G58: =F58*(1+$C$6) -> 1688.2632 | H58: =G58*(1+$C$6) -> 1738.9111 | I58: =H58*(1+$C$6) -> 1791.0784 | J58: =I58*(1+$C$6) -> 1844.8108 | K58: =J58*(1+$C$6) -> 1900.1551 | ... AL58: =AK58*(1+$C$6) -> 4220.7937
B59: 19 | C59: ='RIA framework'!D6 -> 1800 | D59: =C59*(1+$C$6) -> 1854 | E59: =D59*(1+$C$6) -> 1909.62 | F59: =E59*(1+$C$6) -> 1966.9086 | G59: =F59*(1+$C$6) -> 2025.9159 | H59: =G59*(1+$C$6) -> 2086.6933 | I59: =H59*(1+$C$6) -> 2149.2941 | J59: =I59*(1+$C$6) -> 2213.773 | K59: =J59*(1+$C$6) -> 2280.1861 | ... AL59: =AK59*(1+$C$6) -> 5064.9524
B60: 20 | C60: ='RIA framework'!D7 -> 2300 | D60: =C60*(1+$C$6) -> 2369 | E60: =D60*(1+$C$6) -> 2440.07 | F60: =E60*(1+$C$6) -> 2513.2721 | G60: =F60*(1+$C$6) -> 2588.6703 | H60: =G60*(1+$C$6) -> 2666.3304 | I60: =H60*(1+$C$6) -> 2746.3203 | J60: =I60*(1+$C$6) -> 2828.7099 | K60: =J60*(1+$C$6) -> 2913.5712 | ... AL60: =AK60*(1+$C$6) -> 6471.8836
B61: 21 | C61: ='RIA framework'!D8 -> 3000 | D61: =C61*(1+$C$6) -> 3090 | E61: =D61*(1+$C$6) -> 3182.7 | F61: =E61*(1+$C$6) -> 3278.181 | G61: =F61*(1+$C$6) -> 3376.5264 | H61: =G61*(1+$C$6) -> 3477.8222 | I61: =H61*(1+$C$6) -> 3582.1569 | J61: =I61*(1+$C$6) -> 3689.6216 | K61: =J61*(1+$C$6) -> 3800.3102 | ... AL61: =AK61*(1+$C$6) -> 8441.5874
B62: 22 | C62: ='RIA framework'!D9 -> 6400 | D62: =C62*(1+$C$6) -> 6592 | E62: =D62*(1+$C$6) -> 6789.76 | F62: =E62*(1+$C$6) -> 6993.4528 | G62: =F62*(1+$C$6) -> 7203.2564 | H62: =G62*(1+$C$6) -> 7419.3541 | I62: =H62*(1+$C$6) -> 7641.9347 | J62: =I62*(1+$C$6) -> 7871.1927 | K62: =J62*(1+$C$6) -> 8107.3285 | ... AL62: =AK62*(1+$C$6) -> 18008.72
B63: 23 | C63: ='RIA framework'!D10 -> 10100 | D63: =C63*(1+$C$6) -> 10403 | E63: =D63*(1+$C$6) -> 10715.09 | F63: =E63*(1+$C$6) -> 11036.543 | G63: =F63*(1+$C$6) -> 11367.639 | H63: =G63*(1+$C$6) -> 11708.668 | I63: =H63*(1+$C$6) -> 12059.928 | J63: =I63*(1+$C$6) -> 12421.726 | K63: =J63*(1+$C$6) -> 12794.378 | ... AL63: =AK63*(1+$C$6) -> 28420.011
B64: 24 | C64: ='RIA framework'!D11 -> 14100 | D64: =C64*(1+$C$6) -> 14523 | E64: =D64*(1+$C$6) -> 14958.69 | F64: =E64*(1+$C$6) -> 15407.451 | G64: =F64*(1+$C$6) -> 15869.674 | H64: =G64*(1+$C$6) -> 16345.764 | I64: =H64*(1+$C$6) -> 16836.137 | J64: =I64*(1+$C$6) -> 17341.222 | K64: =J64*(1+$C$6) -> 17861.458 | ... AL64: =AK64*(1+$C$6) -> 39675.461
B65: 25 | C65: ='RIA framework'!D12 -> 19000 | D65: =C65*(1+$C$6) -> 19570 | E65: =D65*(1+$C$6) -> 20157.1 | F65: =E65*(1+$C$6) -> 20761.813 | G65: =F65*(1+$C$6) -> 21384.667 | H65: =G65*(1+$C$6) -> 22026.207 | I65: =H65*(1+$C$6) -> 22686.994 | J65: =I65*(1+$C$6) -> 23367.603 | K65: =J65*(1+$C$6) -> 24068.632 | ... AL65: =AK65*(1+$C$6) -> 53463.387
B66: 26 | C66: ='RIA framework'!D13 -> 23400 | D66: =C66*(1+$C$6) -> 24102 | E66: =D66*(1+$C$6) -> 24825.06 | F66: =E66*(1+$C$6) -> 25569.812 | G66: =F66*(1+$C$6) -> 26336.906 | H66: =G66*(1+$C$6) -> 27127.013 | I66: =H66*(1+$C$6) -> 27940.824 | J66: =I66*(1+$C$6) -> 28779.048 | K66: =J66*(1+$C$6) -> 29642.42 | ... AL66: =AK66*(1+$C$6) -> 65844.381
B67: 27 | C67: ='RIA framework'!D14 -> 28600 | D67: =C67*(1+$C$6) -> 29458 | E67: =D67*(1+$C$6) -> 30341.74 | F67: =E67*(1+$C$6) -> 31251.992 | G67: =F67*(1+$C$6) -> 32189.552 | H67: =G67*(1+$C$6) -> 33155.239 | I67: =H67*(1+$C$6) -> 34149.896 | J67: =I67*(1+$C$6) -> 35174.393 | K67: =J67*(1+$C$6) -> 36229.624 | ... AL67: =AK67*(1+$C$6) -> 80476.466
B68: 28 | C68: ='RIA framework'!D15 -> 34500 | D68: =C68*(1+$C$6) -> 35535 | E68: =D68*(1+$C$6) -> 36601.05 | F68: =E68*(1+$C$6) -> 37699.082 | G68: =F68*(1+$C$6) -> 38830.054 | H68: =G68*(1+$C$6) -> 39994.956 | I68: =H68*(1+$C$6) -> 41194.804 | J68: =I68*(1+$C$6) -> 42430.648 | K68: =J68*(1+$C$6) -> 43703.568 | ... AL68: =AK68*(1+$C$6) -> 97078.255
B69: 29 | C69: ='RIA framework'!D16 -> 40700 | D69: =C69*(1+$C$6) -> 41921 | E69: =D69*(1+$C$6) -> 43178.63 | F69: =E69*(1+$C$6) -> 44473.989 | G69: =F69*(1+$C$6) -> 45808.209 | H69: =G69*(1+$C$6) -> 47182.455 | I69: =H69*(1+$C$6) -> 48597.928 | J69: =I69*(1+$C$6) -> 50055.866 | K69: =J69*(1+$C$6) -> 51557.542 | ... AL69: =AK69*(1+$C$6) -> 114524.2
... B100: 60 | C100: ='RIA framework'!D47 -> 650000 | D100: =C100*(1+$C$6) -> 669500 | E100: =D100*(1+$C$6) -> 689585 | F100: =E100*(1+$C$6) -> 710272.55 | G100: =F100*(1+$C$6) -> 731580.73 | H100: =G100*(1+$C$6) -> 753528.15 | I100: =H100*(1+$C$6) -> 776133.99 | J100: =I100*(1+$C$6) -> 799418.01 | K100: =J100*(1+$C$6) -> 823400.55 | ... AL100: =AK100*(1+$C$6) -> 1829010.6
B102: ENHANCED SAVINGS
B103: Age
B104: 18 | C104: ='RIA framework'!E5 -> 2500 | D104: =C104*(1+$C$6) -> 2575 | E104: =D104*(1+$C$6) -> 2652.25 | F104: =E104*(1+$C$6) -> 2731.8175 | G104: =F104*(1+$C$6) -> 2813.772 | H104: =G104*(1+$C$6) -> 2898.1852 | I104: =H104*(1+$C$6) -> 2985.1307 | J104: =I104*(1+$C$6) -> 3074.6847 | K104: =J104*(1+$C$6) -> 3166.9252 | ... AL104: =AK104*(1+$C$6) -> 7034.6561
B105: 19 | C105: ='RIA framework'!E6 -> 3100 | D105: =C105*(1+$C$6) -> 3193 | E105: =D105*(1+$C$6) -> 3288.79 | F105: =E105*(1+$C$6) -> 3387.4537 | G105: =F105*(1+$C$6) -> 3489.0773 | H105: =G105*(1+$C$6) -> 3593.7496 | I105: =H105*(1+$C$6) -> 3701.5621 | J105: =I105*(1+$C$6) -> 3812.609 | K105: =J105*(1+$C$6) -> 3926.9873 | ... AL105: =AK105*(1+$C$6) -> 8722.9736
B106: 20 | C106: ='RIA framework'!E7 -> 3900 | D106: =C106*(1+$C$6) -> 4017 | E106: =D106*(1+$C$6) -> 4137.51 | F106: =E106*(1+$C$6) -> 4261.6353 | G106: =F106*(1+$C$6) -> 4389.4844 | H106: =G106*(1+$C$6) -> 4521.1689 | I106: =H106*(1+$C$6) -> 4656.804 | J106: =I106*(1+$C$6) -> 4796.5081 | K106: =J106*(1+$C$6) -> 4940.4033 | ... AL106: =AK106*(1+$C$6) -> 10974.064
B107: 21 | C107: ='RIA framework'!E8 -> 5000 | D107: =C107*(1+$C$6) -> 5150 | E107: =D107*(1+$C$6) -> 5304.5 | F107: =E107*(1+$C$6) -> 5463.635 | G107: =F107*(1+$C$6) -> 5627.5441 | H107: =G107*(1+$C$6) -> 5796.3704 | I107: =H107*(1+$C$6) -> 5970.2615 | J107: =I107*(1+$C$6) -> 6149.3693 | K107: =J107*(1+$C$6) -> 6333.8504 | ... AL107: =AK107*(1+$C$6) -> 14069.312
B108: 22 | C108: ='RIA framework'!E9 -> 10800 | D108: =C108*(1+$C$6) -> 11124 | E108: =D108*(1+$C$6) -> 11457.72 | F108: =E108*(1+$C$6) -> 11801.452 | G108: =F108*(1+$C$6) -> 12155.495 | H108: =G108*(1+$C$6) -> 12520.16 | I108: =H108*(1+$C$6) -> 12895.765 | J108: =I108*(1+$C$6) -> 13282.638 | K108: =J108*(1+$C$6) -> 13681.117 | ... AL108: =AK108*(1+$C$6) -> 30389.715
B109: 23 | C109: ='RIA framework'!E10 -> 16700 | D109: =C109*(1+$C$6) -> 17201 | E109: =D109*(1+$C$6) -> 17717.03 | F109: =E109*(1+$C$6) -> 18248.541 | G109: =F109*(1+$C$6) -> 18795.997 | H109: =G109*(1+$C$6) -> 19359.877 | I109: =H109*(1+$C$6) -> 19940.673 | J109: =I109*(1+$C$6) -> 20538.894 | K109: =J109*(1+$C$6) -> 21155.06 | ... AL109: =AK109*(1+$C$6) -> 46991.503
B110: 24 | C110: ='RIA framework'!E11 -> 24300 | D110: =C110*(1+$C$6) -> 25029 | E110: =D110*(1+$C$6) -> 25779.87 | F110: =E110*(1+$C$6) -> 26553.266 | G110: =F110*(1+$C$6) -> 27349.864 | H110: =G110*(1+$C$6) -> 28170.36 | I110: =H110*(1+$C$6) -> 29015.471 | J110: =I110*(1+$C$6) -> 29885.935 | K110: =J110*(1+$C$6) -> 30782.513 | ... AL110: =AK110*(1+$C$6) -> 68376.858
B111: 25 | C111: ='RIA framework'!E12 -> 30700 | D111: =C111*(1+$C$6) -> 31621 | E111: =D111*(1+$C$6) -> 32569.63 | F111: =E111*(1+$C$6) -> 33546.719 | G111: =F111*(1+$C$6) -> 34553.12 | H111: =G111*(1+$C$6) -> 35589.714 | I111: =H111*(1+$C$6) -> 36657.406 | J111: =I111*(1+$C$6) -> 37757.128 | K111: =J111*(1+$C$6) -> 38889.841 | ... AL111: =AK111*(1+$C$6) -> 86385.577
B112: 26 | C112: ='RIA framework'!E13 -> 40900 | D112: =C112*(1+$C$6) -> 42127 | E112: =D112*(1+$C$6) -> 43390.81 | F112: =E112*(1+$C$6) -> 44692.534 | G112: =F112*(1+$C$6) -> 46033.31 | H112: =G112*(1+$C$6) -> 47414.31 | I112: =H112*(1+$C$6) -> 48836.739 | J112: =I112*(1+$C$6) -> 50301.841 | K112: =J112*(1+$C$6) -> 51810.896 | ... AL112: =AK112*(1+$C$6) -> 115086.97
B113: 27 | C113: ='RIA framework'!E14 -> 51200 | D113: =C113*(1+$C$6) -> 52736 | E113: =D113*(1+$C$6) -> 54318.08 | F113: =E113*(1+$C$6) -> 55947.622 | G113: =F113*(1+$C$6) -> 57626.051 | H113: =G113*(1+$C$6) -> 59354.833 | I113: =H113*(1+$C$6) -> 61135.478 | J113: =I113*(1+$C$6) -> 62969.542 | K113: =J113*(1+$C$6) -> 64858.628 | ... AL113: =AK113*(1+$C$6) -> 144069.76
B114: 28 | C114: ='RIA framework'!E15 -> 62800 | D114: =C114*(1+$C$6) -> 64684 | E114: =D114*(1+$C$6) -> 66624.52 | F114: =E114*(1+$C$6) -> 68623.256 | G114: =F114*(1+$C$6) -> 70681.953 | H114: =G114*(1+$C$6) -> 72802.412 | I114: =H114*(1+$C$6) -> 74986.484 | J114: =I114*(1+$C$6) -> 77236.079 | K114: =J114*(1+$C$6) -> 79553.161 | ... AL114: =AK114*(1+$C$6) -> 176710.56
B115: 29 | C115: ='RIA framework'!E16 -> 72800 | D115: =C115*(1+$C$6) -> 74984 | E115: =D115*(1+$C$6) -> 77233.52 | F115: =E115*(1+$C$6) -> 79550.526 | G115: =F115*(1+$C$6) -> 81937.041 | H115: =G115*(1+$C$6) -> 84395.153 | I115: =H115*(1+$C$6) -> 86927.007 | J115: =I115*(1+$C$6) -> 89534.817 | K115: =J115*(1+$C$6) -> 92220.862 | ... AL115: =AK115*(1+$C$6) -> 204849.19
... B146: 60 | C146: ='RIA framework'!E47 -> 1300000 | D146: =C146*(1+$C$6) -> 1339000 | E146: =D146*(1+$C$6) -> 1379170 | F146: =E146*(1+$C$6) -> 1420545.1 | G146: =F146*(1+$C$6) -> 1463161.5 | H146: =G146*(1+$C$6) -> 1507056.3 | I146: =H146*(1+$C$6) -> 1552268 | J146: =I146*(1+$C$6) -> 1598836 | K146: =J146*(1+$C$6) -> 1646801.1 | ... AL146: =AK146*(1+$C$6) -> 3658021.2

Sheet >> DATA PREP
C3: DATA PREP
C4: Click here to return to Table of Contents

Sheet EPF Cohorts
A1: TheWealthMeta EPF Savings Target Projections
A2: Integration of EPF and DOSM data into common cohort categories
B4: Cohort Names | C4: Age range (EPF) | D4: Age range (DOSM) | E4: EPF Members (#) | F4: EPF Savings (Total) | G4: EPF Savings (Per Member) | H4: Median Salary (RM, monthly)
B5: =B6-5 -> 22 | C5: ='EPF Demographics'!B6 -> 16-25 | D5: ='DOSM Wages Report'!B8 -> 20-24 | E5: =_xlfn.XLOOKUP(C5,'EPF Demographics'!$B$5:$B$17,'EPF Demographics'!$E$5:$E$17,,0,) -> 1726917 | F5: =_xlfn.XLOOKUP(C5,'EPF Demographics'!$B$5:$B$17,'EPF Demographics'!$H$5:$H$17,,0,) -> 16447278321 | G5: =F5/E5 -> 9524.07 | H5: =_xlfn.XLOOKUP(D5,'DOSM Wages Report'!$B$7:$B$17,'DOSM Wages Report'!$C$7:$C$17,,0,) -> 1900
B6: =B7-5 -> 27 | C6: ='EPF Demographics'!B7 -> 26-30 | D6: ='DOSM Wages Report'!B9 -> 25-29 | E6: =_xlfn.XLOOKUP(C6,'EPF Demographics'!$B$5:$B$17,'EPF Demographics'!$E$5:$E$17,,0,) -> 1620115 | F6: =_xlfn.XLOOKUP(C6,'EPF Demographics'!$B$5:$B$17,'EPF Demographics'!$H$5:$H$17,,0,) -> 45611114767 | G6: =F6/E6 -> 28153.011 | H6: =_xlfn.XLOOKUP(D6,'DOSM Wages Report'!$B$7:$B$17,'DOSM Wages Report'!$C$7:$C$17,,0,) -> 2564
B7: =B8-5 -> 32 | C7: ='EPF Demographics'!B8 -> 31-35 | D7: ='DOSM Wages Report'!B10 -> 30-34 | E7: =_xlfn.XLOOKUP(C7,'EPF Demographics'!$B$5:$B$17,'EPF Demographics'!$E$5:$E$17,,0,) -> 1310555 | F7: =_xlfn.XLOOKUP(C7,'EPF Demographics'!$B$5:$B$17,'EPF Demographics'!$H$5:$H$17,,0,) -> 80224050744 | G7: =F7/E7 -> 61213.799 | H7: =_xlfn.XLOOKUP(D7,'DOSM Wages Report'!$B$7:$B$17,'DOSM Wages Report'!$C$7:$C$17,,0,) -> 3045
B8: =B9-5 -> 37 | C8: ='EPF Demographics'!B9 -> 36-40 | D8: ='DOSM Wages Report'!B11 -> 35-39 | E8: =_xlfn.XLOOKUP(C8,'EPF Demographics'!$B$5:$B$17,'EPF Demographics'!$E$5:$E$17,,0,) -> 1103616 | F8: =_xlfn.XLOOKUP(C8,'EPF Demographics'!$B$5:$B$17,'EPF Demographics'!$H$5:$H$17,,0,) -> 124692926950 | G8: =F8/E8 -> 112985.79 | H8: =_xlfn.XLOOKUP(D8,'DOSM Wages Report'!$B$7:$B$17,'DOSM Wages Report'!$C$7:$C$17,,0,) -> 3500
B9: =B10-5 -> 42 | C9: ='EPF Demographics'!B10 -> 41-45 | D9: ='DOSM Wages Report'!B12 -> 40-44 | E9: =_xlfn.XLOOKUP(C9,'EPF Demographics'!$B$5:$B$17,'EPF Demographics'!$E$5:$E$17,,0,) -> 885250 | F9: =_xlfn.XLOOKUP(C9,'EPF Demographics'!$B$5:$B$17,'EPF Demographics'!$H$5:$H$17,,0,) -> 154194132599 | G9: =F9/E9 -> 174181.45 | H9: =_xlfn.XLOOKUP(D9,'DOSM Wages Report'!$B$7:$B$17,'DOSM Wages Report'!$C$7:$C$17,,0,) -> 3700
B10: =B11-5 -> 47 | C10: ='EPF Demographics'!B11 -> 46-50 | D10: ='DOSM Wages Report'!B13 -> 45-49 | E10: =_xlfn.XLOOKUP(C10,'EPF Demographics'!$B$5:$B$17,'EPF Demographics'!$E$5:$E$17,,0,) -> 745783 | F10: =_xlfn.XLOOKUP(C10,'EPF Demographics'!$B$5:$B$17,'EPF Demographics'!$H$5:$H$17,,0,) -> 179367762081 | G10: =F10/E10 -> 240509.32 | H10: =_xlfn.XLOOKUP(D10,'DOSM Wages Report'!$B$7:$B$17,'DOSM Wages Report'!$C$7:$C$17,,0,) -> 3800
B11: 52 | C11: ='EPF Demographics'!B12 -> 51-55 | D11: ='DOSM Wages Report'!B14 -> 50-54 | E11: =_xlfn.XLOOKUP(C11,'EPF Demographics'!$B$5:$B$17,'EPF Demographics'!$E$5:$E$17,,0,) -> 606168 | F11: =_xlfn.XLOOKUP(C11,'EPF Demographics'!$B$5:$B$17,'EPF Demographics'!$H$5:$H$17,,0,) -> 168119361692 | G11: =F11/E11 -> 277347.8 | H11: =_xlfn.XLOOKUP(D11,'DOSM Wages Report'!$B$7:$B$17,'DOSM Wages Report'!$C$7:$C$17,,0,) -> 3645
B12: 57 | C12: 56-60 | D12: 55-59 | E12: =_xlfn.XLOOKUP(C12,'EPF Demographics'!$B$5:$B$17,'EPF Demographics'!$E$5:$E$17,,0,) -> 421762 | F12: =_xlfn.XLOOKUP(C12,'EPF Demographics'!$B$5:$B$17,'EPF Demographics'!$H$5:$H$17,,0,) -> 100288701879 | G12: =F12/E12 -> 237785.06 | H12: =_xlfn.XLOOKUP(D12,'DOSM Wages Report'!$B$7:$B$17,'DOSM Wages Report'!$C$7:$C$17,,0,) -> 3400
E13: =SUM(E5:E11) -> 7998404 | F13: =SUM(F5:F11) -> 768656627154

Sheet >> RAW DATA
C3: RAW DATA
C4: Click here to return to Table of Contents

Sheet RIA framework
A1: TheWealthMeta EPF Savings Target Projections
A2: RIA Savings Targets (Source: https://www.kwsp.gov.my/en/w/epf-releases-belanjawanku-2024/2025-and-retirement-income-adequacy-framework)
B4: Age | C4: Basic Savings Target (RM) | D4: Adequate Savings Target (RM) | E4: Enhanced Savings Target (RM)
B5: 18 | C5: 1400 | D5: 1500 | E5: 2500
B6: 19 | C6: 1700 | D6: 1800 | E6: 3100
B7: 20 | C7: 2200 | D7: 2300 | E7: 3900
B8: 21 | C8: 2800 | D8: 3000 | E8: 5000
B9: 22 | C9: 5800 | D9: 6400 | E9: 10800
B10: 23 | C10: 9200 | D10: 10100 | E10: 16700
B11: 24 | C11: 12300 | D11: 14100 | E11: 24300
B12: 25 | C12: 15900 | D12: 19000 | E12: 30700
B13: 26 | C13: 19800 | D13: 23400 | E13: 40900
B14: 27 | C14: 23800 | D14: 28600 | E14: 51200
B15: 28 | C15: 28300 | D15: 34500 | E15: 62800
B16: 29 | C16: 33000 | D16: 40700 | E16: 72800
... B47: 60 | C47: 390000 | D47: 650000 | E47: 1300000

Sheet EPF Rates
A1: TheWealthMeta EPF Savings Target Projections
A2: EPF contribution rates (Source: https://www.kwsp.gov.my/documents/d/guest/6-kwsp24_e-performance)
B4: Contribution Allocations | C4: <2024 | D4: 2024+
B5: Account 1 | C5: 0.7 | D5: 0.75
B6: Account 2 | C6: 0.3 | D6: 0.15
B7: Account 3 | D7: 0.1
B9: Years | C9: =D9-1 -> 1 | D9: =E9-1 -> 2 | E9: =F9-1 -> 3 | F9: =G9-1 -> 4 | G9: =H9-1 -> 5 | H9: =I9-1 -> 6 | I9: =J9-1 -> 7 | J9: =K9-1 -> 8 | ... AJ9: =AK9-1 -> 34 | AK9: =COUNTA(10:10)-1 -> 35
B10: Contribution rates (Salary <RM5k pm) | C10: =D10-1 -> 1990 | D10: =E10-1 -> 1991 | E10: =F10-1 -> 1992 | F10: =G10-1 -> 1993 | G10: =H10-1 -> 1994 | H10: =I10-1 -> 1995 | I10: =J10-1 -> 1996 | J10: =K10-1 -> 1997 | ... AJ10: =AK10-1 -> 2023 | AK10: 2024
B11: Employee contribution rate | C11: 0.09 | D11: 0.09 | E11: 0.09 | F11: 0.1 | G11: 0.1 | H11: 0.1 | I11: 0.11 | J11: 0.11 | K11: 0.11 | L11: 0.11 | M11: 0.11 | N11: =(9%*9/12)+(M11*3/12) -> 0.095 | O11: =(9%*3/12)+(M11*9/12) -> 0.105 | P11: =(M11*5/12)+(9%*7/12) -> 0.098333333 | Q11: =(M11*7/12)+(9%*5/12) -> 0.10166667 | R11: 0.11 | S11: 0.11 | T11: 0.11 | U11: 0.11 | V11: 0.08 | W11: 0.08 | X11: 0.11 | Y11: 0.11 | Z11: 0.11 | AA11: 0.11 | AB11: 0.11 | AC11: =(AB11*2/12)+(AD11*10/12) -> 0.085 | AD11: 0.08 | AE11: 0.11 | AF11: 0.11 | AG11: =(AF11*0.25)+(AH11*0.75) -> 0.095 | AH11: 0.09 | AI11: =(AJ11/2)+(AH11/2) -> 0.1 | AJ11: 0.11 | AK11: 0.11
B12: Employer contribution rate | C12: 0.11 | D12: 0.11 | E12: 0.11 | F12: 0.12 | G12: 0.12 | H12: 0.12 | I12: 0.12 | J12: 0.12 | K12: 0.12 | L12: 0.12 | M12: 0.12 | N12: 0.12 | O12: 0.12 | P12: 0.12 | Q12: 0.12 | R12: 0.12 | S12: 0.12 | T12: 0.12 | U12: 0.12 | V12: 0.12 | W12: 0.12 | X12: 0.12 | Y12: 0.13 | Z12: 0.13 | AA12: 0.13 | AB12: 0.13 | AC12: 0.13 | AD12: 0.13 | AE12: 0.13 | AF12: 0.13 | AG12: 0.13 | AH12: 0.13 | AI12: 0.13 | AJ12: 0.13 | AK12: 0.13
B13: Total contribution rate | C13: =SUM(C11:C12) -> 0.2 | D13: =SUM(D11:D12) -> 0.2 | E13: =SUM(E11:E12) -> 0.2 | F13: =SUM(F11:F12) -> 0.22 | G13: =SUM(G11:G12) -> 0.22 | H13: =SUM(H11:H12) -> 0.22 | I13: =SUM(I11:I12) -> 0.23 | J13: =SUM(J11:J12) -> 0.23 | ... AK13: =SUM(AK11:AK12) -> 0.24
B15: Contribution rates (Salary >RM5k pm)
B16: Employee contribution rate | C16: 0.09 | D16: 0.09 | E16: 0.09 | F16: 0.1 | G16: 0.1 | H16: 0.1 | I16: 0.11 | J16: 0.11 | K16: 0.11 | L16: 0.11 | M16: 0.11 | N16: =(9%*9/12)+(M16*3/12) -> 0.095 | O16: =(9%*3/12)+(M16*9/12) -> 0.105 | P16: =(M16*5/12)+(9%*7/12) -> 0.098333333 | Q16: =(M16*7/12)+(9%*5/12) -> 0.10166667 | R16: 0.11 | S16: 0.11 | T16: 0.11 | U16: 0.11 | V16: 0.08 | W16: 0.08 | X16: 0.11 | Y16: 0.11 | Z16: 0.11 | AA16: 0.11 | AB16: 0.11 | AC16: =(AB16*2/12)+(AD16*10/12) -> 0.085 | AD16: 0.08 | AE16: 0.11 | AF16: 0.11 | AG16: =(AF16*0.25)+(AH16*0.75) -> 0.095 | AH16: 0.09 | AI16: =(AJ16/2)+(AH16/2) -> 0.1 | AJ16: 0.11 | AK16: 0.11
B17: Employer contribution rate | C17: 0.11 | D17: 0.11 | E17: 0.11 | F17: 0.12 | G17: 0.12 | H17: 0.12 | I17: 0.12 | J17: 0.12 | K17: 0.12 | L17: 0.12 | M17: 0.12 | N17: 0.12 | O17: 0.12 | P17: 0.12 | Q17: 0.12 | R17: 0.12 | S17: 0.12 | T17: 0.12 | U17: 0.12 | V17: 0.12 | W17: 0.12 | X17: 0.12 | Y17: 0.12 | Z17: 0.12 | AA17: 0.12 | AB17: 0.12 | AC17: 0.12 | AD17: 0.12 | AE17: 0.12 | AF17: 0.12 | AG17: 0.12 | AH17: 0.12 | AI17: 0.12 | AJ17: 0.12 | AK17: 0.12
B18: Total contribution rate | C18: =SUM(C16:C17) -> 0.2 | D18: =SUM(D16:D17) -> 0.2 | E18: =SUM(E16:E17) -> 0.2 | F18: =SUM(F16:F17) -> 0.22 | G18: =SUM(G16:G17) -> 0.22 | H18: =SUM(H16:H17) -> 0.22 | I18: =SUM(I16:I17) -> 0.23 | J18: =SUM(J16:J17) -> 0.23 | ... AK18: =SUM(AK16:AK17) -> 0.23
B20: Dividend rates
C21: 0.08 | D21: 0.08 | E21: 0.08 | F21: 0.08 | G21: 0.08 | H21: 0.075 | I21: 0.077 | J21: 0.067 | K21: 0.067 | L21: 0.0684 | M21: 0.06 | N21: 0.05 | O21: 0.0425 | P21: 0.045 | Q21: 0.0475 | R21: 0.05 | S21: 0.0515 | T21: 0.058 | U21: 0.045 | V21: 0.0565 | W21: 0.058 | X21: 0.06 | Y21: 0.0615 | Z21: 0.0635 | AA21: 0.0675 | AB21: 0.064 | AC21: 0.057 | AD21: 0.069 | AE21: 0.0615 | AF21: 0.0545 | AG21: 0.052 | AH21: 0.061 | AI21: 0.0535 | AJ21: 0.055 | AK21: 0.063

Sheet EPF Demographics
A1: TheWealthMeta EPF Savings Target Projections
A2: Active member's profile by age group and gender (Source: https://www.kwsp.gov.my/documents/d/guest/6-kwsp24_e-performance)
B4: Age Group (Year) | C4: Number of Male | D4: Number of Female | E4: Total Member | F4: Total Member (%) | G4: Total Cumulative Member (%) | H4: Total Savings (RM) | I4: Total Savings (%) | J4: Total Cum Savings (%)
B5: <16 | C5: 2176 | D5: 1963 | E5: 4139 | F5: 0.05 | G5: 0.05 | H5: 13170591 | I5: 0 | J5: 0
B6: 16-25 | C6: 923767 | D6: 803150 | E6: 1726917 | F6: 19.66 | G6: 19.71 | H6: 16447278321 | I6: 1.71 | J6: 1.71
B7: 26-30 | C7: 842190 | D7: 777925 | E7: 1620115 | F7: 18.45 | G7: 38.15 | H7: 45611114767 | I7: 4.74 | J7: 6.45
B8: 31-35 | C8: 711237 | D8: 599318 | E8: 1310555 | F8: 14.92 | G8: 53.08 | H8: 80224050744 | I8: 8.34 | J8: 14.78
B9: 36-40 | C9: 606050 | D9: 497566 | E9: 1103616 | F9: 12.57 | G9: 65.64 | H9: 124692926950 | I9: 12.96 | J9: 27.74
B10: 41-45 | C10: 481927 | D10: 403323 | E10: 885250 | F10: 10.08 | G10: 75.72 | H10: 154194132599 | I10: 16.02 | J10: 43.76
B11: 46-50 | C11: 399461 | D11: 346322 | E11: 745783 | F11: 8.49 | G11: 84.21 | H11: 179367762081 | I11: 18.64 | J11: 62.4
B12: 51-55 | C12: 327640 | D12: 278528 | E12: 606168 | F12: 6.9 | G12: 91.11 | H12: 168119361692 | I12: 17.47 | J12: 79.87
B13: 56-60 | C13: 237234 | D13: 184528 | E13: 421762 | F13: 4.8 | G13: 95.91 | H13: 100288701879 | I13: 10.42 | J13: 90.29
B14: 61-65 | C14: 120526 | D14: 90487 | E14: 211013 | F14: 2.4 | G14: 98.32 | H14: 52114329589 | I14: 5.41 | J14: 95.7
B15: 66-70 | C15: 61795 | D15: 42995 | E15: 104790 | F15: 1.19 | G15: 99.51 | H15: 28005797082 | I15: 2.91 | J15: 98.61
B16: 71-75 | C16: 25415 | D16: 16100 | E16: 41515 | F16: 0.47 | G16: 99.98 | H16: 12562343449 | I16: 1.31 | J16: 99.92
B17: >75 | C17: 1084 | D17: 423 | E17: 1507 | F17: 0.02 | G17: 100 | H17: 796812492 | I17: 0.08 | J17: 100
B18: Grand Total | C18: 4740502 | D18: 4042628 | E18: 8783130 | F18: 100 | H18: 962437782238 | I18: 100

Sheet DOSM Wages Report
A1: TheWealthMeta EPF Savings Target Projections
A2: Median monthly wages (Source: https://www.dosm.gov.my/uploads/release-content/file_20260127120125.pdf)
B4: MEDIAN MONTHLY WAGES
B6: Age | C6: 45901
B7: <20 | C7: 1700
B8: 20-24 | C8: 1900
B9: 25-29 | C9: 2564
B10: 30-34 | C10: 3045
B11: 35-39 | C11: 3500
B12: 40-44 | C12: 3700
B13: 45-49 | C13: 3800
B14: 50-54 | C14: 3645
B15: 55-59 | C15: 3400
B16: 60-64 | C16: 3000
B17: >64 | C17: 2900
